Workbook
Name _AnzahlBeschlagssatz: Daten!$Y$2
Name _AnzahlEndkappen: Daten!$T$40
Name _AnzahlHaken: Daten!$F$45
Name _AnzahlModulträger: Daten!$R$64
Name _AnzahlSIHaken: Daten!$F$68
Name _AnzahlUnterlegblech: Daten!$R$61
Name _AnzahlWindsafe: Daten!$BI$151
Name _AnzahlZuschnittKreuzschiene: Daten!$AE$163
Name _Auskragung_m: Daten!$R$62
Name _BallastierungAuswahl: Daten!$R$76
Name _BefestigungAuswahl: Daten!$N$1
Name _BF0: Daten!$Y$39
Name _BF1: Daten!$Y$40
Name _BF2: Daten!$Y$41
Name _BF3: Daten!$Y$42
Name _canUseSlatePlan: Daten!$H$130
Name _CompactVarioStuetze: Daten!$Y$28
Name _DHTypAuswahl: Daten!$S$164
Name _DiagonalAuswahl: Daten!$AB$84
Name _DiagonalVersteifung: Daten!$AB$90
Name _DuebelschelleName: Daten!$G$165
Name _FlachdachChecked: Daten!$AE$16
Name _GrosseStuetzenErlaubt: Daten!$J$39
Name _HakenGewaehlt: Daten!$F$44
Name _HakenRapid: Daten!$F$65
Name _HolzschraubeGewaehlt: Daten!$H$94
Name _Iso07Checked: Daten!$R$36
Name _IsoTopDicke: Daten!$AN$13:$AN$16
Name _IsoTopDurchmesser: Daten!$AM$2:$AM$5
Name _IsoTopErlaubt: Daten!$AO$10
Name _IsoTopFundament: Daten!$AJ$10
Name _IsotopIndex: Daten!$AJ$4
Name _IsoTopLaengeOben: Daten!$AN$5
Name _IsoTopLaengeUnten: Daten!$AO$5
Name _IsoTopMitLasche: Daten!$AJ$6
Name _IsoTopOhneLasche: Daten!$AJ$7
Name _IsoTopTrennplatte: Daten!$AJ$9
Name _IsoTopUnterteil: Daten!$AJ$8
Name _IsoTopWahlOben: Daten!$AN$2
Name _IsoTopWahlUnten: Daten!$AO$2
Name _KabelclipChecked: Daten!$R$37
Name _KlemmeIO: Daten!$R$12
Name _KlemmenDicke: Daten!$AX$93
Name _KlemmenDickeRapid: Daten!$AX$94
Name _Klicktop_Rapid: Daten!$B$48
Name _KlipOk: Daten!$B$34
Name _LinearCalc: Daten!$T$26
Name _LinearChecked: Daten!$R$26
Name _ListeRunden: INDIRECT([0]!_RundenAuswahlbereich)
Name _ListeRunden: INDIRECT('Bill of materials'!_RundenAuswahlbereich)
Name _ListeRunden: INDIRECT(_RundenAuswahlbereich)
Name _ListeRunden: INDIRECT(_RundenAuswahlbereich)
Name _MehrreihigChecked: Daten!$N$85
Name _RundenAuswahlbereich: #REF!
Name _RundenAuswahlbereich: Daten!$Q$147
Name _SchraubeIso07: Daten!$F$94
Name _SchwarzErlaubt: Daten!$AE$13
Name _ShownDiscount: Daten!$C$27
Name _SicherheitshakenChecked: Daten!$R$25
Name _SlatePlan: Daten!$L$1

Sheet Basis_Preisliste
F1: 0.05
B2: Basis-Preisliste
B3: Gültig ab 01.07.2025 (Änderungen vorbehalten)
F5: Bestelleinheit
F6: Stück | G6: VPE | J6: Großabnahme
B7: Artikelnummer | C7: Artikelbezeichnung | D7: PH2 Stufe | E7: UVP pro Stück (in €) | F7: pro Stück (in €) | G7: pro Stück (in €) | H7: Stück pro VPE | I7: Kontrolle Liefereinheit | J7: Ab # Paletten | K7: pro Stück (in €) | L7: Stück pro Palette | M7: Status
B8: 100001-000 | C8: Dachhaken Universal | D8: Roof hooks | E8: =G8+(G8*0.05) -> 18.2175 | G8: 17.35 | H8: =_xlfn.XLOOKUP(B8,MLGN!A:A,MLGN!K:K) -> 20 | I8: =VLOOKUP(B8,'Query Daten'!A:R,15,0) -> 20 | J8: 2 | K8: 10.03 | L8: 480 | M8: in | N8: =H8-I8 -> 0
B9: 100004-000 | C9: Dachhaken Eco S 135 | D9: Roof hooks | E9: =G9+(G9*0.05) -> 12.348 | G9: 11.76 | H9: =_xlfn.XLOOKUP(B9,MLGN!A:A,MLGN!K:K) -> 20 | I9: =VLOOKUP(B9,'Query Daten'!A:R,15,0) -> 20 | J9: 2 | K9: 6.8 | L9: 480 | M9: in | N9: =H9-I9 -> 0
B10: 100020-100 | C10: Dachhaken EcoA 45 Max | D10: Roof hooks | E10: =G10+(G10*0.05) -> 7.9485 | G10: 7.57 | H10: =_xlfn.XLOOKUP(B10,MLGN!A:A,MLGN!K:K) -> 20 | I10: =VLOOKUP(B10,'Query Daten'!A:R,15,0) -> 20 | J10: 1 | K10: 4.37 | L10: 1280 | M10: in | N10: =H10-I10 -> 0
B11: 101001-020 | C11: Dachhaken Rapid2+Pro 45 | D11: Roof hooks | E11: =G11+(G11*0.05) -> 16.9365 | G11: 16.13 | H11: =_xlfn.XLOOKUP(B11,MLGN!A:A,MLGN!K:K) -> 20 | I11: =VLOOKUP(B11,'Query Daten'!A:R,15,0) -> 20 | J11: 10 | K11: 9.23 | L11: 480 | M11: in | N11: =H11-I11 -> 0
B12: 101001-022 | C12: Dachhaken Rapid2+Pro 45 HSL | D12: Roof hooks | E12: =G12+(G12*0.05) -> 15.3825 | G12: 14.65 | H12: =_xlfn.XLOOKUP(B12,MLGN!A:A,MLGN!K:K) -> 20 | I12: =VLOOKUP(B12,'Query Daten'!A:R,15,0) -> 20 | J12: 2 | K12: 8.46 | L12: 480 | M12: in | N12: =H12-I12 -> 0
B13: 101002-020 | C13: Dachhaken Rapid2+Pro 35 | D13: Roof hooks | E13: =G13+(G13*0.05) -> 16.5165 | G13: 15.73 | H13: =_xlfn.XLOOKUP(B13,MLGN!A:A,MLGN!K:K) -> 20 | I13: =VLOOKUP(B13,'Query Daten'!A:R,15,0) -> 20 | J13: 2 | K13: 9.09 | L13: 480 | M13: in | N13: =H13-I13 -> 0
B14: 101004-020 | C14: Dachhaken Rapid2+Pro Universal | D14: Roof hooks | E14: =G14+(G14*0.05) -> 26.7855 | G14: 25.51 | H14: =_xlfn.XLOOKUP(B14,MLGN!A:A,MLGN!K:K) -> 10 | I14: =VLOOKUP(B14,'Query Daten'!A:R,15,0) -> 10 | J14: 4 | K14: 14.74 | L14: 240 | M14: in | N14: =H14-I14 -> 0
B15: 101005-020 | C15: Dachhaken Rapid2+Pro Max | D15: Roof hooks | E15: =G15+(G15*0.05) -> 25.8615 | G15: 24.63 | H15: =_xlfn.XLOOKUP(B15,MLGN!A:A,MLGN!K:K) -> 10 | I15: =VLOOKUP(B15,'Query Daten'!A:R,15,0) -> 10 | J15: 4 | K15: 14.23 | L15: 240 | M15: in | N15: =H15-I15 -> 0
B16: 101005-021 | C16: Dachhaken Rapid2+Pro Max 150 | D16: Roof hooks | E16: =G16+(G16*0.05) -> 26.187 | G16: 24.94 | H16: =_xlfn.XLOOKUP(B16,MLGN!A:A,MLGN!K:K) -> 10 | I16: =VLOOKUP(B16,'Query Daten'!A:R,15,0) -> 10 | M16: in | N16: =H16-I16 -> 0
B17: 101005-024 | C17: Dachhaken Rapid2+Pro Max HSL | D17: Roof hooks | E17: =G17+(G17*0.05) -> 22.764 | G17: 21.68 | H17: =_xlfn.XLOOKUP(B17,MLGN!A:A,MLGN!K:K) -> 10 | I17: =VLOOKUP(B17,'Query Daten'!A:R,15,0) -> 10 | J17: 4 | K17: 11.87 | L17: 240 | M17: in | N17: =H17-I17 -> 0
B18: 101006-020 | C18: Dachhaken Rapid2+Pro MaxV | D18: Roof hooks | E18: =G18+(G18*0.05) -> 26.46 | G18: 25.2 | H18: =_xlfn.XLOOKUP(B18,MLGN!A:A,MLGN!K:K) -> 10 | I18: =VLOOKUP(B18,'Query Daten'!A:R,15,0) -> 10 | M18: in | N18: =H18-I18 -> 0
B19: 101020-120 | C19: Dachhaken RapidA 45 Pro Max | D19: Roof hooks | E19: =G19+(G19*0.05) -> 11.8755 | G19: 11.31 | H19: =_xlfn.XLOOKUP(B19,MLGN!A:A,MLGN!K:K) -> 30 | I19: =VLOOKUP(B19,'Query Daten'!A:R,15,0) -> 30 | J19: 1 | K19: 6.54 | L19: 960 | M19: in | N19: =H19-I19 -> 0
B20: 101020-220 | C20: Dachhaken RapidA 35 Pro Max | D20: Roof hooks | E20: =G20+(G20*0.05) -> 11.697 | G20: 11.14 | H20: =_xlfn.XLOOKUP(B20,MLGN!A:A,MLGN!K:K) -> 30 | I20: =VLOOKUP(B20,'Query Daten'!A:R,15,0) -> 30 | J20: 1 | K20: 6.44 | L20: 960 | M20: in | N20: =H20-I20 -> 0
B21: 101024-120 | C21: Dachhaken RapidA 45 Pro Universal Max | D21: Roof hooks | E21: =G21+(G21*0.05) -> 20.2545 | G21: 19.29 | H21: =_xlfn.XLOOKUP(B21,MLGN!A:A,MLGN!K:K) -> 20 | I21: =VLOOKUP(B21,'Query Daten'!A:R,15,0) -> 20 | M21: in | N21: =H21-I21 -> 0
B22: 101028-020 | C22: Dachhaken RapidA Pro 2L | D22: Roof hooks | E22: =G22+(G22*0.05) -> 10.3845 | G22: 9.89 | H22: =_xlfn.XLOOKUP(B22,MLGN!A:A,MLGN!K:K) -> 30 | I22: =VLOOKUP(B22,'Query Daten'!A:R,15,0) -> 30 | J22: 4 | K22: 5.41 | L22: 720 | M22: in | N22: =H22-I22 -> 0
B23: 103005-002 | C23: Alu-Tile BEZ f. Erlus Falzziegel | D23: Roof hooks | E23: =G23+(G23*0.05) -> 27.762 | G23: 26.44 | H23: =_xlfn.XLOOKUP(B23,MLGN!A:A,MLGN!K:K) -> 10 | I23: =VLOOKUP(B23,'Query Daten'!A:R,15,0) -> 10 | M23: in | N23: =H23-I23 -> 0
B24: 103005-003 | C24: Alu-Tile BEZ f. Braas Frankfurter Pfanne | D24: Roof hooks | E24: =G24+(G24*0.05) -> 27.741 | G24: 26.42 | H24: =_xlfn.XLOOKUP(B24,MLGN!A:A,MLGN!K:K) -> 10 | I24: =VLOOKUP(B24,'Query Daten'!A:R,15,0) -> 10 | J24: 4 | K24: 15.27 | L24: 250 | M24: in | N24: =H24-I24 -> 0
B25: 103005-004 | C25: Alu-Tile BEZ f. Meindl Rustico | D25: Roof hooks | E25: =G25+(G25*0.05) -> 26.502 | G25: 25.24 | H25: =_xlfn.XLOOKUP(B25,MLGN!A:A,MLGN!K:K) -> 10 | I25: =VLOOKUP(B25,'Query Daten'!A:R,15,0) -> 10 | M25: in | N25: =H25-I25 -> 0
B26: 103005-006 | C26: Alu-Tile BEZ f. Eternit Heidelberger | D26: Roof hooks | E26: =G26+(G26*0.05) -> 31.29 | G26: 29.8 | H26: =_xlfn.XLOOKUP(B26,MLGN!A:A,MLGN!K:K) -> 10 | I26: =VLOOKUP(B26,'Query Daten'!A:R,15,0) -> 10 | M26: in | N26: =H26-I26 -> 0
B27: 103005-007 | C27: Alu-Tile BEZ f. Erlus Großfalzziegel | D27: Roof hooks | E27: =G27+(G27*0.05) -> 26.7435 | G27: 25.47 | H27: =_xlfn.XLOOKUP(B27,MLGN!A:A,MLGN!K:K) -> 10 | I27: =VLOOKUP(B27,'Query Daten'!A:R,15,0) -> 10 | M27: in | N27: =H27-I27 -> 0
B28: 103005-010 | C28: Alu-Tile BEZ f. Erlus Großfalzziegel XXL | D28: Roof hooks | E28: =G28+(G28*0.05) -> 31.7625 | G28: 30.25 | H28: =_xlfn.XLOOKUP(B28,MLGN!A:A,MLGN!K:K) -> 10 | I28: =VLOOKUP(B28,'Query Daten'!A:R,15,0) -> 10 | M28: in | N28: =H28-I28 -> 0
B29: 103005-011 | C29: Alu-Tile BEZ f. Braas Taunuspfanne | D29: Roof hooks | E29: =G29+(G29*0.05) -> 30.3135 | G29: 28.87 | H29: =_xlfn.XLOOKUP(B29,MLGN!A:A,MLGN!K:K) -> 10 | I29: =VLOOKUP(B29,'Query Daten'!A:R,15,0) -> 10 | M29: in | N29: =H29-I29 -> 0
B30: 103005-015 | C30: Alu-Tile BEZ f. Erlus E58 | D30: Roof hooks | E30: =G30+(G30*0.05) -> 32.6445 | G30: 31.09 | H30: =_xlfn.XLOOKUP(B30,MLGN!A:A,MLGN!K:K) -> 10 | I30: =VLOOKUP(B30,'Query Daten'!A:R,15,0) -> 10 | M30: in | N30: =H30-I30 -> 0
B31: 103005-022 | C31: Alu-Tile BEZ f. Braas Harzer Pfanne | D31: Roof hooks | E31: =G31+(G31*0.05) -> 28.455 | G31: 27.1 | H31: =_xlfn.XLOOKUP(B31,MLGN!A:A,MLGN!K:K) -> 10 | I31: =VLOOKUP(B31,'Query Daten'!A:R,15,0) -> 10 | M31: in | N31: =H31-I31 -> 0
B32: 103005-024 | C32: Alu-Tile BEZ f. Erlus Forma | D32: Roof hooks | E32: =G32+(G32*0.05) -> 30.03 | G32: 28.6 | H32: =_xlfn.XLOOKUP(B32,MLGN!A:A,MLGN!K:K) -> 10 | I32: =VLOOKUP(B32,'Query Daten'!A:R,15,0) -> 10 | M32: in | N32: =H32-I32 -> 0
B33: 103005-025 | C33: Alu-Tile BEZ f. Braas Tegalit | D33: Roof hooks | E33: =G33+(G33*0.05) -> 30.303 | G33: 28.86 | H33: =_xlfn.XLOOKUP(B33,MLGN!A:A,MLGN!K:K) -> 10 | I33: =VLOOKUP(B33,'Query Daten'!A:R,15,0) -> 10 | M33: in | N33: =H33-I33 -> 0
B34: 103005-049 | C34: Alu-Tile BEZ f. Erlus Linea | D34: Roof hooks | E34: =G34+(G34*0.05) -> 28.791 | G34: 27.42 | H34: =_xlfn.XLOOKUP(B34,MLGN!A:A,MLGN!K:K) -> 10 | I34: =VLOOKUP(B34,'Query Daten'!A:R,15,0) -> 10 | M34: in | N34: =H34-I34 -> 0
B35: 103005-057 | C35: Alu-Tile BEZ f. Erlus Reformpfanne XXL | D35: Roof hooks | E35: =G35+(G35*0.05) -> 29.337 | G35: 27.94 | H35: =_xlfn.XLOOKUP(B35,MLGN!A:A,MLGN!K:K) -> 10 | I35: =VLOOKUP(B35,'Query Daten'!A:R,15,0) -> 10 | M35: in | N35: =H35-I35 -> 0
B36: 103005-067 | C36: Alu-Tile BEZ f. Braas TOPAS 13V | D36: Roof hooks | E36: =G36+(G36*0.05) -> 30.1665 | G36: 28.73 | H36: =_xlfn.XLOOKUP(B36,MLGN!A:A,MLGN!K:K) -> 10 | I36: =VLOOKUP(B36,'Query Daten'!A:R,15,0) -> 10 | M36: in | N36: =H36-I36 -> 0
... B38: 103005-184 | C38: Alu-Tile BEZ f. Meindl MZ3 | D38: Roof hooks | E38: =G38+(G38*0.05) -> 31.878 | G38: 30.36 | H38: =_xlfn.XLOOKUP(B38,MLGN!A:A,MLGN!K:K) -> 10 | I38: =VLOOKUP(B38,'Query Daten'!A:R,15,0) -> 10 | M38: in | N38: =H38-I38 -> 0
B39: 103006-020 | C39: Alu-Tile Pro Dachhaken-Set | D39: Roof hooks | E39: =G39+(G39*0.05) -> 15.2565 | G39: 14.53 | H39: =_xlfn.XLOOKUP(B39,MLGN!A:A,MLGN!K:K) -> 10 | I39: =VLOOKUP(B39,'Query Daten'!A:R,15,0) -> 10 | J39: 2 | K39: 8.4 | L39: 480 | M39: in | N39: =H39-I39 -> 0
B40: 109008-003 | C40: RapFix - Aufsatz für Eco-Dachhaken | D40: Screws and accessories | E40: =G40+(G40*0.05) -> 4.767 | G40: 4.54 | H40: =_xlfn.XLOOKUP(B40,MLGN!A:A,MLGN!K:K) -> 50 | I40: =VLOOKUP(B40,'Query Daten'!A:R,15,0) -> 50 | J40: 1 | K40: 2.52 | L40: 2400 | M40: in | N40: =H40-I40 -> 0
B41: 109008-004 | C41: RapFix - Aufsatz flach | D41: Screws and accessories | E41: =G41+(G41*0.05) -> 3.9375 | G41: 3.75 | H41: =_xlfn.XLOOKUP(B41,MLGN!A:A,MLGN!K:K) -> 50 | I41: =VLOOKUP(B41,'Query Daten'!A:R,15,0) -> 50 | M41: in | N41: =H41-I41 -> 0
B42: 109008-023 | C42: RapFix Pro | D42: Screws and accessories | E42: =G42+(G42*0.05) -> 4.6305 | G42: 4.41 | H42: =_xlfn.XLOOKUP(B42,MLGN!A:A,MLGN!K:K) -> 50 | I42: =VLOOKUP(B42,'Query Daten'!A:R,15,0) -> 50 | M42: in | N42: =H42-I42 -> 0
B43: 109008-024 | C43: RapFix Pro - Aufsatz flach | D43: Screws and accessories | E43: =G43+(G43*0.05) -> 4.158 | G43: 3.96 | H43: =_xlfn.XLOOKUP(B43,MLGN!A:A,MLGN!K:K) -> 50 | I43: =VLOOKUP(B43,'Query Daten'!A:R,15,0) -> 50 | M43: in | N43: =H43-I43 -> 0
B44: 109010-000 | C44: Zusatzwinkel Iso07 | D44: Screws and accessories | E44: =G44+(G44*0.05) -> 3.234 | G44: 3.08 | H44: =_xlfn.XLOOKUP(B44,MLGN!A:A,MLGN!K:K) -> 20 | I44: =VLOOKUP(B44,'Query Daten'!A:R,15,0) -> 20 | M44: in | N44: =H44-I44 -> 0
B45: 109016-007 | C45: Biberschwanz für BEZ Rapid Alu | D45: Roof hooks | E45: =G45+(G45*0.05) -> 9.492 | G45: 9.04 | H45: =_xlfn.XLOOKUP(B45,MLGN!A:A,MLGN!K:K) -> 20 | I45: =VLOOKUP(B45,'Query Daten'!A:R,15,0) -> 20 | M45: in | N45: =H45-I45 -> 0
B46: 109016-008 | C46: Biberschwanz für BEZ Rapid Cu | D46: Roof hooks | E46: =G46+(G46*0.05) -> 34.7655 | G46: 33.11 | H46: =_xlfn.XLOOKUP(B46,MLGN!A:A,MLGN!K:K) -> 20 | I46: =VLOOKUP(B46,'Query Daten'!A:R,15,0) -> 20 | M46: in | N46: =H46-I46 -> 0
B47: 109016-009 | C47: Biberschwanz BEZ Rapid Alu 170x380 | D47: Roof hooks | E47: =G47+(G47*0.05) -> 11.298 | G47: 10.76 | H47: =_xlfn.XLOOKUP(B47,MLGN!A:A,MLGN!K:K) -> 20 | I47: =VLOOKUP(B47,'Query Daten'!A:R,15,0) -> 20 | M47: in | N47: =H47-I47 -> 0
B48: 109016-010 | C48: Biberschwanz BEZ Rapid Alu 190x400 SET | D48: Roof hooks | E48: =G48+(G48*0.05) -> 12.369 | G48: 11.78 | H48: =_xlfn.XLOOKUP(B48,MLGN!A:A,MLGN!K:K) -> 20 | I48: =VLOOKUP(B48,'Query Daten'!A:R,15,0) -> 20 | M48: in | N48: =H48-I48 -> 0
B49: 109017-000 | C49: SlatePlan 270x200x0,5 mit Dichtung | D49: Roof hooks | E49: =G49+(G49*0.05) -> 9.828 | G49: 9.36 | H49: =_xlfn.XLOOKUP(B49,MLGN!A:A,MLGN!K:K) -> 50 | I49: =VLOOKUP(B49,'Query Daten'!A:R,15,0) -> 50 | M49: in | N49: =H49-I49 -> 0
B50: 109017-001 | C50: SlatePlan 370x200x0,5 mit Dichtung | D50: Roof hooks | E50: =G50+(G50*0.05) -> 12.0225 | G50: 11.45 | H50: =_xlfn.XLOOKUP(B50,MLGN!A:A,MLGN!K:K) -> 50 | I50: =VLOOKUP(B50,'Query Daten'!A:R,15,0) -> 50 | M50: in | N50: =H50-I50 -> 0
B51: 109017-010 | C51: Schindel zu Dachhaken Rapid2+ Slate125 | D51: Roof hooks | E51: =G51+(G51*0.05) -> 11.0775 | G51: 10.55 | H51: =_xlfn.XLOOKUP(B51,MLGN!A:A,MLGN!K:K) -> 20 | I51: =VLOOKUP(B51,'Query Daten'!A:R,15,0) -> 20 | J51: 1 | K51: 5.6 | L51: 960 | M51: in | N51: =H51-I51 -> 0
B52: 109019-020 | C52: Dachhaken f.Biberschwanz Rapid Pro Alu | D52: Roof hooks | E52: =G52+(G52*0.05) -> 11.928 | G52: 11.36 | H52: =_xlfn.XLOOKUP(B52,MLGN!A:A,MLGN!K:K) -> 20 | I52: =VLOOKUP(B52,'Query Daten'!A:R,15,0) -> 20 | M52: in | N52: =H52-I52 -> 0
B53: 109019-021 | C53: Dachhaken f.Biberschwanz Rapid Pro | D53: Roof hooks | E53: =G53+(G53*0.05) -> 15.4875 | G53: 14.75 | H53: =_xlfn.XLOOKUP(B53,MLGN!A:A,MLGN!K:K) -> 20 | I53: =VLOOKUP(B53,'Query Daten'!A:R,15,0) -> 20 | M53: in | N53: =H53-I53 -> 0
B54: 109019-022 | C54: Dachhaken f.Bibers. Rapid Pro 190x400 | D54: Roof hooks | E54: =G54+(G54*0.05) -> 16.359 | G54: 15.58 | H54: =_xlfn.XLOOKUP(B54,MLGN!A:A,MLGN!K:K) -> 20 | I54: =VLOOKUP(B54,'Query Daten'!A:R,15,0) -> 20 | M54: in | N54: =H54-I54 -> 0
B55: 109019-024 | C55: Dachhaken Rapid2+Pro Slate125 | D55: Roof hooks | E55: =G55+(G55*0.05) -> 11.7075 | G55: 11.15 | H55: =_xlfn.XLOOKUP(B55,MLGN!A:A,MLGN!K:K) -> 20 | I55: =VLOOKUP(B55,'Query Daten'!A:R,15,0) -> 20 | J55: 1 | K55: 6.1 | L55: 960 | M55: in | N55: =H55-I55 -> 0
B56: 109019-025 | C56: Dachhaken Pro-N | D56: Roof hooks | E56: =G56+(G56*0.05) -> 8.82 | G56: 8.4 | H56: =_xlfn.XLOOKUP(B56,MLGN!A:A,MLGN!K:K) -> 30 | I56: =VLOOKUP(B56,'Query Daten'!A:R,15,0) -> 30 | J56: 1 | K56: 4.6 | L56: 960 | M56: in | N56: =H56-I56 -> 0
B57: 110010-200 | C57: Stockschraubenset 10x200 montiert | D57: Special fastenings | E57: =G57+(G57*0.05) -> 3.024 | G57: 2.88 | H57: =_xlfn.XLOOKUP(B57,MLGN!A:A,MLGN!K:K) -> 50 | I57: =VLOOKUP(B57,'Query Daten'!A:R,15,0) -> 50 | M57: in | N57: =H57-I57 -> 0
B58: 110012-200 | C58: Stockschraubenset 12x200 montiert | D58: Special fastenings | E58: =G58+(G58*0.05) -> 5.082 | G58: 4.84 | H58: =_xlfn.XLOOKUP(B58,MLGN!A:A,MLGN!K:K) -> 50 | I58: =VLOOKUP(B58,'Query Daten'!A:R,15,0) -> 50 | J58: 0.25 | K58: 2.8 | L58: 5600 | M58: in | N58: =H58-I58 -> 0
B59: 110012-300 | C59: Stockschraubenset 12x300 montiert | D59: Special fastenings | E59: =G59+(G59*0.05) -> 5.943 | G59: 5.66 | H59: =_xlfn.XLOOKUP(B59,MLGN!A:A,MLGN!K:K) -> 50 | I59: =VLOOKUP(B59,'Query Daten'!A:R,15,0) -> 50 | J59: 0.5 | K59: 3.27 | L59: 2000 | M59: in | N59: =H59-I59 -> 0
B60: 110210-200 | C60: Stockschraubenset 10x200 montiert | D60: Special fastenings | E60: =G60+(G60*0.05) -> 3.024 | G60: 2.88 | H60: =_xlfn.XLOOKUP(B60,MLGN!A:A,MLGN!K:K) -> 50 | I60: =VLOOKUP(B60,'Query Daten'!A:R,15,0) -> 50 | M60: in | N60: =H60-I60 -> 0
B61: 110212-200 | C61: Stockschraubenset 12x200 montiert | D61: Special fastenings | E61: =G61+(G61*0.05) -> 5.082 | G61: 4.84 | H61: =_xlfn.XLOOKUP(B61,MLGN!A:A,MLGN!K:K) -> 50 | I61: =VLOOKUP(B61,'Query Daten'!A:R,15,0) -> 50 | M61: in | N61: =H61-I61 -> 0
B62: 110212-300 | C62: Stockschraubenset 12x300 montiert | D62: Special fastenings | E62: =G62+(G62*0.05) -> 5.9535 | G62: 5.67 | H62: =_xlfn.XLOOKUP(B62,MLGN!A:A,MLGN!K:K) -> 50 | I62: =VLOOKUP(B62,'Query Daten'!A:R,15,0) -> 50 | M62: in | N62: =H62-I62 -> 0
B63: 112001-000 | C63: Falzklemme 503 VA für Stehfalzdach | D63: Special fastenings | E63: =G63+(G63*0.05) -> 9.0405 | G63: 8.61 | H63: =_xlfn.XLOOKUP(B63,MLGN!A:A,MLGN!K:K) -> 50 | I63: =VLOOKUP(B63,'Query Daten'!A:R,15,0) -> 50 | M63: in | N63: =H63-I63 -> 0
B64: 112001-005 | C64: Falzklemme 503 Rapid für Stehfalzdach | D64: Special fastenings | E64: =G64+(G64*0.05) -> 4.5675 | G64: 4.35 | H64: =_xlfn.XLOOKUP(B64,MLGN!A:A,MLGN!K:K) -> 50 | I64: =VLOOKUP(B64,'Query Daten'!A:R,15,0) -> 50 | J64: 1 | K64: 2.51 | L64: 2400 | M64: in | N64: =H64-I64 -> 0
B65: 112001-010 | C65: Falzklemme 504 AL KK für Stehfalzdach | D65: Special fastenings | E65: =G65+(G65*0.05) -> 8.715 | G65: 8.3 | H65: =_xlfn.XLOOKUP(B65,MLGN!A:A,MLGN!K:K) -> 50 | I65: =VLOOKUP(B65,'Query Daten'!A:R,15,0) -> 50 | M65: in | N65: =H65-I65 -> 0
B66: 112001-105 | C66: Falzklemme Pro503 für Stehfalzdach | D66: Special fastenings | E66: =G66+(G66*0.05) -> 8.862 | G66: 8.44 | H66: =_xlfn.XLOOKUP(B66,MLGN!A:A,MLGN!K:K) -> 50 | I66: =VLOOKUP(B66,'Query Daten'!A:R,15,0) -> 50 | M66: in | N66: =H66-I66 -> 0
B67: 112001-110 | C67: Falzklemme Pro504 für Stehfalzdach | D67: Special fastenings | E67: =G67+(G67*0.05) -> 8.715 | G67: 8.3 | H67: =_xlfn.XLOOKUP(B67,MLGN!A:A,MLGN!K:K) -> 50 | I67: =VLOOKUP(B67,'Query Daten'!A:R,15,0) -> 50 | M67: in | N67: =H67-I67 -> 0
B68: 112001-210 | C68: Falzklemme Pro504-F für Stehfalzdach | D68: Special fastenings | E68: =G68+(G68*0.05) -> 8.715 | G68: 8.3 | H68: =_xlfn.XLOOKUP(B68,MLGN!A:A,MLGN!K:K) -> 50 | I68: =VLOOKUP(B68,'Query Daten'!A:R,15,0) -> 50 | M68: in | N68: =H68-I68 -> 0
B69: 112002-003 | C69: Falzklemme 510 Rapid für KalZip u.ä. | D69: Special fastenings | E69: =G69+(G69*0.05) -> 4.5675 | G69: 4.35 | H69: =_xlfn.XLOOKUP(B69,MLGN!A:A,MLGN!K:K) -> 50 | I69: =VLOOKUP(B69,'Query Daten'!A:R,15,0) -> 50 | M69: in | N69: =H69-I69 -> 0
B70: 112002-103 | C70: Falzklemme Pro510 für Rundfalz u.ä. | D70: Special fastenings | E70: =G70+(G70*0.05) -> 5.4705 | G70: 5.21 | H70: =_xlfn.XLOOKUP(B70,MLGN!A:A,MLGN!K:K) -> 50 | I70: =VLOOKUP(B70,'Query Daten'!A:R,15,0) -> 50 | M70: in | N70: =H70-I70 -> 0
B71: 112003-003 | C71: Falzklemme 520 Rapid Zambelli RibRoof 465 u.ä. | D71: Special fastenings | E71: =G71+(G71*0.05) -> 4.872 | G71: 4.64 | H71: =_xlfn.XLOOKUP(B71,MLGN!A:A,MLGN!K:K) -> 50 | I71: =VLOOKUP(B71,'Query Daten'!A:R,15,0) -> 50 | M71: in | N71: =H71-I71 -> 0
B72: 112003-103 | C72: Falzklemme Pro520 f.Zamb.RibRoof465 u.ä. | D72: Special fastenings | E72: =G72+(G72*0.05) -> 5.7435 | G72: 5.47 | H72: =_xlfn.XLOOKUP(B72,MLGN!A:A,MLGN!K:K) -> 50 | I72: =VLOOKUP(B72,'Query Daten'!A:R,15,0) -> 50 | M72: in | N72: =H72-I72 -> 0
B73: 112004-002 | C73: Falzklemme 522 Rapid Zambelli RibRoof500 o.ä. | D73: Special fastenings | E73: =G73+(G73*0.05) -> 4.5675 | G73: 4.35 | H73: =_xlfn.XLOOKUP(B73,MLGN!A:A,MLGN!K:K) -> 50 | I73: =VLOOKUP(B73,'Query Daten'!A:R,15,0) -> 50 | M73: in | N73: =H73-I73 -> 0
B74: 112004-102 | C74: Falzklemme Pro522 f.Zamb.RibRoof500 o.ä. | D74: Special fastenings | E74: =G74+(G74*0.05) -> 6.0795 | G74: 5.79 | H74: =_xlfn.XLOOKUP(B74,MLGN!A:A,MLGN!K:K) -> 50 | I74: =VLOOKUP(B74,'Query Daten'!A:R,15,0) -> 50 | M74: in | N74: =H74-I74 -> 0
B75: 112006-002 | C75: Falzklemme 524 Rapid Fischer KlipTec u.ä. | D75: Special fastenings | E75: =G75+(G75*0.05) -> 9.2085 | G75: 8.77 | H75: =_xlfn.XLOOKUP(B75,MLGN!A:A,MLGN!K:K) -> 50 | I75: =VLOOKUP(B75,'Query Daten'!A:R,15,0) -> 50 | M75: in | N75: =H75-I75 -> 0
B76: 112006-102 | C76: Falzklemme Pro524 f.Fischer KlipTec u.ä. | D76: Special fastenings | E76: =G76+(G76*0.05) -> 9.2085 | G76: 8.77 | H76: =_xlfn.XLOOKUP(B76,MLGN!A:A,MLGN!K:K) -> 50 | I76: =VLOOKUP(B76,'Query Daten'!A:R,15,0) -> 50 | M76: in | N76: =H76-I76 -> 0
... B78: 112012-112 | C78: Seam clamp Pro562 universal | D78: Special fastenings | E78: =G78+(G78*0.05) -> 4.9665 | G78: 4.73 | H78: =_xlfn.XLOOKUP(B78,MLGN!A:A,MLGN!K:K) -> 50 | I78: =VLOOKUP(B78,'Query Daten'!A:R,15,0) -> 50 | M78: in | N78: =H78-I78 -> 0
B79: 113009-003 | C79: SingleFix Pro | D79: Special fastenings | E79: =G79+(G79*0.05) -> 1.932 | G79: 1.84 | H79: =_xlfn.XLOOKUP(B79,MLGN!A:A,MLGN!K:K) -> 100 | I79: =VLOOKUP(B79,'Query Daten'!A:R,15,0) -> 100 | J79: 0.25 | K79: 1.06 | L79: 11200 | M79: in | N79: =H79-I79 -> 0
B80: 113014-000 | C80: EcoRapid | D80: Special fastenings | E80: =G80+(G80*0.05) -> 6.615 | G80: 6.3 | H80: =_xlfn.XLOOKUP(B80,MLGN!A:A,MLGN!K:K) -> 200 | I80: =VLOOKUP(B80,'Query Daten'!A:R,15,0) -> 200 | M80: in | N80: =H80-I80 -> 0
B81: 114003-000 | C81: FixPlan Dichtplatte | D81: Screws and accessories | E81: =G81+(G81*0.05) -> 10.2165 | G81: 9.73 | H81: =_xlfn.XLOOKUP(B81,MLGN!A:A,MLGN!K:K) -> 50 | I81: =VLOOKUP(B81,'Query Daten'!A:R,15,0) -> 50 | M81: in | N81: =H81-I81 -> 0
B82: 114004-000 | C82: Bituplan Zusatzabdichtung für FixPlan | D82: Screws and accessories | E82: =G82+(G82*0.05) -> 2.184 | G82: 2.08 | H82: =_xlfn.XLOOKUP(B82,MLGN!A:A,MLGN!K:K) -> 100 | I82: =VLOOKUP(B82,'Query Daten'!A:R,15,0) -> 100 | M82: in | N82: =H82-I82 -> 0
B83: 119001-020 | C83: KlickTopPro Aufsatzteil zu Stockschraube | D83: Screws and accessories | E83: =G83+(G83*0.05) -> 4.074 | G83: 3.88 | H83: =_xlfn.XLOOKUP(B83,MLGN!A:A,MLGN!K:K) -> 50 | I83: =VLOOKUP(B83,'Query Daten'!A:R,15,0) -> 50 | J83: 0.5 | K83: 2.24 | L83: 2400 | M83: in | N83: =H83-I83 -> 0
B84: 119002-000 | C84: Montageplatte fuer Stockschraube M10 M12 | D84: Screws and accessories | E84: =G84+(G84*0.05) -> 3.465 | G84: 3.3 | H84: =_xlfn.XLOOKUP(B84,MLGN!A:A,MLGN!K:K) -> 50 | I84: =VLOOKUP(B84,'Query Daten'!A:R,15,0) -> 50 | M84: in | N84: =H84-I84 -> 0
B85: 119004-003 | C85: Distanzhuelse Alu 20 1m | D85: Screws and accessories | E85: =G85+(G85*0.05) -> 14.9205 | G85: 14.21 | H85: =_xlfn.XLOOKUP(B85,MLGN!A:A,MLGN!K:K) -> 30 | I85: =VLOOKUP(B85,'Query Daten'!A:R,15,0) -> 30 | M85: in | N85: =H85-I85 -> 0
B86: 119005-000 | C86: Dichtkappe Wellplatte 5/6/8 | D86: Screws and accessories | E86: =G86+(G86*0.05) -> 1.512 | G86: 1.44 | H86: =_xlfn.XLOOKUP(B86,MLGN!A:A,MLGN!K:K) -> 50 | I86: =VLOOKUP(B86,'Query Daten'!A:R,15,0) -> 50 | M86: in | N86: =H86-I86 -> 0
B87: 119005-001 | C87: Universalkalotte mit EPDM | D87: Special fastenings | E87: =G87+(G87*0.05) -> 2.079 | G87: 1.98 | H87: =_xlfn.XLOOKUP(B87,MLGN!A:A,MLGN!K:K) -> 50 | I87: =VLOOKUP(B87,'Query Daten'!A:R,15,0) -> 50 | M87: in | N87: =H87-I87 -> 0
B88: 119014-012 | C88: Fix T-K mit KlickTop | D88: Roof hooks | E88: =G88+(G88*0.05) -> 11.214 | G88: 10.68 | H88: =_xlfn.XLOOKUP(B88,MLGN!A:A,MLGN!K:K) -> 50 | I88: =VLOOKUP(B88,'Query Daten'!A:R,15,0) -> 50 | M88: in | N88: =H88-I88 -> 0
B89: 119014-212 | C89: Fix T-K Pro | D89: Special fastenings | E89: =G89+(G89*0.05) -> 10.8885 | G89: 10.37 | H89: =_xlfn.XLOOKUP(B89,MLGN!A:A,MLGN!K:K) -> 50 | I89: =VLOOKUP(B89,'Query Daten'!A:R,15,0) -> 50 | M89: in | N89: =H89-I89 -> 0
B90: 119015-002 | C90: Montagelochband 6 - 50m | D90: Screws and accessories | E90: =G90+(G90*0.05) -> 67.242 | G90: 64.04 | H90: =_xlfn.XLOOKUP(B90,MLGN!A:A,MLGN!K:K) -> 1 | I90: =VLOOKUP(B90,'Query Daten'!A:R,15,0) -> 1 | M90: in | N90: =H90-I90 -> 0
B91: 119015-003 | C91: Montagelochband 16 - 50m | D91: Screws and accessories | E91: =G91+(G91*0.05) -> 133.3395 | G91: 126.99 | H91: =_xlfn.XLOOKUP(B91,MLGN!A:A,MLGN!K:K) -> 1 | I91: =VLOOKUP(B91,'Query Daten'!A:R,15,0) -> 1 | M91: in | N91: =H91-I91 -> 0
B92: 119016-000 | C92: Dichtung für Tellerkopfschraube DM8 EPDM | D92: Screws and accessories | E92: =G92+(G92*0.05) -> 0.189 | G92: 0.18 | H92: =_xlfn.XLOOKUP(B92,MLGN!A:A,MLGN!K:K) -> 100 | I92: =VLOOKUP(B92,'Query Daten'!A:R,15,0) -> 100 | M92: in | N92: =H92-I92 -> 0
B93: 119026-001 | C93: Rapid2+ L | D93: Roof hooks | E93: =G93+(G93*0.05) -> 5.0925 | G93: 4.85 | H93: =_xlfn.XLOOKUP(B93,MLGN!A:A,MLGN!K:K) -> 100 | I93: =VLOOKUP(B93,'Query Daten'!A:R,15,0) -> 100 | M93: in | N93: =H93-I93 -> 0
B94: 119026-102 | C94: Rapid2+Pro SML | D94: Roof hooks | E94: =G94+(G94*0.05) -> 4.893 | G94: 4.66 | H94: =_xlfn.XLOOKUP(B94,MLGN!A:A,MLGN!K:K) -> 20 | I94: =VLOOKUP(B94,'Query Daten'!A:R,15,0) -> 20 | M94: in | N94: =H94-I94 -> 0
B95: 119026-122 | C95: RapidPro L | D95: Roof hooks | E95: =G95+(G95*0.05) -> 6.7725 | G95: 6.45 | H95: =_xlfn.XLOOKUP(B95,MLGN!A:A,MLGN!K:K) -> 100 | I95: =VLOOKUP(B95,'Query Daten'!A:R,15,0) -> 100 | M95: in | N95: =H95-I95 -> 0
B96: 119033-001 | C96: Universal-Adapter Uno M10/M12 | D96: Screws and accessories | E96: =G96+(G96*0.05) -> 2.6565 | G96: 2.53 | H96: =_xlfn.XLOOKUP(B96,MLGN!A:A,MLGN!K:K) -> 50 | I96: =VLOOKUP(B96,'Query Daten'!A:R,15,0) -> 50 | J96: 0.5 | K96: 1.46 | L96: 2400 | M96: in | N96: =H96-I96 -> 0
B97: 119033-002 | C97: Universal-Adapter Uno M8 | D97: Screws and accessories | E97: =G97+(G97*0.05) -> 2.6565 | G97: 2.53 | H97: =_xlfn.XLOOKUP(B97,MLGN!A:A,MLGN!K:K) -> 50 | I97: =VLOOKUP(B97,'Query Daten'!A:R,15,0) -> 50 | M97: in | N97: =H97-I97 -> 0
B98: 119033-004 | C98: Universal-Adapter Duo M10/M12 | D98: Screws and accessories | E98: =G98+(G98*0.05) -> 10.017 | G98: 9.54 | H98: =_xlfn.XLOOKUP(B98,MLGN!A:A,MLGN!K:K) -> 50 | I98: =VLOOKUP(B98,'Query Daten'!A:R,15,0) -> 50 | M98: in | N98: =H98-I98 -> 0
B99: 120001-03550 | C99: Modultragprofil Eco05 3550mm | D99: Profiles | E99: 31.57 | F99: 31.57 | G99: 30 | H99: =_xlfn.XLOOKUP(B99,MLGN!A:A,MLGN!K:K) -> 250 | I99: =VLOOKUP(B99,'Query Daten'!A:R,15,0) -> 1 | M99: in | N99: =H99-I99 -> 249
B100: 120001-04750 | C100: Modultragprofil Eco05 4750mm | D100: Profiles | E100: 42.85 | F100: 42.85 | G100: 38.57 | H100: =_xlfn.XLOOKUP(B100,MLGN!A:A,MLGN!K:K) -> 250 | I100: =VLOOKUP(B100,'Query Daten'!A:R,15,0) -> 1 | J100: 1 | K100: 22.28 | L100: 250 | M100: in | N100: =H100-I100 -> 249
B101: 120001-05900 | C101: Modultragprofil Eco05 5900mm | D101: Profiles | E101: 53.22 | F101: 53.22 | G101: 47.9 | H101: =_xlfn.XLOOKUP(B101,MLGN!A:A,MLGN!K:K) -> 250 | I101: =VLOOKUP(B101,'Query Daten'!A:R,15,0) -> 1 | M101: in | N101: =H101-I101 -> 249
B102: 120005-02450 | C102: Modultragprofil Solo 2450mm | D102: Profiles | E102: 30.26 | F102: 30.26 | G102: 28.75 | H102: =_xlfn.XLOOKUP(B102,MLGN!A:A,MLGN!K:K) -> 150 | I102: =VLOOKUP(B102,'Query Daten'!A:R,15,0) -> 1 | J102: 1 | K102: 15.58 | L102: 150 | M102: in | N102: =H102-I102 -> 149
B103: 120005-03550 | C103: Modultragprofil Solo 3550mm | D103: Profiles | E103: 43.84 | F103: 43.84 | G103: 39.46 | H103: =_xlfn.XLOOKUP(B103,MLGN!A:A,MLGN!K:K) -> 150 | I103: =VLOOKUP(B103,'Query Daten'!A:R,15,0) -> 1 | J103: 1 | K103: 22.8 | L103: 150 | M103: in | N103: =H103-I103 -> 149
...

Sheet Schletter Price list 2025
B2: ='Language Layout'!$B$64 -> Price List | K2: ='Language Layout'!$B$99 -> Cost estimate
B3: ='Language Layout'!$B$76 -> Language: | D3: ='Language Layout'!$B$49 -> Your discount (%): | G3: 0
B4: ='Language Layout'!$B$47 -> Valid from 01.05.2025 (subject to modifications) | K4: ='Language Layout'!$B$43 -> Total
G5: ='Language Layout'!$B$103 -> Piece | H5: ='Language Layout'!B85 -> Packing unit | K5: =SUM(K7:K1048576) -> 0 | L5: =SUM(L7:L1048576) -> 0
B6: ='Language Layout'!$B$17 -> Item No. | C6: ='Language Layout'!$B$14 -> Material short text | D6: ='Language Layout'!$B$98 -> Product family | E6: ='Language Layout'!$B$62 -> Net (€) | F6: ='Language Layout'!$B$62 -> Net (€) | G6: ='Language Layout'!$B$59 -> With discount | H6: ='Language Layout'!$B$59 -> With discount | I6: ='Language Layout'!$B$85 -> Packing unit | K6: ='Language Layout'!$B$57 -> Quantity | L6: ='Language Layout'!$B$43 -> Total
E7: ='Language Layout'!$B$108 -> RRP | F7: ='Language Layout'!$B$56 -> List price per piece | G7: ='Language Layout'!$B$104 -> Price (€) per piece | H7: ='Language Layout'!$B$104 -> Price (€) per piece | J7: ='Language Layout'!$B$100 -> Quantity per pallet | L7: ='Language Layout'!$B$62 -> Net (€) | M7: Ganze VPE´s | N7: Einzelstk. | O7: Summe
B8: 100004-000 | C8: =VLOOKUP(B8,'Language Articles'!A:B,2,0) -> Roof hook Eco S 135 | D8: =VLOOKUP(B8,'Language Portfolio'!A:B,2,0) -> Roof hooks | E8: =VLOOKUP(B8,Basis_Preisliste!B:E,4,0) -> 12.348 | F8: =IF(_xlfn.XLOOKUP(B8,Basis_Preisliste!B:B,Basis_Preisliste!F:F)="",_xlfn.XLOOKUP(B8,Basis_Preisliste!B:B,Basis_Preisliste!G:G),_xlfn.XLOOKUP(B8,Basis_Preisliste!B:B,Basis_Preisliste!F:F)) -> 11.76 | G8: =IF(_xlfn.XLOOKUP(B8,Basis_Preisliste!B:B,Basis_Preisliste!F:F)="","", _xlfn.XLOOKUP(B8,Basis_Preisliste!B:B,Basis_Preisliste!F:F)*(1-$G$3)) | H8: =IF(_xlfn.XLOOKUP(B8,Basis_Preisliste!B:B,Basis_Preisliste!G:G)="","to be defined",_xlfn.XLOOKUP(B8,Basis_Preisliste!B:B,Basis_Preisliste!G:G)*(1-$G$3)) -> 11.76 | I8: =IF(INDEX(Basis_Preisliste!H:H,MATCH(B8,Basis_Preisliste!B:B,0))=0,"",INDEX(Basis_Preisliste!H:H,MATCH(B8,Basis_Preisliste!B:B,0))) -> 20 | J8: =_xlfn.XLOOKUP(B8,'Article Master Data'!B:B,'Article Master Data'!R:R) -> 480 | L8: =IF(O8>0,O8,"") | M8: =ROUNDDOWN(K8/I8,0) -> 0 | N8: =K8-(M8*I8) -> 0 | O8: =IF(AND(N8<>0,G8=""),'Language Layout'!$B$106,M8*I8*H8+N8*IF(G8="",0,G8)) -> 0 | P8: =K8>0 -> FALSE | Q8: =P8*(MAX($Q$7:Q7)+1) -> 0
B9: 100020-100 | C9: =VLOOKUP(B9,'Language Articles'!A:B,2,0) -> Roof hook EcoA 45 Max | D9: =VLOOKUP(B9,'Language Portfolio'!A:B,2,0) -> Roof hooks | E9: =VLOOKUP(B9,Basis_Preisliste!B:E,4,0) -> 7.9485 | F9: =IF(_xlfn.XLOOKUP(B9,Basis_Preisliste!B:B,Basis_Preisliste!F:F)="",_xlfn.XLOOKUP(B9,Basis_Preisliste!B:B,Basis_Preisliste!G:G),_xlfn.XLOOKUP(B9,Basis_Preisliste!B:B,Basis_Preisliste!F:F)) -> 7.57 | G9: =IF(_xlfn.XLOOKUP(B9,Basis_Preisliste!B:B,Basis_Preisliste!F:F)="","", _xlfn.XLOOKUP(B9,Basis_Preisliste!B:B,Basis_Preisliste!F:F)*(1-$G$3)) | H9: =IF(_xlfn.XLOOKUP(B9,Basis_Preisliste!B:B,Basis_Preisliste!G:G)="","to be defined",_xlfn.XLOOKUP(B9,Basis_Preisliste!B:B,Basis_Preisliste!G:G)*(1-$G$3)) -> 7.57 | I9: =IF(INDEX(Basis_Preisliste!H:H,MATCH(B9,Basis_Preisliste!B:B,0))=0,"",INDEX(Basis_Preisliste!H:H,MATCH(B9,Basis_Preisliste!B:B,0))) -> 20 | J9: =_xlfn.XLOOKUP(B9,'Article Master Data'!B:B,'Article Master Data'!R:R) -> 1280 | L9: =IF(O9>0,O9,"") | M9: =ROUNDDOWN(K9/I9,0) -> 0 | N9: =K9-(M9*I9) -> 0 | O9: =IF(AND(N9<>0,G9=""),'Language Layout'!$B$106,M9*I9*H9+N9*IF(G9="",0,G9)) -> 0 | P9: =K9>0 -> FALSE | Q9: =P9*(MAX($Q$7:Q8)+1) -> 0
B10: 100001-000 | C10: =VLOOKUP(B10,'Language Articles'!A:B,2,0) -> Universal Roof hook | D10: =VLOOKUP(B10,'Language Portfolio'!A:B,2,0) -> Roof hooks | E10: =VLOOKUP(B10,Basis_Preisliste!B:E,4,0) -> 18.2175 | F10: =IF(_xlfn.XLOOKUP(B10,Basis_Preisliste!B:B,Basis_Preisliste!F:F)="",_xlfn.XLOOKUP(B10,Basis_Preisliste!B:B,Basis_Preisliste!G:G),_xlfn.XLOOKUP(B10,Basis_Preisliste!B:B,Basis_Preisliste!F:F)) -> 17.35 | G10: =IF(_xlfn.XLOOKUP(B10,Basis_Preisliste!B:B,Basis_Preisliste!F:F)="","", _xlfn.XLOOKUP(B10,Basis_Preisliste!B:B,Basis_Preisliste!F:F)*(1-$G$3)) | H10: =IF(_xlfn.XLOOKUP(B10,Basis_Preisliste!B:B,Basis_Preisliste!G:G)="","to be defined",_xlfn.XLOOKUP(B10,Basis_Preisliste!B:B,Basis_Preisliste!G:G)*(1-$G$3)) -> 17.35 | I10: =IF(INDEX(Basis_Preisliste!H:H,MATCH(B10,Basis_Preisliste!B:B,0))=0,"",INDEX(Basis_Preisliste!H:H,MATCH(B10,Basis_Preisliste!B:B,0))) -> 20 | J10: =_xlfn.XLOOKUP(B10,'Article Master Data'!B:B,'Article Master Data'!R:R) -> 480 | L10: =IF(O10>0,O10,"") | M10: =ROUNDDOWN(K10/I10,0) -> 0 | N10: =K10-(M10*I10) -> 0 | O10: =IF(AND(N10<>0,G10=""),'Language Layout'!$B$106,M10*I10*H10+N10*IF(G10="",0,G10)) -> 0 | P10: =K10>0 -> FALSE | Q10: =P10*(MAX($Q$7:Q9)+1) -> 0
B11: 109016-007 | C11: =VLOOKUP(B11,'Language Articles'!A:B,2,0) -> Plain tile for BEZ Rapid Alu | D11: =VLOOKUP(B11,'Language Portfolio'!A:B,2,0) -> Roof hooks | E11: =VLOOKUP(B11,Basis_Preisliste!B:E,4,0) -> 9.492 | F11: =IF(_xlfn.XLOOKUP(B11,Basis_Preisliste!B:B,Basis_Preisliste!F:F)="",_xlfn.XLOOKUP(B11,Basis_Preisliste!B:B,Basis_Preisliste!G:G),_xlfn.XLOOKUP(B11,Basis_Preisliste!B:B,Basis_Preisliste!F:F)) -> 9.04 | G11: =IF(_xlfn.XLOOKUP(B11,Basis_Preisliste!B:B,Basis_Preisliste!F:F)="","", _xlfn.XLOOKUP(B11,Basis_Preisliste!B:B,Basis_Preisliste!F:F)*(1-$G$3)) | H11: =IF(_xlfn.XLOOKUP(B11,Basis_Preisliste!B:B,Basis_Preisliste!G:G)="","to be defined",_xlfn.XLOOKUP(B11,Basis_Preisliste!B:B,Basis_Preisliste!G:G)*(1-$G$3)) -> 9.04 | I11: =IF(INDEX(Basis_Preisliste!H:H,MATCH(B11,Basis_Preisliste!B:B,0))=0,"",INDEX(Basis_Preisliste!H:H,MATCH(B11,Basis_Preisliste!B:B,0))) -> 20 | J11: =_xlfn.XLOOKUP(B11,'Article Master Data'!B:B,'Article Master Data'!R:R) -> 480 | L11: =IF(O11>0,O11,"") | M11: =ROUNDDOWN(K11/I11,0) -> 0 | N11: =K11-(M11*I11) -> 0 | O11: =IF(AND(N11<>0,G11=""),'Language Layout'!$B$106,M11*I11*H11+N11*IF(G11="",0,G11)) -> 0 | P11: =K11>0 -> FALSE | Q11: =P11*(MAX($Q$7:Q10)+1) -> 0
B12: 109016-008 | C12: =VLOOKUP(B12,'Language Articles'!A:B,2,0) -> Plain tile for BEZ Rapid Cu | D12: =VLOOKUP(B12,'Language Portfolio'!A:B,2,0) -> Roof hooks | E12: =VLOOKUP(B12,Basis_Preisliste!B:E,4,0) -> 34.7655 | F12: =IF(_xlfn.XLOOKUP(B12,Basis_Preisliste!B:B,Basis_Preisliste!F:F)="",_xlfn.XLOOKUP(B12,Basis_Preisliste!B:B,Basis_Preisliste!G:G),_xlfn.XLOOKUP(B12,Basis_Preisliste!B:B,Basis_Preisliste!F:F)) -> 33.11 | G12: =IF(_xlfn.XLOOKUP(B12,Basis_Preisliste!B:B,Basis_Preisliste!F:F)="","", _xlfn.XLOOKUP(B12,Basis_Preisliste!B:B,Basis_Preisliste!F:F)*(1-$G$3)) | H12: =IF(_xlfn.XLOOKUP(B12,Basis_Preisliste!B:B,Basis_Preisliste!G:G)="","to be defined",_xlfn.XLOOKUP(B12,Basis_Preisliste!B:B,Basis_Preisliste!G:G)*(1-$G$3)) -> 33.11 | I12: =IF(INDEX(Basis_Preisliste!H:H,MATCH(B12,Basis_Preisliste!B:B,0))=0,"",INDEX(Basis_Preisliste!H:H,MATCH(B12,Basis_Preisliste!B:B,0))) -> 20 | J12: =_xlfn.XLOOKUP(B12,'Article Master Data'!B:B,'Article Master Data'!R:R) -> 480 | L12: =IF(O12>0,O12,"") | M12: =ROUNDDOWN(K12/I12,0) -> 0 | N12: =K12-(M12*I12) -> 0 | O12: =IF(AND(N12<>0,G12=""),'Language Layout'!$B$106,M12*I12*H12+N12*IF(G12="",0,G12)) -> 0 | P12: =K12>0 -> FALSE | Q12: =P12*(MAX($Q$7:Q11)+1) -> 0
B13: 109016-009 | C13: =VLOOKUP(B13,'Language Articles'!A:B,2,0) -> Plain tile BEZ Rapid alum. 170x380 | D13: =VLOOKUP(B13,'Language Portfolio'!A:B,2,0) -> Roof hooks | E13: =VLOOKUP(B13,Basis_Preisliste!B:E,4,0) -> 11.298 | F13: =IF(_xlfn.XLOOKUP(B13,Basis_Preisliste!B:B,Basis_Preisliste!F:F)="",_xlfn.XLOOKUP(B13,Basis_Preisliste!B:B,Basis_Preisliste!G:G),_xlfn.XLOOKUP(B13,Basis_Preisliste!B:B,Basis_Preisliste!F:F)) -> 10.76 | G13: =IF(_xlfn.XLOOKUP(B13,Basis_Preisliste!B:B,Basis_Preisliste!F:F)="","", _xlfn.XLOOKUP(B13,Basis_Preisliste!B:B,Basis_Preisliste!F:F)*(1-$G$3)) | H13: =IF(_xlfn.XLOOKUP(B13,Basis_Preisliste!B:B,Basis_Preisliste!G:G)="","to be defined",_xlfn.XLOOKUP(B13,Basis_Preisliste!B:B,Basis_Preisliste!G:G)*(1-$G$3)) -> 10.76 | I13: =IF(INDEX(Basis_Preisliste!H:H,MATCH(B13,Basis_Preisliste!B:B,0))=0,"",INDEX(Basis_Preisliste!H:H,MATCH(B13,Basis_Preisliste!B:B,0))) -> 20 | J13: =_xlfn.XLOOKUP(B13,'Article Master Data'!B:B,'Article Master Data'!R:R) -> 480 | L13: =IF(O13>0,O13,"") | M13: =ROUNDDOWN(K13/I13,0) -> 0 | N13: =K13-(M13*I13) -> 0 | O13: =IF(AND(N13<>0,G13=""),'Language Layout'!$B$106,M13*I13*H13+N13*IF(G13="",0,G13)) -> 0 | P13: =K13>0 -> FALSE | Q13: =P13*(MAX($Q$7:Q12)+1) -> 0
B14: 109016-010 | C14: =VLOOKUP(B14,'Language Articles'!A:B,2,0) -> Plain tile BEZ Rapid alum. 190x400 KIT | D14: =VLOOKUP(B14,'Language Portfolio'!A:B,2,0) -> Roof hooks | E14: =VLOOKUP(B14,Basis_Preisliste!B:E,4,0) -> 12.369 | F14: =IF(_xlfn.XLOOKUP(B14,Basis_Preisliste!B:B,Basis_Preisliste!F:F)="",_xlfn.XLOOKUP(B14,Basis_Preisliste!B:B,Basis_Preisliste!G:G),_xlfn.XLOOKUP(B14,Basis_Preisliste!B:B,Basis_Preisliste!F:F)) -> 11.78 | G14: =IF(_xlfn.XLOOKUP(B14,Basis_Preisliste!B:B,Basis_Preisliste!F:F)="","", _xlfn.XLOOKUP(B14,Basis_Preisliste!B:B,Basis_Preisliste!F:F)*(1-$G$3)) | H14: =IF(_xlfn.XLOOKUP(B14,Basis_Preisliste!B:B,Basis_Preisliste!G:G)="","to be defined",_xlfn.XLOOKUP(B14,Basis_Preisliste!B:B,Basis_Preisliste!G:G)*(1-$G$3)) -> 11.78 | I14: =IF(INDEX(Basis_Preisliste!H:H,MATCH(B14,Basis_Preisliste!B:B,0))=0,"",INDEX(Basis_Preisliste!H:H,MATCH(B14,Basis_Preisliste!B:B,0))) -> 20 | J14: =_xlfn.XLOOKUP(B14,'Article Master Data'!B:B,'Article Master Data'!R:R) -> 480 | L14: =IF(O14>0,O14,"") | M14: =ROUNDDOWN(K14/I14,0) -> 0 | N14: =K14-(M14*I14) -> 0 | O14: =IF(AND(N14<>0,G14=""),'Language Layout'!$B$106,M14*I14*H14+N14*IF(G14="",0,G14)) -> 0 | P14: =K14>0 -> FALSE | Q14: =P14*(MAX($Q$7:Q13)+1) -> 0
B15: 109019-020 | C15: =VLOOKUP(B15,'Language Articles'!A:B,2,0) -> Roof hook plain tile for Rapid Pro Alu | D15: =VLOOKUP(B15,'Language Portfolio'!A:B,2,0) -> Roof hooks | E15: =VLOOKUP(B15,Basis_Preisliste!B:E,4,0) -> 11.928 | F15: =IF(_xlfn.XLOOKUP(B15,Basis_Preisliste!B:B,Basis_Preisliste!F:F)="",_xlfn.XLOOKUP(B15,Basis_Preisliste!B:B,Basis_Preisliste!G:G),_xlfn.XLOOKUP(B15,Basis_Preisliste!B:B,Basis_Preisliste!F:F)) -> 11.36 | G15: =IF(_xlfn.XLOOKUP(B15,Basis_Preisliste!B:B,Basis_Preisliste!F:F)="","", _xlfn.XLOOKUP(B15,Basis_Preisliste!B:B,Basis_Preisliste!F:F)*(1-$G$3)) | H15: =IF(_xlfn.XLOOKUP(B15,Basis_Preisliste!B:B,Basis_Preisliste!G:G)="","to be defined",_xlfn.XLOOKUP(B15,Basis_Preisliste!B:B,Basis_Preisliste!G:G)*(1-$G$3)) -> 11.36 | I15: =IF(INDEX(Basis_Preisliste!H:H,MATCH(B15,Basis_Preisliste!B:B,0))=0,"",INDEX(Basis_Preisliste!H:H,MATCH(B15,Basis_Preisliste!B:B,0))) -> 20 | J15: =_xlfn.XLOOKUP(B15,'Article Master Data'!B:B,'Article Master Data'!R:R) -> 960 | L15: =IF(O15>0,O15,"") | M15: =ROUNDDOWN(K15/I15,0) -> 0 | N15: =K15-(M15*I15) -> 0 | O15: =IF(AND(N15<>0,G15=""),'Language Layout'!$B$106,M15*I15*H15+N15*IF(G15="",0,G15)) -> 0 | P15: =K15>0 -> FALSE | Q15: =P15*(MAX($Q$7:Q14)+1) -> 0
B16: 109019-021 | C16: =VLOOKUP(B16,'Language Articles'!A:B,2,0) -> Roof hook plain tile for Rapid Pro | D16: =VLOOKUP(B16,'Language Portfolio'!A:B,2,0) -> Roof hooks | E16: =VLOOKUP(B16,Basis_Preisliste!B:E,4,0) -> 15.4875 | F16: =IF(_xlfn.XLOOKUP(B16,Basis_Preisliste!B:B,Basis_Preisliste!F:F)="",_xlfn.XLOOKUP(B16,Basis_Preisliste!B:B,Basis_Preisliste!G:G),_xlfn.XLOOKUP(B16,Basis_Preisliste!B:B,Basis_Preisliste!F:F)) -> 14.75 | G16: =IF(_xlfn.XLOOKUP(B16,Basis_Preisliste!B:B,Basis_Preisliste!F:F)="","", _xlfn.XLOOKUP(B16,Basis_Preisliste!B:B,Basis_Preisliste!F:F)*(1-$G$3)) | H16: =IF(_xlfn.XLOOKUP(B16,Basis_Preisliste!B:B,Basis_Preisliste!G:G)="","to be defined",_xlfn.XLOOKUP(B16,Basis_Preisliste!B:B,Basis_Preisliste!G:G)*(1-$G$3)) -> 14.75 | I16: =IF(INDEX(Basis_Preisliste!H:H,MATCH(B16,Basis_Preisliste!B:B,0))=0,"",INDEX(Basis_Preisliste!H:H,MATCH(B16,Basis_Preisliste!B:B,0))) -> 20 | J16: =_xlfn.XLOOKUP(B16,'Article Master Data'!B:B,'Article Master Data'!R:R) -> 960 | L16: =IF(O16>0,O16,"") | M16: =ROUNDDOWN(K16/I16,0) -> 0 | N16: =K16-(M16*I16) -> 0 | O16: =IF(AND(N16<>0,G16=""),'Language Layout'!$B$106,M16*I16*H16+N16*IF(G16="",0,G16)) -> 0 | P16: =K16>0 -> FALSE | Q16: =P16*(MAX($Q$7:Q15)+1) -> 0
B17: 109019-022 | C17: =VLOOKUP(B17,'Language Articles'!A:B,2,0) -> Rook hook plain tile Rapid Pro 190x400 | D17: =VLOOKUP(B17,'Language Portfolio'!A:B,2,0) -> Roof hooks | E17: =VLOOKUP(B17,Basis_Preisliste!B:E,4,0) -> 16.359 | F17: =IF(_xlfn.XLOOKUP(B17,Basis_Preisliste!B:B,Basis_Preisliste!F:F)="",_xlfn.XLOOKUP(B17,Basis_Preisliste!B:B,Basis_Preisliste!G:G),_xlfn.XLOOKUP(B17,Basis_Preisliste!B:B,Basis_Preisliste!F:F)) -> 15.58 | G17: =IF(_xlfn.XLOOKUP(B17,Basis_Preisliste!B:B,Basis_Preisliste!F:F)="","", _xlfn.XLOOKUP(B17,Basis_Preisliste!B:B,Basis_Preisliste!F:F)*(1-$G$3)) | H17: =IF(_xlfn.XLOOKUP(B17,Basis_Preisliste!B:B,Basis_Preisliste!G:G)="","to be defined",_xlfn.XLOOKUP(B17,Basis_Preisliste!B:B,Basis_Preisliste!G:G)*(1-$G$3)) -> 15.58 | I17: =IF(INDEX(Basis_Preisliste!H:H,MATCH(B17,Basis_Preisliste!B:B,0))=0,"",INDEX(Basis_Preisliste!H:H,MATCH(B17,Basis_Preisliste!B:B,0))) -> 20 | J17: =_xlfn.XLOOKUP(B17,'Article Master Data'!B:B,'Article Master Data'!R:R) -> 960 | L17: =IF(O17>0,O17,"") | M17: =ROUNDDOWN(K17/I17,0) -> 0 | N17: =K17-(M17*I17) -> 0 | O17: =IF(AND(N17<>0,G17=""),'Language Layout'!$B$106,M17*I17*H17+N17*IF(G17="",0,G17)) -> 0 | P17: =K17>0 -> FALSE | Q17: =P17*(MAX($Q$7:Q16)+1) -> 0
B18: 119026-102 | C18: =VLOOKUP(B18,'Language Articles'!A:B,2,0) -> Rapid2+Pro SML | D18: =VLOOKUP(B18,'Language Portfolio'!A:B,2,0) -> Roof hooks | E18: =VLOOKUP(B18,Basis_Preisliste!B:E,4,0) -> 4.893 | F18: =IF(_xlfn.XLOOKUP(B18,Basis_Preisliste!B:B,Basis_Preisliste!F:F)="",_xlfn.XLOOKUP(B18,Basis_Preisliste!B:B,Basis_Preisliste!G:G),_xlfn.XLOOKUP(B18,Basis_Preisliste!B:B,Basis_Preisliste!F:F)) -> 4.66 | G18: =IF(_xlfn.XLOOKUP(B18,Basis_Preisliste!B:B,Basis_Preisliste!F:F)="","", _xlfn.XLOOKUP(B18,Basis_Preisliste!B:B,Basis_Preisliste!F:F)*(1-$G$3)) | H18: =IF(_xlfn.XLOOKUP(B18,Basis_Preisliste!B:B,Basis_Preisliste!G:G)="","to be defined",_xlfn.XLOOKUP(B18,Basis_Preisliste!B:B,Basis_Preisliste!G:G)*(1-$G$3)) -> 4.66 | I18: =IF(INDEX(Basis_Preisliste!H:H,MATCH(B18,Basis_Preisliste!B:B,0))=0,"",INDEX(Basis_Preisliste!H:H,MATCH(B18,Basis_Preisliste!B:B,0))) -> 20 | J18: =_xlfn.XLOOKUP(B18,'Article Master Data'!B:B,'Article Master Data'!R:R) -> 2240 | L18: =IF(O18>0,O18,"") | M18: =ROUNDDOWN(K18/I18,0) -> 0 | N18: =K18-(M18*I18) -> 0 | O18: =IF(AND(N18<>0,G18=""),'Language Layout'!$B$106,M18*I18*H18+N18*IF(G18="",0,G18)) -> 0 | P18: =K18>0 -> FALSE | Q18: =P18*(MAX($Q$7:Q17)+1) -> 0
B19: 119014-012 | C19: =VLOOKUP(B19,'Language Articles'!A:B,2,0) -> FixT-K with KlickTop | D19: =VLOOKUP(B19,'Language Portfolio'!A:B,2,0) -> Roof hooks | E19: =VLOOKUP(B19,Basis_Preisliste!B:E,4,0) -> 11.214 | F19: =IF(_xlfn.XLOOKUP(B19,Basis_Preisliste!B:B,Basis_Preisliste!F:F)="",_xlfn.XLOOKUP(B19,Basis_Preisliste!B:B,Basis_Preisliste!G:G),_xlfn.XLOOKUP(B19,Basis_Preisliste!B:B,Basis_Preisliste!F:F)) -> 10.68 | G19: =IF(_xlfn.XLOOKUP(B19,Basis_Preisliste!B:B,Basis_Preisliste!F:F)="","", _xlfn.XLOOKUP(B19,Basis_Preisliste!B:B,Basis_Preisliste!F:F)*(1-$G$3)) | H19: =IF(_xlfn.XLOOKUP(B19,Basis_Preisliste!B:B,Basis_Preisliste!G:G)="","to be defined",_xlfn.XLOOKUP(B19,Basis_Preisliste!B:B,Basis_Preisliste!G:G)*(1-$G$3)) -> 10.68 | I19: =IF(INDEX(Basis_Preisliste!H:H,MATCH(B19,Basis_Preisliste!B:B,0))=0,"",INDEX(Basis_Preisliste!H:H,MATCH(B19,Basis_Preisliste!B:B,0))) -> 50 | J19: =_xlfn.XLOOKUP(B19,'Article Master Data'!B:B,'Article Master Data'!R:R) -> 1200 | L19: =IF(O19>0,O19,"") | M19: =ROUNDDOWN(K19/I19,0) -> 0 | N19: =K19-(M19*I19) -> 0 | O19: =IF(AND(N19<>0,G19=""),'Language Layout'!$B$106,M19*I19*H19+N19*IF(G19="",0,G19)) -> 0 | P19: =K19>0 -> FALSE | Q19: =P19*(MAX($Q$7:Q18)+1) -> 0
... B98: 131101-101 | C98: =VLOOKUP(B98,'Language Articles'!A:B,2,0) -> End clamp Rapid16 30 - 40 L | D98: =VLOOKUP(B98,'Language Portfolio'!A:B,2,0) -> Module clamps | E98: =VLOOKUP(B98,Basis_Preisliste!B:E,4,0) -> 2.079 | F98: =IF(_xlfn.XLOOKUP(B98,Basis_Preisliste!B:B,Basis_Preisliste!F:F)="",_xlfn.XLOOKUP(B98,Basis_Preisliste!B:B,Basis_Preisliste!G:G),_xlfn.XLOOKUP(B98,Basis_Preisliste!B:B,Basis_Preisliste!F:F)) -> 1.98 | G98: =IF(_xlfn.XLOOKUP(B98,Basis_Preisliste!B:B,Basis_Preisliste!F:F)="","", _xlfn.XLOOKUP(B98,Basis_Preisliste!B:B,Basis_Preisliste!F:F)*(1-$G$3)) | H98: =IF(_xlfn.XLOOKUP(B98,Basis_Preisliste!B:B,Basis_Preisliste!G:G)="","to be defined",_xlfn.XLOOKUP(B98,Basis_Preisliste!B:B,Basis_Preisliste!G:G)*(1-$G$3)) -> 1.98 | I98: =IF(INDEX(Basis_Preisliste!H:H,MATCH(B98,Basis_Preisliste!B:B,0))=0,"",INDEX(Basis_Preisliste!H:H,MATCH(B98,Basis_Preisliste!B:B,0))) -> 50 | J98: =_xlfn.XLOOKUP(B98,'Article Master Data'!B:B,'Article Master Data'!R:R) -> 2400 | L98: =IF(O98>0,O98,"") | M98: =ROUNDDOWN(K98/I98,0) -> 0 | N98: =K98-(M98*I98) -> 0 | O98: =IF(AND(N98<>0,G98=""),'Language Layout'!$B$106,M98*I98*H98+N98*IF(G98="",0,G98)) -> 0 | P98: =K98>0 -> FALSE | Q98: =P98*(MAX($Q$7:Q97)+1) -> 0
B99: 131121-021 | C99: =VLOOKUP(B99,'Language Articles'!A:B,2,0) -> Middle clamp Classic wide | D99: =VLOOKUP(B99,'Language Portfolio'!A:B,2,0) -> Module clamps | E99: =VLOOKUP(B99,Basis_Preisliste!B:E,4,0) -> 1.743 | F99: =IF(_xlfn.XLOOKUP(B99,Basis_Preisliste!B:B,Basis_Preisliste!F:F)="",_xlfn.XLOOKUP(B99,Basis_Preisliste!B:B,Basis_Preisliste!G:G),_xlfn.XLOOKUP(B99,Basis_Preisliste!B:B,Basis_Preisliste!F:F)) -> 1.66 | G99: =IF(_xlfn.XLOOKUP(B99,Basis_Preisliste!B:B,Basis_Preisliste!F:F)="","", _xlfn.XLOOKUP(B99,Basis_Preisliste!B:B,Basis_Preisliste!F:F)*(1-$G$3)) | H99: =IF(_xlfn.XLOOKUP(B99,Basis_Preisliste!B:B,Basis_Preisliste!G:G)="","to be defined",_xlfn.XLOOKUP(B99,Basis_Preisliste!B:B,Basis_Preisliste!G:G)*(1-$G$3)) -> 1.66 | I99: =IF(INDEX(Basis_Preisliste!H:H,MATCH(B99,Basis_Preisliste!B:B,0))=0,"",INDEX(Basis_Preisliste!H:H,MATCH(B99,Basis_Preisliste!B:B,0))) -> 100 | J99: =_xlfn.XLOOKUP(B99,'Article Master Data'!B:B,'Article Master Data'!R:R) -> 6400 | L99: =IF(O99>0,O99,"")
B100: 131101-022 | C100: =VLOOKUP(B100,'Language Articles'!A:B,2,0) -> End clamp Classic wide V | D100: =VLOOKUP(B100,'Language Portfolio'!A:B,2,0) -> Module clamps | E100: =VLOOKUP(B100,Basis_Preisliste!B:E,4,0) -> 1.7745 | F100: =IF(_xlfn.XLOOKUP(B100,Basis_Preisliste!B:B,Basis_Preisliste!F:F)="",_xlfn.XLOOKUP(B100,Basis_Preisliste!B:B,Basis_Preisliste!G:G),_xlfn.XLOOKUP(B100,Basis_Preisliste!B:B,Basis_Preisliste!F:F)) -> 1.69 | G100: =IF(_xlfn.XLOOKUP(B100,Basis_Preisliste!B:B,Basis_Preisliste!F:F)="","", _xlfn.XLOOKUP(B100,Basis_Preisliste!B:B,Basis_Preisliste!F:F)*(1-$G$3)) | H100: =IF(_xlfn.XLOOKUP(B100,Basis_Preisliste!B:B,Basis_Preisliste!G:G)="","to be defined",_xlfn.XLOOKUP(B100,Basis_Preisliste!B:B,Basis_Preisliste!G:G)*(1-$G$3)) -> 1.69 | I100: =IF(INDEX(Basis_Preisliste!H:H,MATCH(B100,Basis_Preisliste!B:B,0))=0,"",INDEX(Basis_Preisliste!H:H,MATCH(B100,Basis_Preisliste!B:B,0))) -> 50 | J100: =_xlfn.XLOOKUP(B100,'Article Master Data'!B:B,'Article Master Data'!R:R) -> 6400 | L100: =IF(O100>0,O100,"")
B101: 131101-021 | C101: =VLOOKUP(B101,'Language Articles'!A:B,2,0) -> End clamp Classic wide H | D101: =VLOOKUP(B101,'Language Portfolio'!A:B,2,0) -> Module clamps | E101: =VLOOKUP(B101,Basis_Preisliste!B:E,4,0) -> 1.7745 | F101: =IF(_xlfn.XLOOKUP(B101,Basis_Preisliste!B:B,Basis_Preisliste!F:F)="",_xlfn.XLOOKUP(B101,Basis_Preisliste!B:B,Basis_Preisliste!G:G),_xlfn.XLOOKUP(B101,Basis_Preisliste!B:B,Basis_Preisliste!F:F)) -> 1.69 | G101: =IF(_xlfn.XLOOKUP(B101,Basis_Preisliste!B:B,Basis_Preisliste!F:F)="","", _xlfn.XLOOKUP(B101,Basis_Preisliste!B:B,Basis_Preisliste!F:F)*(1-$G$3)) | H101: =IF(_xlfn.XLOOKUP(B101,Basis_Preisliste!B:B,Basis_Preisliste!G:G)="","to be defined",_xlfn.XLOOKUP(B101,Basis_Preisliste!B:B,Basis_Preisliste!G:G)*(1-$G$3)) -> 1.69 | I101: =IF(INDEX(Basis_Preisliste!H:H,MATCH(B101,Basis_Preisliste!B:B,0))=0,"",INDEX(Basis_Preisliste!H:H,MATCH(B101,Basis_Preisliste!B:B,0))) -> 50 | J101: =_xlfn.XLOOKUP(B101,'Article Master Data'!B:B,'Article Master Data'!R:R) -> 6400 | L101: =IF(O101>0,O101,"")
B102: 131121-921 | C102: =VLOOKUP(B102,'Language Articles'!A:B,2,0) -> Middle clamp Classic wide black | D102: =VLOOKUP(B102,'Language Portfolio'!A:B,2,0) -> Module clamps | E102: =VLOOKUP(B102,Basis_Preisliste!B:E,4,0) -> 2.7615 | F102: =IF(_xlfn.XLOOKUP(B102,Basis_Preisliste!B:B,Basis_Preisliste!F:F)="",_xlfn.XLOOKUP(B102,Basis_Preisliste!B:B,Basis_Preisliste!G:G),_xlfn.XLOOKUP(B102,Basis_Preisliste!B:B,Basis_Preisliste!F:F)) -> 2.63 | G102: =IF(_xlfn.XLOOKUP(B102,Basis_Preisliste!B:B,Basis_Preisliste!F:F)="","", _xlfn.XLOOKUP(B102,Basis_Preisliste!B:B,Basis_Preisliste!F:F)*(1-$G$3)) | H102: =IF(_xlfn.XLOOKUP(B102,Basis_Preisliste!B:B,Basis_Preisliste!G:G)="","to be defined",_xlfn.XLOOKUP(B102,Basis_Preisliste!B:B,Basis_Preisliste!G:G)*(1-$G$3)) -> 2.63 | I102: =IF(INDEX(Basis_Preisliste!H:H,MATCH(B102,Basis_Preisliste!B:B,0))=0,"",INDEX(Basis_Preisliste!H:H,MATCH(B102,Basis_Preisliste!B:B,0))) -> 100 | J102: =_xlfn.XLOOKUP(B102,'Article Master Data'!B:B,'Article Master Data'!R:R) -> 6400 | L102: =IF(O102>0,O102,"")
B103: 131101-922 | C103: =VLOOKUP(B103,'Language Articles'!A:B,2,0) -> End clamp Classic wide V black | D103: =VLOOKUP(B103,'Language Portfolio'!A:B,2,0) -> Module clamps | E103: =VLOOKUP(B103,Basis_Preisliste!B:E,4,0) -> 2.7615 | F103: =IF(_xlfn.XLOOKUP(B103,Basis_Preisliste!B:B,Basis_Preisliste!F:F)="",_xlfn.XLOOKUP(B103,Basis_Preisliste!B:B,Basis_Preisliste!G:G),_xlfn.XLOOKUP(B103,Basis_Preisliste!B:B,Basis_Preisliste!F:F)) -> 2.63 | G103: =IF(_xlfn.XLOOKUP(B103,Basis_Preisliste!B:B,Basis_Preisliste!F:F)="","", _xlfn.XLOOKUP(B103,Basis_Preisliste!B:B,Basis_Preisliste!F:F)*(1-$G$3)) | H103: =IF(_xlfn.XLOOKUP(B103,Basis_Preisliste!B:B,Basis_Preisliste!G:G)="","to be defined",_xlfn.XLOOKUP(B103,Basis_Preisliste!B:B,Basis_Preisliste!G:G)*(1-$G$3)) -> 2.63 | I103: =IF(INDEX(Basis_Preisliste!H:H,MATCH(B103,Basis_Preisliste!B:B,0))=0,"",INDEX(Basis_Preisliste!H:H,MATCH(B103,Basis_Preisliste!B:B,0))) -> 50 | J103: =_xlfn.XLOOKUP(B103,'Article Master Data'!B:B,'Article Master Data'!R:R) -> 6400 | L103: =IF(O103>0,O103,"")
B104: 131101-921 | C104: =VLOOKUP(B104,'Language Articles'!A:B,2,0) -> End clamp Classic wide H black | D104: =VLOOKUP(B104,'Language Portfolio'!A:B,2,0) -> Module clamps | E104: =VLOOKUP(B104,Basis_Preisliste!B:E,4,0) -> 2.814 | F104: =IF(_xlfn.XLOOKUP(B104,Basis_Preisliste!B:B,Basis_Preisliste!F:F)="",_xlfn.XLOOKUP(B104,Basis_Preisliste!B:B,Basis_Preisliste!G:G),_xlfn.XLOOKUP(B104,Basis_Preisliste!B:B,Basis_Preisliste!F:F)) -> 2.68 | G104: =IF(_xlfn.XLOOKUP(B104,Basis_Preisliste!B:B,Basis_Preisliste!F:F)="","", _xlfn.XLOOKUP(B104,Basis_Preisliste!B:B,Basis_Preisliste!F:F)*(1-$G$3)) | H104: =IF(_xlfn.XLOOKUP(B104,Basis_Preisliste!B:B,Basis_Preisliste!G:G)="","to be defined",_xlfn.XLOOKUP(B104,Basis_Preisliste!B:B,Basis_Preisliste!G:G)*(1-$G$3)) -> 2.68 | I104: =IF(INDEX(Basis_Preisliste!H:H,MATCH(B104,Basis_Preisliste!B:B,0))=0,"",INDEX(Basis_Preisliste!H:H,MATCH(B104,Basis_Preisliste!B:B,0))) -> 50 | J104: =_xlfn.XLOOKUP(B104,'Article Master Data'!B:B,'Article Master Data'!R:R) -> 6400 | L104: =IF(O104>0,O104,"")
B105: 131020-001 | C105: =VLOOKUP(B105,'Language Articles'!A:B,2,0) -> Middle clamp RapidPro 30-47mm | D105: =VLOOKUP(B105,'Language Portfolio'!A:B,2,0) -> Module clamps | E105: =VLOOKUP(B105,Basis_Preisliste!B:E,4,0) -> 1.6695 | F105: =IF(_xlfn.XLOOKUP(B105,Basis_Preisliste!B:B,Basis_Preisliste!F:F)="",_xlfn.XLOOKUP(B105,Basis_Preisliste!B:B,Basis_Preisliste!G:G),_xlfn.XLOOKUP(B105,Basis_Preisliste!B:B,Basis_Preisliste!F:F)) -> 1.59 | G105: =IF(_xlfn.XLOOKUP(B105,Basis_Preisliste!B:B,Basis_Preisliste!F:F)="","", _xlfn.XLOOKUP(B105,Basis_Preisliste!B:B,Basis_Preisliste!F:F)*(1-$G$3)) | H105: =IF(_xlfn.XLOOKUP(B105,Basis_Preisliste!B:B,Basis_Preisliste!G:G)="","to be defined",_xlfn.XLOOKUP(B105,Basis_Preisliste!B:B,Basis_Preisliste!G:G)*(1-$G$3)) -> 1.59 | I105: =IF(INDEX(Basis_Preisliste!H:H,MATCH(B105,Basis_Preisliste!B:B,0))=0,"",INDEX(Basis_Preisliste!H:H,MATCH(B105,Basis_Preisliste!B:B,0))) -> 100 | J105: =_xlfn.XLOOKUP(B105,'Article Master Data'!B:B,'Article Master Data'!R:R) -> 6400 | L105: =IF(O105>0,O105,"") | M105: =ROUNDDOWN(K105/I105,0) -> 0 | N105: =K105-(M105*I105) -> 0 | O105: =IF(AND(N105<>0,G105=""),'Language Layout'!$B$106,M105*I105*H105+N105*IF(G105="",0,G105)) -> 0 | P105: =K105>0 -> FALSE | Q105: =P105*(MAX($Q$7:Q98)+1) -> 0
B106: 131020-901 | C106: =VLOOKUP(B106,'Language Articles'!A:B,2,0) -> Middle clamp RapidPro 30-47mm bl. anod. | D106: =VLOOKUP(B106,'Language Portfolio'!A:B,2,0) -> Module clamps | E106: =VLOOKUP(B106,Basis_Preisliste!B:E,4,0) -> 2.6985 | F106: =IF(_xlfn.XLOOKUP(B106,Basis_Preisliste!B:B,Basis_Preisliste!F:F)="",_xlfn.XLOOKUP(B106,Basis_Preisliste!B:B,Basis_Preisliste!G:G),_xlfn.XLOOKUP(B106,Basis_Preisliste!B:B,Basis_Preisliste!F:F)) -> 2.57 | G106: =IF(_xlfn.XLOOKUP(B106,Basis_Preisliste!B:B,Basis_Preisliste!F:F)="","", _xlfn.XLOOKUP(B106,Basis_Preisliste!B:B,Basis_Preisliste!F:F)*(1-$G$3)) | H106: =IF(_xlfn.XLOOKUP(B106,Basis_Preisliste!B:B,Basis_Preisliste!G:G)="","to be defined",_xlfn.XLOOKUP(B106,Basis_Preisliste!B:B,Basis_Preisliste!G:G)*(1-$G$3)) -> 2.57 | I106: =IF(INDEX(Basis_Preisliste!H:H,MATCH(B106,Basis_Preisliste!B:B,0))=0,"",INDEX(Basis_Preisliste!H:H,MATCH(B106,Basis_Preisliste!B:B,0))) -> 100 | J106: =_xlfn.XLOOKUP(B106,'Article Master Data'!B:B,'Article Master Data'!R:R) -> 6400 | L106: =IF(O106>0,O106,"") | M106: =ROUNDDOWN(K106/I106,0) -> 0 | N106: =K106-(M106*I106) -> 0 | O106: =IF(AND(N106<>0,G106=""),'Language Layout'!$B$106,M106*I106*H106+N106*IF(G106="",0,G106)) -> 0 | P106: =K106>0 -> FALSE | Q106: =P106*(MAX($Q$7:Q105)+1) -> 0
B107: 131020-000 | C107: =VLOOKUP(B107,'Language Articles'!A:B,2,0) -> End clamp RapidPro 30-47mm | D107: =VLOOKUP(B107,'Language Portfolio'!A:B,2,0) -> Module clamps | E107: =VLOOKUP(B107,Basis_Preisliste!B:E,4,0) -> 1.6695 | F107: =IF(_xlfn.XLOOKUP(B107,Basis_Preisliste!B:B,Basis_Preisliste!F:F)="",_xlfn.XLOOKUP(B107,Basis_Preisliste!B:B,Basis_Preisliste!G:G),_xlfn.XLOOKUP(B107,Basis_Preisliste!B:B,Basis_Preisliste!F:F)) -> 1.59 | G107: =IF(_xlfn.XLOOKUP(B107,Basis_Preisliste!B:B,Basis_Preisliste!F:F)="","", _xlfn.XLOOKUP(B107,Basis_Preisliste!B:B,Basis_Preisliste!F:F)*(1-$G$3)) | H107: =IF(_xlfn.XLOOKUP(B107,Basis_Preisliste!B:B,Basis_Preisliste!G:G)="","to be defined",_xlfn.XLOOKUP(B107,Basis_Preisliste!B:B,Basis_Preisliste!G:G)*(1-$G$3)) -> 1.59 | I107: =IF(INDEX(Basis_Preisliste!H:H,MATCH(B107,Basis_Preisliste!B:B,0))=0,"",INDEX(Basis_Preisliste!H:H,MATCH(B107,Basis_Preisliste!B:B,0))) -> 50 | J107: =_xlfn.XLOOKUP(B107,'Article Master Data'!B:B,'Article Master Data'!R:R) -> 6400 | L107: =IF(O107>0,O107,"") | M107: =ROUNDDOWN(K107/I107,0) -> 0 | N107: =K107-(M107*I107) -> 0 | O107: =IF(AND(N107<>0,G107=""),'Language Layout'!$B$106,M107*I107*H107+N107*IF(G107="",0,G107)) -> 0 | P107: =K107>0 -> FALSE | Q107: =P107*(MAX($Q$7:Q106)+1) -> 0
B108: 131020-900 | C108: =VLOOKUP(B108,'Language Articles'!A:B,2,0) -> End clamp RapidPro 30-47mm bl. anod. | D108: =VLOOKUP(B108,'Language Portfolio'!A:B,2,0) -> Module clamps | E108: =VLOOKUP(B108,Basis_Preisliste!B:E,4,0) -> 2.6985 | F108: =IF(_xlfn.XLOOKUP(B108,Basis_Preisliste!B:B,Basis_Preisliste!F:F)="",_xlfn.XLOOKUP(B108,Basis_Preisliste!B:B,Basis_Preisliste!G:G),_xlfn.XLOOKUP(B108,Basis_Preisliste!B:B,Basis_Preisliste!F:F)) -> 2.57 | G108: =IF(_xlfn.XLOOKUP(B108,Basis_Preisliste!B:B,Basis_Preisliste!F:F)="","", _xlfn.XLOOKUP(B108,Basis_Preisliste!B:B,Basis_Preisliste!F:F)*(1-$G$3)) | H108: =IF(_xlfn.XLOOKUP(B108,Basis_Preisliste!B:B,Basis_Preisliste!G:G)="","to be defined",_xlfn.XLOOKUP(B108,Basis_Preisliste!B:B,Basis_Preisliste!G:G)*(1-$G$3)) -> 2.57 | I108: =IF(INDEX(Basis_Preisliste!H:H,MATCH(B108,Basis_Preisliste!B:B,0))=0,"",INDEX(Basis_Preisliste!H:H,MATCH(B108,Basis_Preisliste!B:B,0))) -> 50 | J108: =_xlfn.XLOOKUP(B108,'Article Master Data'!B:B,'Article Master Data'!R:R) -> 6400 | L108: =IF(O108>0,O108,"") | M108: =ROUNDDOWN(K108/I108,0) -> 0 | N108: =K108-(M108*I108) -> 0 | O108: =IF(AND(N108<>0,G108=""),'Language Layout'!$B$106,M108*I108*H108+N108*IF(G108="",0,G108)) -> 0 | P108: =K108>0 -> FALSE | Q108: =P108*(MAX($Q$7:Q107)+1) -> 0
B109: 131021-000 | C109: =VLOOKUP(B109,'Language Articles'!A:B,2,0) -> End clamp Pro | D109: =VLOOKUP(B109,'Language Portfolio'!A:B,2,0) -> Module clamps | E109: =VLOOKUP(B109,Basis_Preisliste!B:E,4,0) -> 1.68 | F109: =IF(_xlfn.XLOOKUP(B109,Basis_Preisliste!B:B,Basis_Preisliste!F:F)="",_xlfn.XLOOKUP(B109,Basis_Preisliste!B:B,Basis_Preisliste!G:G),_xlfn.XLOOKUP(B109,Basis_Preisliste!B:B,Basis_Preisliste!F:F)) -> 1.6 | G109: =IF(_xlfn.XLOOKUP(B109,Basis_Preisliste!B:B,Basis_Preisliste!F:F)="","", _xlfn.XLOOKUP(B109,Basis_Preisliste!B:B,Basis_Preisliste!F:F)*(1-$G$3)) | H109: =IF(_xlfn.XLOOKUP(B109,Basis_Preisliste!B:B,Basis_Preisliste!G:G)="","to be defined",_xlfn.XLOOKUP(B109,Basis_Preisliste!B:B,Basis_Preisliste!G:G)*(1-$G$3)) -> 1.6 | I109: =IF(INDEX(Basis_Preisliste!H:H,MATCH(B109,Basis_Preisliste!B:B,0))=0,"",INDEX(Basis_Preisliste!H:H,MATCH(B109,Basis_Preisliste!B:B,0))) -> 50 | J109: =_xlfn.XLOOKUP(B109,'Article Master Data'!B:B,'Article Master Data'!R:R) -> 5600 | L109: =IF(O109>0,O109,"") | M109: =ROUNDDOWN(K109/I109,0) -> 0 | N109: =K109-(M109*I109) -> 0 | O109: =IF(AND(N109<>0,G109=""),'Language Layout'!$B$106,M109*I109*H109+N109*IF(G109="",0,G109)) -> 0 | P109: =K109>0 -> FALSE | Q109: =P109*(MAX($Q$7:Q108)+1) -> 0
B110: 131021-001 | C110: =VLOOKUP(B110,'Language Articles'!A:B,2,0) -> Middle clamp Pro | D110: =VLOOKUP(B110,'Language Portfolio'!A:B,2,0) -> Module clamps | E110: =VLOOKUP(B110,Basis_Preisliste!B:E,4,0) -> 1.68 | F110: =IF(_xlfn.XLOOKUP(B110,Basis_Preisliste!B:B,Basis_Preisliste!F:F)="",_xlfn.XLOOKUP(B110,Basis_Preisliste!B:B,Basis_Preisliste!G:G),_xlfn.XLOOKUP(B110,Basis_Preisliste!B:B,Basis_Preisliste!F:F)) -> 1.6 | G110: =IF(_xlfn.XLOOKUP(B110,Basis_Preisliste!B:B,Basis_Preisliste!F:F)="","", _xlfn.XLOOKUP(B110,Basis_Preisliste!B:B,Basis_Preisliste!F:F)*(1-$G$3)) | H110: =IF(_xlfn.XLOOKUP(B110,Basis_Preisliste!B:B,Basis_Preisliste!G:G)="","to be defined",_xlfn.XLOOKUP(B110,Basis_Preisliste!B:B,Basis_Preisliste!G:G)*(1-$G$3)) -> 1.6 | I110: =IF(INDEX(Basis_Preisliste!H:H,MATCH(B110,Basis_Preisliste!B:B,0))=0,"",INDEX(Basis_Preisliste!H:H,MATCH(B110,Basis_Preisliste!B:B,0))) -> 100 | J110: =_xlfn.XLOOKUP(B110,'Article Master Data'!B:B,'Article Master Data'!R:R) -> 4800 | L110: =IF(O110>0,O110,"") | M110: =ROUNDDOWN(K110/I110,0) -> 0 | N110: =K110-(M110*I110) -> 0 | O110: =IF(AND(N110<>0,G110=""),'Language Layout'!$B$106,M110*I110*H110+N110*IF(G110="",0,G110)) -> 0 | P110: =K110>0 -> FALSE | Q110: =P110*(MAX($Q$7:Q109)+1) -> 0
B111: 131021-900 | C111: =VLOOKUP(B111,'Language Articles'!A:B,2,0) -> End clamp Pro black | D111: =VLOOKUP(B111,'Language Portfolio'!A:B,2,0) -> Module clamps | E111: =VLOOKUP(B111,Basis_Preisliste!B:E,4,0) -> 2.709 | F111: =IF(_xlfn.XLOOKUP(B111,Basis_Preisliste!B:B,Basis_Preisliste!F:F)="",_xlfn.XLOOKUP(B111,Basis_Preisliste!B:B,Basis_Preisliste!G:G),_xlfn.XLOOKUP(B111,Basis_Preisliste!B:B,Basis_Preisliste!F:F)) -> 2.58 | G111: =IF(_xlfn.XLOOKUP(B111,Basis_Preisliste!B:B,Basis_Preisliste!F:F)="","", _xlfn.XLOOKUP(B111,Basis_Preisliste!B:B,Basis_Preisliste!F:F)*(1-$G$3)) | H111: =IF(_xlfn.XLOOKUP(B111,Basis_Preisliste!B:B,Basis_Preisliste!G:G)="","to be defined",_xlfn.XLOOKUP(B111,Basis_Preisliste!B:B,Basis_Preisliste!G:G)*(1-$G$3)) -> 2.58 | I111: =IF(INDEX(Basis_Preisliste!H:H,MATCH(B111,Basis_Preisliste!B:B,0))=0,"",INDEX(Basis_Preisliste!H:H,MATCH(B111,Basis_Preisliste!B:B,0))) -> 50 | J111: =_xlfn.XLOOKUP(B111,'Article Master Data'!B:B,'Article Master Data'!R:R) -> 5600 | L111: =IF(O111>0,O111,"") | M111: =ROUNDDOWN(K111/I111,0) -> 0 | N111: =K111-(M111*I111) -> 0 | O111: =IF(AND(N111<>0,G111=""),'Language Layout'!$B$106,M111*I111*H111+N111*IF(G111="",0,G111)) -> 0 | P111: =K111>0 -> FALSE | Q111: =P111*(MAX($Q$7:Q110)+1) -> 0
B112: 131021-901 | C112: =VLOOKUP(B112,'Language Articles'!A:B,2,0) -> Middle clamp Pro black | D112: =VLOOKUP(B112,'Language Portfolio'!A:B,2,0) -> Module clamps | E112: =VLOOKUP(B112,Basis_Preisliste!B:E,4,0) -> 2.709 | F112: =IF(_xlfn.XLOOKUP(B112,Basis_Preisliste!B:B,Basis_Preisliste!F:F)="",_xlfn.XLOOKUP(B112,Basis_Preisliste!B:B,Basis_Preisliste!G:G),_xlfn.XLOOKUP(B112,Basis_Preisliste!B:B,Basis_Preisliste!F:F)) -> 2.58 | G112: =IF(_xlfn.XLOOKUP(B112,Basis_Preisliste!B:B,Basis_Preisliste!F:F)="","", _xlfn.XLOOKUP(B112,Basis_Preisliste!B:B,Basis_Preisliste!F:F)*(1-$G$3)) | H112: =IF(_xlfn.XLOOKUP(B112,Basis_Preisliste!B:B,Basis_Preisliste!G:G)="","to be defined",_xlfn.XLOOKUP(B112,Basis_Preisliste!B:B,Basis_Preisliste!G:G)*(1-$G$3)) -> 2.58 | I112: =IF(INDEX(Basis_Preisliste!H:H,MATCH(B112,Basis_Preisliste!B:B,0))=0,"",INDEX(Basis_Preisliste!H:H,MATCH(B112,Basis_Preisliste!B:B,0))) -> 100 | J112: =_xlfn.XLOOKUP(B112,'Article Master Data'!B:B,'Article Master Data'!R:R) -> 4800 | L112: =IF(O112>0,O112,"") | M112: =ROUNDDOWN(K112/I112,0) -> 0 | N112: =K112-(M112*I112) -> 0 | O112: =IF(AND(N112<>0,G112=""),'Language Layout'!$B$106,M112*I112*H112+N112*IF(G112="",0,G112)) -> 0 | P112: =K112>0 -> FALSE | Q112: =P112*(MAX($Q$7:Q111)+1) -> 0
B113: 132101-308 | C113: =VLOOKUP(B113,'Language Articles'!A:B,2,0) -> End clamp Profi narrow 3-8mm kit | D113: =VLOOKUP(B113,'Language Portfolio'!A:B,2,0) -> Module clamps | E113: =VLOOKUP(B113,Basis_Preisliste!B:E,4,0) -> 7.2345 | F113: =IF(_xlfn.XLOOKUP(B113,Basis_Preisliste!B:B,Basis_Preisliste!F:F)="",_xlfn.XLOOKUP(B113,Basis_Preisliste!B:B,Basis_Preisliste!G:G),_xlfn.XLOOKUP(B113,Basis_Preisliste!B:B,Basis_Preisliste!F:F)) -> 6.89 | G113: =IF(_xlfn.XLOOKUP(B113,Basis_Preisliste!B:B,Basis_Preisliste!F:F)="","", _xlfn.XLOOKUP(B113,Basis_Preisliste!B:B,Basis_Preisliste!F:F)*(1-$G$3)) | H113: =IF(_xlfn.XLOOKUP(B113,Basis_Preisliste!B:B,Basis_Preisliste!G:G)="","to be defined",_xlfn.XLOOKUP(B113,Basis_Preisliste!B:B,Basis_Preisliste!G:G)*(1-$G$3)) -> 6.89 | I113: =IF(INDEX(Basis_Preisliste!H:H,MATCH(B113,Basis_Preisliste!B:B,0))=0,"",INDEX(Basis_Preisliste!H:H,MATCH(B113,Basis_Preisliste!B:B,0))) -> 100 | J113: =_xlfn.XLOOKUP(B113,'Article Master Data'!B:B,'Article Master Data'!R:R) -> 2400 | L113: =IF(O113>0,O113,"") | M113: =ROUNDDOWN(K113/I113,0) -> 0 | N113: =K113-(M113*I113) -> 0 | O113: =IF(AND(N113<>0,G113=""),'Language Layout'!$B$106,M113*I113*H113+N113*IF(G113="",0,G113)) -> 0 | P113: =K113>0 -> FALSE | Q113: =P113*(MAX($Q$7:Q112)+1) -> 0
B114: 132102-308 | C114: =VLOOKUP(B114,'Language Articles'!A:B,2,0) -> End clamp Profi wide 3-8mm set | D114: =VLOOKUP(B114,'Language Portfolio'!A:B,2,0) -> Module clamps | E114: =VLOOKUP(B114,Basis_Preisliste!B:E,4,0) -> 7.2345 | F114: =IF(_xlfn.XLOOKUP(B114,Basis_Preisliste!B:B,Basis_Preisliste!F:F)="",_xlfn.XLOOKUP(B114,Basis_Preisliste!B:B,Basis_Preisliste!G:G),_xlfn.XLOOKUP(B114,Basis_Preisliste!B:B,Basis_Preisliste!F:F)) -> 6.89 | G114: =IF(_xlfn.XLOOKUP(B114,Basis_Preisliste!B:B,Basis_Preisliste!F:F)="","", _xlfn.XLOOKUP(B114,Basis_Preisliste!B:B,Basis_Preisliste!F:F)*(1-$G$3)) | H114: =IF(_xlfn.XLOOKUP(B114,Basis_Preisliste!B:B,Basis_Preisliste!G:G)="","to be defined",_xlfn.XLOOKUP(B114,Basis_Preisliste!B:B,Basis_Preisliste!G:G)*(1-$G$3)) -> 6.89 | I114: =IF(INDEX(Basis_Preisliste!H:H,MATCH(B114,Basis_Preisliste!B:B,0))=0,"",INDEX(Basis_Preisliste!H:H,MATCH(B114,Basis_Preisliste!B:B,0))) -> 100 | J114: =_xlfn.XLOOKUP(B114,'Article Master Data'!B:B,'Article Master Data'!R:R) -> 2400 | L114: =IF(O114>0,O114,"") | M114: =ROUNDDOWN(K114/I114,0) -> 0 | N114: =K114-(M114*I114) -> 0 | O114: =IF(AND(N114<>0,G114=""),'Language Layout'!$B$106,M114*I114*H114+N114*IF(G114="",0,G114)) -> 0 | P114: =K114>0 -> FALSE | Q114: =P114*(MAX($Q$7:Q113)+1) -> 0
B115: 132201-308 | C115: =VLOOKUP(B115,'Language Articles'!A:B,2,0) -> Middle clamp Profi narrow 3-8mm kit | D115: =VLOOKUP(B115,'Language Portfolio'!A:B,2,0) -> Module clamps | E115: =VLOOKUP(B115,Basis_Preisliste!B:E,4,0) -> 7.2345 | F115: =IF(_xlfn.XLOOKUP(B115,Basis_Preisliste!B:B,Basis_Preisliste!F:F)="",_xlfn.XLOOKUP(B115,Basis_Preisliste!B:B,Basis_Preisliste!G:G),_xlfn.XLOOKUP(B115,Basis_Preisliste!B:B,Basis_Preisliste!F:F)) -> 6.89 | G115: =IF(_xlfn.XLOOKUP(B115,Basis_Preisliste!B:B,Basis_Preisliste!F:F)="","", _xlfn.XLOOKUP(B115,Basis_Preisliste!B:B,Basis_Preisliste!F:F)*(1-$G$3)) | H115: =IF(_xlfn.XLOOKUP(B115,Basis_Preisliste!B:B,Basis_Preisliste!G:G)="","to be defined",_xlfn.XLOOKUP(B115,Basis_Preisliste!B:B,Basis_Preisliste!G:G)*(1-$G$3)) -> 6.89 | I115: =IF(INDEX(Basis_Preisliste!H:H,MATCH(B115,Basis_Preisliste!B:B,0))=0,"",INDEX(Basis_Preisliste!H:H,MATCH(B115,Basis_Preisliste!B:B,0))) -> 100 | J115: =_xlfn.XLOOKUP(B115,'Article Master Data'!B:B,'Article Master Data'!R:R) -> 2400 | L115: =IF(O115>0,O115,"") | M115: =ROUNDDOWN(K115/I115,0) -> 0 | N115: =K115-(M115*I115) -> 0 | O115: =IF(AND(N115<>0,G115=""),'Language Layout'!$B$106,M115*I115*H115+N115*IF(G115="",0,G115)) -> 0 | P115: =K115>0 -> FALSE | Q115: =P115*(MAX($Q$7:Q114)+1) -> 0
B116: 132202-308 | C116: =VLOOKUP(B116,'Language Articles'!A:B,2,0) -> Middle clamp Profi wide 3-8mm set | D116: =VLOOKUP(B116,'Language Portfolio'!A:B,2,0) -> Module clamps | E116: =VLOOKUP(B116,Basis_Preisliste!B:E,4,0) -> 7.2345 | F116: =IF(_xlfn.XLOOKUP(B116,Basis_Preisliste!B:B,Basis_Preisliste!F:F)="",_xlfn.XLOOKUP(B116,Basis_Preisliste!B:B,Basis_Preisliste!G:G),_xlfn.XLOOKUP(B116,Basis_Preisliste!B:B,Basis_Preisliste!F:F)) -> 6.89 | G116: =IF(_xlfn.XLOOKUP(B116,Basis_Preisliste!B:B,Basis_Preisliste!F:F)="","", _xlfn.XLOOKUP(B116,Basis_Preisliste!B:B,Basis_Preisliste!F:F)*(1-$G$3)) | H116: =IF(_xlfn.XLOOKUP(B116,Basis_Preisliste!B:B,Basis_Preisliste!G:G)="","to be defined",_xlfn.XLOOKUP(B116,Basis_Preisliste!B:B,Basis_Preisliste!G:G)*(1-$G$3)) -> 6.89 | I116: =IF(INDEX(Basis_Preisliste!H:H,MATCH(B116,Basis_Preisliste!B:B,0))=0,"",INDEX(Basis_Preisliste!H:H,MATCH(B116,Basis_Preisliste!B:B,0))) -> 100 | J116: =_xlfn.XLOOKUP(B116,'Article Master Data'!B:B,'Article Master Data'!R:R) -> 2400 | L116: =IF(O116>0,O116,"") | M116: =ROUNDDOWN(K116/I116,0) -> 0 | N116: =K116-(M116*I116) -> 0 | O116: =IF(AND(N116<>0,G116=""),'Language Layout'!$B$106,M116*I116*H116+N116*IF(G116="",0,G116)) -> 0 | P116: =K116>0 -> FALSE | Q116: =P116*(MAX($Q$7:Q115)+1) -> 0
B117: 133164-168 | C117: =VLOOKUP(B117,'Language Articles'!A:B,2,0) -> End clamp Eco6-S4 6.8mm kit | D117: =VLOOKUP(B117,'Language Portfolio'!A:B,2,0) -> Module clamps | E117: =VLOOKUP(B117,Basis_Preisliste!B:E,4,0) -> 2.6145 | F117: =IF(_xlfn.XLOOKUP(B117,Basis_Preisliste!B:B,Basis_Preisliste!F:F)="",_xlfn.XLOOKUP(B117,Basis_Preisliste!B:B,Basis_Preisliste!G:G),_xlfn.XLOOKUP(B117,Basis_Preisliste!B:B,Basis_Preisliste!F:F)) -> 2.49 | G117: =IF(_xlfn.XLOOKUP(B117,Basis_Preisliste!B:B,Basis_Preisliste!F:F)="","", _xlfn.XLOOKUP(B117,Basis_Preisliste!B:B,Basis_Preisliste!F:F)*(1-$G$3)) | H117: =IF(_xlfn.XLOOKUP(B117,Basis_Preisliste!B:B,Basis_Preisliste!G:G)="","to be defined",_xlfn.XLOOKUP(B117,Basis_Preisliste!B:B,Basis_Preisliste!G:G)*(1-$G$3)) -> 2.49 | I117: =IF(INDEX(Basis_Preisliste!H:H,MATCH(B117,Basis_Preisliste!B:B,0))=0,"",INDEX(Basis_Preisliste!H:H,MATCH(B117,Basis_Preisliste!B:B,0))) -> 100 | J117: =_xlfn.XLOOKUP(B117,'Article Master Data'!B:B,'Article Master Data'!R:R) -> 4800 | L117: =IF(O117>0,O117,"") | M117: =ROUNDDOWN(K117/I117,0) -> 0 | N117: =K117-(M117*I117) -> 0 | O117: =IF(AND(N117<>0,G117=""),'Language Layout'!$B$106,M117*I117*H117+N117*IF(G117="",0,G117)) -> 0 | P117: =K117>0 -> FALSE | Q117: =P117*(MAX($Q$7:Q116)+1) -> 0
... B152: 120020-04400 | C152: =VLOOKUP(B152,'Language Articles'!A:B,2,0) -> Module bearing rail Pro35 4400mm | D152: =VLOOKUP(B152,'Language Portfolio'!A:B,2,0) -> Profiles | E152: =VLOOKUP(B152,Basis_Preisliste!B:E,4,0) -> 43.07 | F152: =IF(_xlfn.XLOOKUP(B152,Basis_Preisliste!B:B,Basis_Preisliste!F:F)="",_xlfn.XLOOKUP(B152,Basis_Preisliste!B:B,Basis_Preisliste!G:G),_xlfn.XLOOKUP(B152,Basis_Preisliste!B:B,Basis_Preisliste!F:F)) -> 43.07 | G152: =IF(_xlfn.XLOOKUP(B152,Basis_Preisliste!B:B,Basis_Preisliste!F:F)="","", _xlfn.XLOOKUP(B152,Basis_Preisliste!B:B,Basis_Preisliste!F:F)*(1-$G$3)) -> 43.07 | H152: =IF(_xlfn.XLOOKUP(B152,Basis_Preisliste!B:B,Basis_Preisliste!G:G)="","to be defined",_xlfn.XLOOKUP(B152,Basis_Preisliste!B:B,Basis_Preisliste!G:G)*(1-$G$3)) -> 38.77 | I152: =IF(INDEX(Basis_Preisliste!H:H,MATCH(B152,Basis_Preisliste!B:B,0))=0,"",INDEX(Basis_Preisliste!H:H,MATCH(B152,Basis_Preisliste!B:B,0))) -> 200 | J152: =_xlfn.XLOOKUP(B152,'Article Master Data'!B:B,'Article Master Data'!R:R) -> 200 | L152: =IF(O152>0,O152,"") | M152: =ROUNDDOWN(K152/I152,0) -> 0 | N152: =K152-(M152*I152) -> 0 | O152: =IF(AND(N152<>0,G152=""),'Language Layout'!$B$106,M152*I152*H152+N152*IF(G152="",0,G152)) -> 0 | P152: =K152>0 -> FALSE | Q152: =P152*(MAX($Q$7:Q151)+1) -> 0
B153: 120020-04750 | C153: =VLOOKUP(B153,'Language Articles'!A:B,2,0) -> Module bearing rail Pro35 4750mm | D153: =VLOOKUP(B153,'Language Portfolio'!A:B,2,0) -> Profiles | E153: =VLOOKUP(B153,Basis_Preisliste!B:E,4,0) -> 46.5 | F153: =IF(_xlfn.XLOOKUP(B153,Basis_Preisliste!B:B,Basis_Preisliste!F:F)="",_xlfn.XLOOKUP(B153,Basis_Preisliste!B:B,Basis_Preisliste!G:G),_xlfn.XLOOKUP(B153,Basis_Preisliste!B:B,Basis_Preisliste!F:F)) -> 46.5 | G153: =IF(_xlfn.XLOOKUP(B153,Basis_Preisliste!B:B,Basis_Preisliste!F:F)="","", _xlfn.XLOOKUP(B153,Basis_Preisliste!B:B,Basis_Preisliste!F:F)*(1-$G$3)) -> 46.5 | H153: =IF(_xlfn.XLOOKUP(B153,Basis_Preisliste!B:B,Basis_Preisliste!G:G)="","to be defined",_xlfn.XLOOKUP(B153,Basis_Preisliste!B:B,Basis_Preisliste!G:G)*(1-$G$3)) -> 41.85 | I153: =IF(INDEX(Basis_Preisliste!H:H,MATCH(B153,Basis_Preisliste!B:B,0))=0,"",INDEX(Basis_Preisliste!H:H,MATCH(B153,Basis_Preisliste!B:B,0))) -> 200 | J153: =_xlfn.XLOOKUP(B153,'Article Master Data'!B:B,'Article Master Data'!R:R) -> 200 | L153: =IF(O153>0,O153,"") | M153: =ROUNDDOWN(K153/I153,0) -> 0 | N153: =K153-(M153*I153) -> 0 | O153: =IF(AND(N153<>0,G153=""),'Language Layout'!$B$106,M153*I153*H153+N153*IF(G153="",0,G153)) -> 0 | P153: =K153>0 -> FALSE | Q153: =P153*(MAX($Q$7:Q151)+1) -> 0
B154: 120020-05900 | C154: =VLOOKUP(B154,'Language Articles'!A:B,2,0) -> Module bearing rail Pro35 5900mm | D154: =VLOOKUP(B154,'Language Portfolio'!A:B,2,0) -> Profiles | E154: =VLOOKUP(B154,Basis_Preisliste!B:E,4,0) -> 57.74 | F154: =IF(_xlfn.XLOOKUP(B154,Basis_Preisliste!B:B,Basis_Preisliste!F:F)="",_xlfn.XLOOKUP(B154,Basis_Preisliste!B:B,Basis_Preisliste!G:G),_xlfn.XLOOKUP(B154,Basis_Preisliste!B:B,Basis_Preisliste!F:F)) -> 57.74 | G154: =IF(_xlfn.XLOOKUP(B154,Basis_Preisliste!B:B,Basis_Preisliste!F:F)="","", _xlfn.XLOOKUP(B154,Basis_Preisliste!B:B,Basis_Preisliste!F:F)*(1-$G$3)) -> 57.74 | H154: =IF(_xlfn.XLOOKUP(B154,Basis_Preisliste!B:B,Basis_Preisliste!G:G)="","to be defined",_xlfn.XLOOKUP(B154,Basis_Preisliste!B:B,Basis_Preisliste!G:G)*(1-$G$3)) -> 51.97 | I154: =IF(INDEX(Basis_Preisliste!H:H,MATCH(B154,Basis_Preisliste!B:B,0))=0,"",INDEX(Basis_Preisliste!H:H,MATCH(B154,Basis_Preisliste!B:B,0))) -> 200 | J154: =_xlfn.XLOOKUP(B154,'Article Master Data'!B:B,'Article Master Data'!R:R) -> 200 | L154: =IF(O154>0,O154,"") | M154: =ROUNDDOWN(K154/I154,0) -> 0 | N154: =K154-(M154*I154) -> 0 | O154: =IF(AND(N154<>0,G154=""),'Language Layout'!$B$106,M154*I154*H154+N154*IF(G154="",0,G154)) -> 0 | P154: =K154>0 -> FALSE | Q154: =P154*(MAX($Q$7:Q152)+1) -> 0
B155: 120021-00260 | C155: =VLOOKUP(B155,'Language Articles'!A:B,2,0) -> Module bearing rail Pro50 260mm | D155: =VLOOKUP(B155,'Language Portfolio'!A:B,2,0) -> Profiles | E155: =VLOOKUP(B155,Basis_Preisliste!B:E,4,0) -> 4.137 | F155: =IF(_xlfn.XLOOKUP(B155,Basis_Preisliste!B:B,Basis_Preisliste!F:F)="",_xlfn.XLOOKUP(B155,Basis_Preisliste!B:B,Basis_Preisliste!G:G),_xlfn.XLOOKUP(B155,Basis_Preisliste!B:B,Basis_Preisliste!F:F)) -> 3.94 | G155: =IF(_xlfn.XLOOKUP(B155,Basis_Preisliste!B:B,Basis_Preisliste!F:F)="","", _xlfn.XLOOKUP(B155,Basis_Preisliste!B:B,Basis_Preisliste!F:F)*(1-$G$3)) | H155: =IF(_xlfn.XLOOKUP(B155,Basis_Preisliste!B:B,Basis_Preisliste!G:G)="","to be defined",_xlfn.XLOOKUP(B155,Basis_Preisliste!B:B,Basis_Preisliste!G:G)*(1-$G$3)) -> 3.94 | I155: =IF(INDEX(Basis_Preisliste!H:H,MATCH(B155,Basis_Preisliste!B:B,0))=0,"",INDEX(Basis_Preisliste!H:H,MATCH(B155,Basis_Preisliste!B:B,0))) -> 50 | J155: =_xlfn.XLOOKUP(B155,'Article Master Data'!B:B,'Article Master Data'!R:R) -> 1200 | L155: =IF(O155>0,O155,"") | M155: =ROUNDDOWN(K155/I155,0) -> 0 | N155: =K155-(M155*I155) -> 0 | O155: =IF(AND(N155<>0,G155=""),'Language Layout'!$B$106,M155*I155*H155+N155*IF(G155="",0,G155)) -> 0 | P155: =K155>0 -> FALSE | Q155: =P155*(MAX($Q$7:Q153)+1) -> 0
B156: 120021-02450 | C156: =VLOOKUP(B156,'Language Articles'!A:B,2,0) -> Module bearing rail Pro50 2450mm | D156: =VLOOKUP(B156,'Language Portfolio'!A:B,2,0) -> Profiles | E156: =VLOOKUP(B156,Basis_Preisliste!B:E,4,0) -> 28.17 | F156: =IF(_xlfn.XLOOKUP(B156,Basis_Preisliste!B:B,Basis_Preisliste!F:F)="",_xlfn.XLOOKUP(B156,Basis_Preisliste!B:B,Basis_Preisliste!G:G),_xlfn.XLOOKUP(B156,Basis_Preisliste!B:B,Basis_Preisliste!F:F)) -> 28.17 | G156: =IF(_xlfn.XLOOKUP(B156,Basis_Preisliste!B:B,Basis_Preisliste!F:F)="","", _xlfn.XLOOKUP(B156,Basis_Preisliste!B:B,Basis_Preisliste!F:F)*(1-$G$3)) -> 28.17 | H156: =IF(_xlfn.XLOOKUP(B156,Basis_Preisliste!B:B,Basis_Preisliste!G:G)="","to be defined",_xlfn.XLOOKUP(B156,Basis_Preisliste!B:B,Basis_Preisliste!G:G)*(1-$G$3)) -> 25.35 | I156: =IF(INDEX(Basis_Preisliste!H:H,MATCH(B156,Basis_Preisliste!B:B,0))=0,"",INDEX(Basis_Preisliste!H:H,MATCH(B156,Basis_Preisliste!B:B,0))) -> 150 | J156: =_xlfn.XLOOKUP(B156,'Article Master Data'!B:B,'Article Master Data'!R:R) -> 150 | L156: =IF(O156>0,O156,"") | M156: =ROUNDDOWN(K156/I156,0) -> 0 | N156: =K156-(M156*I156) -> 0 | O156: =IF(AND(N156<>0,G156=""),'Language Layout'!$B$106,M156*I156*H156+N156*IF(G156="",0,G156)) -> 0 | P156: =K156>0 -> FALSE | Q156: =P156*(MAX($Q$7:Q154)+1) -> 0
B157: 120021-03550 | C157: =VLOOKUP(B157,'Language Articles'!A:B,2,0) -> Module bearing rail Pro50 3550mm | D157: =VLOOKUP(B157,'Language Portfolio'!A:B,2,0) -> Profiles | E157: =VLOOKUP(B157,Basis_Preisliste!B:E,4,0) -> 40.81 | F157: =IF(_xlfn.XLOOKUP(B157,Basis_Preisliste!B:B,Basis_Preisliste!F:F)="",_xlfn.XLOOKUP(B157,Basis_Preisliste!B:B,Basis_Preisliste!G:G),_xlfn.XLOOKUP(B157,Basis_Preisliste!B:B,Basis_Preisliste!F:F)) -> 40.81 | G157: =IF(_xlfn.XLOOKUP(B157,Basis_Preisliste!B:B,Basis_Preisliste!F:F)="","", _xlfn.XLOOKUP(B157,Basis_Preisliste!B:B,Basis_Preisliste!F:F)*(1-$G$3)) -> 40.81 | H157: =IF(_xlfn.XLOOKUP(B157,Basis_Preisliste!B:B,Basis_Preisliste!G:G)="","to be defined",_xlfn.XLOOKUP(B157,Basis_Preisliste!B:B,Basis_Preisliste!G:G)*(1-$G$3)) -> 36.73 | I157: =IF(INDEX(Basis_Preisliste!H:H,MATCH(B157,Basis_Preisliste!B:B,0))=0,"",INDEX(Basis_Preisliste!H:H,MATCH(B157,Basis_Preisliste!B:B,0))) -> 150 | J157: =_xlfn.XLOOKUP(B157,'Article Master Data'!B:B,'Article Master Data'!R:R) -> 150 | L157: =IF(O157>0,O157,"") | M157: =ROUNDDOWN(K157/I157,0) -> 0 | N157: =K157-(M157*I157) -> 0 | O157: =IF(AND(N157<>0,G157=""),'Language Layout'!$B$106,M157*I157*H157+N157*IF(G157="",0,G157)) -> 0 | P157: =K157>0 -> FALSE | Q157: =P157*(MAX($Q$7:Q155)+1) -> 0
B158: 120021-04400 | C158: =VLOOKUP(B158,'Language Articles'!A:B,2,0) -> Module bearing rail Pro50 4400mm | D158: =VLOOKUP(B158,'Language Portfolio'!A:B,2,0) -> Profiles | E158: =VLOOKUP(B158,Basis_Preisliste!B:E,4,0) -> 50.6 | F158: =IF(_xlfn.XLOOKUP(B158,Basis_Preisliste!B:B,Basis_Preisliste!F:F)="",_xlfn.XLOOKUP(B158,Basis_Preisliste!B:B,Basis_Preisliste!G:G),_xlfn.XLOOKUP(B158,Basis_Preisliste!B:B,Basis_Preisliste!F:F)) -> 50.6 | G158: =IF(_xlfn.XLOOKUP(B158,Basis_Preisliste!B:B,Basis_Preisliste!F:F)="","", _xlfn.XLOOKUP(B158,Basis_Preisliste!B:B,Basis_Preisliste!F:F)*(1-$G$3)) -> 50.6 | H158: =IF(_xlfn.XLOOKUP(B158,Basis_Preisliste!B:B,Basis_Preisliste!G:G)="","to be defined",_xlfn.XLOOKUP(B158,Basis_Preisliste!B:B,Basis_Preisliste!G:G)*(1-$G$3)) -> 45.54 | I158: =IF(INDEX(Basis_Preisliste!H:H,MATCH(B158,Basis_Preisliste!B:B,0))=0,"",INDEX(Basis_Preisliste!H:H,MATCH(B158,Basis_Preisliste!B:B,0))) -> 150 | J158: =_xlfn.XLOOKUP(B158,'Article Master Data'!B:B,'Article Master Data'!R:R) -> 150 | L158: =IF(O158>0,O158,"") | M158: =ROUNDDOWN(K158/I158,0) -> 0 | N158: =K158-(M158*I158) -> 0 | O158: =IF(AND(N158<>0,G158=""),'Language Layout'!$B$106,M158*I158*H158+N158*IF(G158="",0,G158)) -> 0 | P158: =K158>0 -> FALSE | Q158: =P158*(MAX($Q$7:Q156)+1) -> 0
B159: 120021-04750 | C159: =VLOOKUP(B159,'Language Articles'!A:B,2,0) -> Module bearing rail Pro50 4750mm | D159: =VLOOKUP(B159,'Language Portfolio'!A:B,2,0) -> Profiles | E159: =VLOOKUP(B159,Basis_Preisliste!B:E,4,0) -> 54.63 | F159: =IF(_xlfn.XLOOKUP(B159,Basis_Preisliste!B:B,Basis_Preisliste!F:F)="",_xlfn.XLOOKUP(B159,Basis_Preisliste!B:B,Basis_Preisliste!G:G),_xlfn.XLOOKUP(B159,Basis_Preisliste!B:B,Basis_Preisliste!F:F)) -> 54.63 | G159: =IF(_xlfn.XLOOKUP(B159,Basis_Preisliste!B:B,Basis_Preisliste!F:F)="","", _xlfn.XLOOKUP(B159,Basis_Preisliste!B:B,Basis_Preisliste!F:F)*(1-$G$3)) -> 54.63 | H159: =IF(_xlfn.XLOOKUP(B159,Basis_Preisliste!B:B,Basis_Preisliste!G:G)="","to be defined",_xlfn.XLOOKUP(B159,Basis_Preisliste!B:B,Basis_Preisliste!G:G)*(1-$G$3)) -> 49.17 | I159: =IF(INDEX(Basis_Preisliste!H:H,MATCH(B159,Basis_Preisliste!B:B,0))=0,"",INDEX(Basis_Preisliste!H:H,MATCH(B159,Basis_Preisliste!B:B,0))) -> 150 | J159: =_xlfn.XLOOKUP(B159,'Article Master Data'!B:B,'Article Master Data'!R:R) -> 150 | L159: =IF(O159>0,O159,"") | M159: =ROUNDDOWN(K159/I159,0) -> 0 | N159: =K159-(M159*I159) -> 0 | O159: =IF(AND(N159<>0,G159=""),'Language Layout'!$B$106,M159*I159*H159+N159*IF(G159="",0,G159)) -> 0 | P159: =K159>0 -> FALSE | Q159: =P159*(MAX($Q$7:Q157)+1) -> 0
B160: 120021-94750 | C160: =VLOOKUP(B160,'Language Articles'!A:B,2,0) -> Module bearing rail Pro50 4750mm bl anod | D160: =VLOOKUP(B160,'Language Portfolio'!A:B,2,0) -> Profiles | E160: =VLOOKUP(B160,Basis_Preisliste!B:E,4,0) -> 116.81 | F160: =IF(_xlfn.XLOOKUP(B160,Basis_Preisliste!B:B,Basis_Preisliste!F:F)="",_xlfn.XLOOKUP(B160,Basis_Preisliste!B:B,Basis_Preisliste!G:G),_xlfn.XLOOKUP(B160,Basis_Preisliste!B:B,Basis_Preisliste!F:F)) -> 116.81 | G160: =IF(_xlfn.XLOOKUP(B160,Basis_Preisliste!B:B,Basis_Preisliste!F:F)="","", _xlfn.XLOOKUP(B160,Basis_Preisliste!B:B,Basis_Preisliste!F:F)*(1-$G$3)) -> 116.81 | H160: =IF(_xlfn.XLOOKUP(B160,Basis_Preisliste!B:B,Basis_Preisliste!G:G)="","to be defined",_xlfn.XLOOKUP(B160,Basis_Preisliste!B:B,Basis_Preisliste!G:G)*(1-$G$3)) -> 105.13 | I160: =IF(INDEX(Basis_Preisliste!H:H,MATCH(B160,Basis_Preisliste!B:B,0))=0,"",INDEX(Basis_Preisliste!H:H,MATCH(B160,Basis_Preisliste!B:B,0))) -> 150 | J160: =_xlfn.XLOOKUP(B160,'Article Master Data'!B:B,'Article Master Data'!R:R) -> 150 | L160: =IF(O160>0,O160,"") | M160: =ROUNDDOWN(K160/I160,0) -> 0 | N160: =K160-(M160*I160) -> 0 | O160: =IF(AND(N160<>0,G160=""),'Language Layout'!$B$106,M160*I160*H160+N160*IF(G160="",0,G160)) -> 0 | P160: =K160>0 -> FALSE | Q160: =P160*(MAX($Q$7:Q158)+1) -> 0
B161: 120021-05900 | C161: =VLOOKUP(B161,'Language Articles'!A:B,2,0) -> Module bearing rail Pro50 5900mm | D161: =VLOOKUP(B161,'Language Portfolio'!A:B,2,0) -> Profiles | E161: =VLOOKUP(B161,Basis_Preisliste!B:E,4,0) -> 67.82 | F161: =IF(_xlfn.XLOOKUP(B161,Basis_Preisliste!B:B,Basis_Preisliste!F:F)="",_xlfn.XLOOKUP(B161,Basis_Preisliste!B:B,Basis_Preisliste!G:G),_xlfn.XLOOKUP(B161,Basis_Preisliste!B:B,Basis_Preisliste!F:F)) -> 67.82 | G161: =IF(_xlfn.XLOOKUP(B161,Basis_Preisliste!B:B,Basis_Preisliste!F:F)="","", _xlfn.XLOOKUP(B161,Basis_Preisliste!B:B,Basis_Preisliste!F:F)*(1-$G$3)) -> 67.82 | H161: =IF(_xlfn.XLOOKUP(B161,Basis_Preisliste!B:B,Basis_Preisliste!G:G)="","to be defined",_xlfn.XLOOKUP(B161,Basis_Preisliste!B:B,Basis_Preisliste!G:G)*(1-$G$3)) -> 61.04 | I161: =IF(INDEX(Basis_Preisliste!H:H,MATCH(B161,Basis_Preisliste!B:B,0))=0,"",INDEX(Basis_Preisliste!H:H,MATCH(B161,Basis_Preisliste!B:B,0))) -> 150 | J161: =_xlfn.XLOOKUP(B161,'Article Master Data'!B:B,'Article Master Data'!R:R) -> 150 | L161: =IF(O161>0,O161,"") | M161: =ROUNDDOWN(K161/I161,0) -> 0 | N161: =K161-(M161*I161) -> 0 | O161: =IF(AND(N161<>0,G161=""),'Language Layout'!$B$106,M161*I161*H161+N161*IF(G161="",0,G161)) -> 0 | P161: =K161>0 -> FALSE | Q161: =P161*(MAX($Q$7:Q159)+1) -> 0
B162: 120022-05900 | C162: =VLOOKUP(B162,'Language Articles'!A:B,2,0) -> Module bearing rail Pro70 5900mm | D162: =VLOOKUP(B162,'Language Portfolio'!A:B,2,0) -> Profiles | E162: =VLOOKUP(B162,Basis_Preisliste!B:E,4,0) -> 85.45 | F162: =IF(_xlfn.XLOOKUP(B162,Basis_Preisliste!B:B,Basis_Preisliste!F:F)="",_xlfn.XLOOKUP(B162,Basis_Preisliste!B:B,Basis_Preisliste!G:G),_xlfn.XLOOKUP(B162,Basis_Preisliste!B:B,Basis_Preisliste!F:F)) -> 85.45 | G162: =IF(_xlfn.XLOOKUP(B162,Basis_Preisliste!B:B,Basis_Preisliste!F:F)="","", _xlfn.XLOOKUP(B162,Basis_Preisliste!B:B,Basis_Preisliste!F:F)*(1-$G$3)) -> 85.45 | H162: =IF(_xlfn.XLOOKUP(B162,Basis_Preisliste!B:B,Basis_Preisliste!G:G)="","to be defined",_xlfn.XLOOKUP(B162,Basis_Preisliste!B:B,Basis_Preisliste!G:G)*(1-$G$3)) -> 76.9 | I162: =IF(INDEX(Basis_Preisliste!H:H,MATCH(B162,Basis_Preisliste!B:B,0))=0,"",INDEX(Basis_Preisliste!H:H,MATCH(B162,Basis_Preisliste!B:B,0))) -> 100 | J162: =_xlfn.XLOOKUP(B162,'Article Master Data'!B:B,'Article Master Data'!R:R) -> 100 | L162: =IF(O162>0,O162,"") | M162: =ROUNDDOWN(K162/I162,0) -> 0 | N162: =K162-(M162*I162) -> 0 | O162: =IF(AND(N162<>0,G162=""),'Language Layout'!$B$106,M162*I162*H162+N162*IF(G162="",0,G162)) -> 0 | P162: =K162>0 -> FALSE | Q162: =P162*(MAX($Q$7:Q160)+1) -> 0
B163: 120022-000 | C163: =VLOOKUP(B163,'Language Articles'!A:B,2,0) -> Screw-In Profile Pro70 | D163: =VLOOKUP(B163,'Language Portfolio'!A:B,2,0) -> Profiles | E163: =VLOOKUP(B163,Basis_Preisliste!B:E,4,0) -> 3.3285 | F163: =IF(_xlfn.XLOOKUP(B163,Basis_Preisliste!B:B,Basis_Preisliste!F:F)="",_xlfn.XLOOKUP(B163,Basis_Preisliste!B:B,Basis_Preisliste!G:G),_xlfn.XLOOKUP(B163,Basis_Preisliste!B:B,Basis_Preisliste!F:F)) -> 3.17 | G163: =IF(_xlfn.XLOOKUP(B163,Basis_Preisliste!B:B,Basis_Preisliste!F:F)="","", _xlfn.XLOOKUP(B163,Basis_Preisliste!B:B,Basis_Preisliste!F:F)*(1-$G$3)) | H163: =IF(_xlfn.XLOOKUP(B163,Basis_Preisliste!B:B,Basis_Preisliste!G:G)="","to be defined",_xlfn.XLOOKUP(B163,Basis_Preisliste!B:B,Basis_Preisliste!G:G)*(1-$G$3)) -> 3.17 | I163: =IF(INDEX(Basis_Preisliste!H:H,MATCH(B163,Basis_Preisliste!B:B,0))=0,"",INDEX(Basis_Preisliste!H:H,MATCH(B163,Basis_Preisliste!B:B,0))) -> 100 | J163: =_xlfn.XLOOKUP(B163,'Article Master Data'!B:B,'Article Master Data'!R:R) -> 2400 | L163: =IF(O163>0,O163,"") | M163: =ROUNDDOWN(K163/I163,0) -> 0 | N163: =K163-(M163*I163) -> 0 | O163: =IF(AND(N163<>0,G163=""),'Language Layout'!$B$106,M163*I163*H163+N163*IF(G163="",0,G163)) -> 0 | P163: =K163>0 -> FALSE | Q163: =P163*(MAX($Q$7:Q161)+1) -> 0
B164: 120023-000 | C164: =VLOOKUP(B164,'Language Articles'!A:B,2,0) -> Screw-In Profile Pro100 | D164: =VLOOKUP(B164,'Language Portfolio'!A:B,2,0) -> Profiles | E164: =VLOOKUP(B164,Basis_Preisliste!B:E,4,0) -> 3.5175 | F164: =IF(_xlfn.XLOOKUP(B164,Basis_Preisliste!B:B,Basis_Preisliste!F:F)="",_xlfn.XLOOKUP(B164,Basis_Preisliste!B:B,Basis_Preisliste!G:G),_xlfn.XLOOKUP(B164,Basis_Preisliste!B:B,Basis_Preisliste!F:F)) -> 3.35 | G164: =IF(_xlfn.XLOOKUP(B164,Basis_Preisliste!B:B,Basis_Preisliste!F:F)="","", _xlfn.XLOOKUP(B164,Basis_Preisliste!B:B,Basis_Preisliste!F:F)*(1-$G$3)) | H164: =IF(_xlfn.XLOOKUP(B164,Basis_Preisliste!B:B,Basis_Preisliste!G:G)="","to be defined",_xlfn.XLOOKUP(B164,Basis_Preisliste!B:B,Basis_Preisliste!G:G)*(1-$G$3)) -> 3.35 | I164: =IF(INDEX(Basis_Preisliste!H:H,MATCH(B164,Basis_Preisliste!B:B,0))=0,"",INDEX(Basis_Preisliste!H:H,MATCH(B164,Basis_Preisliste!B:B,0))) -> 70 | J164: =_xlfn.XLOOKUP(B164,'Article Master Data'!B:B,'Article Master Data'!R:R) -> 1680 | L164: =IF(O164>0,O164,"")
B165: 120023-00450 | C165: =VLOOKUP(B165,'Language Articles'!A:B,2,0) -> Module bearing rail Pro100 450 mm | D165: =VLOOKUP(B165,'Language Portfolio'!A:B,2,0) -> Profiles | E165: =VLOOKUP(B165,Basis_Preisliste!B:E,4,0) -> 11.7705 | F165: =IF(_xlfn.XLOOKUP(B165,Basis_Preisliste!B:B,Basis_Preisliste!F:F)="",_xlfn.XLOOKUP(B165,Basis_Preisliste!B:B,Basis_Preisliste!G:G),_xlfn.XLOOKUP(B165,Basis_Preisliste!B:B,Basis_Preisliste!F:F)) -> 11.21 | G165: =IF(_xlfn.XLOOKUP(B165,Basis_Preisliste!B:B,Basis_Preisliste!F:F)="","", _xlfn.XLOOKUP(B165,Basis_Preisliste!B:B,Basis_Preisliste!F:F)*(1-$G$3)) | H165: =IF(_xlfn.XLOOKUP(B165,Basis_Preisliste!B:B,Basis_Preisliste!G:G)="","to be defined",_xlfn.XLOOKUP(B165,Basis_Preisliste!B:B,Basis_Preisliste!G:G)*(1-$G$3)) -> 11.21 | I165: =IF(INDEX(Basis_Preisliste!H:H,MATCH(B165,Basis_Preisliste!B:B,0))=0,"",INDEX(Basis_Preisliste!H:H,MATCH(B165,Basis_Preisliste!B:B,0))) -> 35 | J165: =_xlfn.XLOOKUP(B165,'Article Master Data'!B:B,'Article Master Data'!R:R) -> 280 | L165: =IF(O165>0,O165,"") | M165: =ROUNDDOWN(K165/I165,0) -> 0 | N165: =K165-(M165*I165) -> 0 | O165: =IF(AND(N165<>0,G165=""),'Language Layout'!$B$106,M165*I165*H165+N165*IF(G165="",0,G165)) -> 0 | P165: =K165>0 -> FALSE | Q165: =P165*(MAX($Q$7:Q162)+1) -> 0
B166: 120023-05900 | C166: =VLOOKUP(B166,'Language Articles'!A:B,2,0) -> Module bearing rail Pro100 5900mm | D166: =VLOOKUP(B166,'Language Portfolio'!A:B,2,0) -> Profiles | E166: =VLOOKUP(B166,Basis_Preisliste!B:E,4,0) -> 106.81 | F166: =IF(_xlfn.XLOOKUP(B166,Basis_Preisliste!B:B,Basis_Preisliste!F:F)="",_xlfn.XLOOKUP(B166,Basis_Preisliste!B:B,Basis_Preisliste!G:G),_xlfn.XLOOKUP(B166,Basis_Preisliste!B:B,Basis_Preisliste!F:F)) -> 106.81 | G166: =IF(_xlfn.XLOOKUP(B166,Basis_Preisliste!B:B,Basis_Preisliste!F:F)="","", _xlfn.XLOOKUP(B166,Basis_Preisliste!B:B,Basis_Preisliste!F:F)*(1-$G$3)) -> 106.81 | H166: =IF(_xlfn.XLOOKUP(B166,Basis_Preisliste!B:B,Basis_Preisliste!G:G)="","to be defined",_xlfn.XLOOKUP(B166,Basis_Preisliste!B:B,Basis_Preisliste!G:G)*(1-$G$3)) -> 101.46 | I166: =IF(INDEX(Basis_Preisliste!H:H,MATCH(B166,Basis_Preisliste!B:B,0))=0,"",INDEX(Basis_Preisliste!H:H,MATCH(B166,Basis_Preisliste!B:B,0))) -> 68 | J166: =_xlfn.XLOOKUP(B166,'Article Master Data'!B:B,'Article Master Data'!R:R) -> 68 | L166: =IF(O166>0,O166,"") | M166: =ROUNDDOWN(K166/I166,0) -> 0 | N166: =K166-(M166*I166) -> 0 | O166: =IF(AND(N166<>0,G166=""),'Language Layout'!$B$106,M166*I166*H166+N166*IF(G166="",0,G166)) -> 0 | P166: =K166>0 -> FALSE | Q166: =P166*(MAX($Q$7:Q162)+1) -> 0
B167: 120034-00450 | C167: =VLOOKUP(B167,'Language Articles'!A:B,2,0) -> FixZ Pro 450mm | D167: =VLOOKUP(B167,'Language Portfolio'!A:B,2,0) -> Profiles | E167: =VLOOKUP(B167,Basis_Preisliste!B:E,4,0) -> 4.9245 | F167: =IF(_xlfn.XLOOKUP(B167,Basis_Preisliste!B:B,Basis_Preisliste!F:F)="",_xlfn.XLOOKUP(B167,Basis_Preisliste!B:B,Basis_Preisliste!G:G),_xlfn.XLOOKUP(B167,Basis_Preisliste!B:B,Basis_Preisliste!F:F)) -> 4.69 | G167: =IF(_xlfn.XLOOKUP(B167,Basis_Preisliste!B:B,Basis_Preisliste!F:F)="","", _xlfn.XLOOKUP(B167,Basis_Preisliste!B:B,Basis_Preisliste!F:F)*(1-$G$3)) | H167: =IF(_xlfn.XLOOKUP(B167,Basis_Preisliste!B:B,Basis_Preisliste!G:G)="","to be defined",_xlfn.XLOOKUP(B167,Basis_Preisliste!B:B,Basis_Preisliste!G:G)*(1-$G$3)) -> 4.69 | I167: =IF(INDEX(Basis_Preisliste!H:H,MATCH(B167,Basis_Preisliste!B:B,0))=0,"",INDEX(Basis_Preisliste!H:H,MATCH(B167,Basis_Preisliste!B:B,0))) -> 50 | J167: =_xlfn.XLOOKUP(B167,'Article Master Data'!B:B,'Article Master Data'!R:R) -> 400 | L167: =IF(O167>0,O167,"") | M167: =ROUNDDOWN(K167/I167,0) -> 0 | N167: =K167-(M167*I167) -> 0 | O167: =IF(AND(N167<>0,G167=""),'Language Layout'!$B$106,M167*I167*H167+N167*IF(G167="",0,G167)) -> 0 | P167: =K167>0 -> FALSE | Q167: =P167*(MAX($Q$7:Q166)+1) -> 0
B168: 120034-03550 | C168: =VLOOKUP(B168,'Language Articles'!A:B,2,0) -> FixZ Pro 3550mm | D168: =VLOOKUP(B168,'Language Portfolio'!A:B,2,0) -> Profiles | E168: =VLOOKUP(B168,Basis_Preisliste!B:E,4,0) -> 38.6 | F168: =IF(_xlfn.XLOOKUP(B168,Basis_Preisliste!B:B,Basis_Preisliste!F:F)="",_xlfn.XLOOKUP(B168,Basis_Preisliste!B:B,Basis_Preisliste!G:G),_xlfn.XLOOKUP(B168,Basis_Preisliste!B:B,Basis_Preisliste!F:F)) -> 38.6 | G168: =IF(_xlfn.XLOOKUP(B168,Basis_Preisliste!B:B,Basis_Preisliste!F:F)="","", _xlfn.XLOOKUP(B168,Basis_Preisliste!B:B,Basis_Preisliste!F:F)*(1-$G$3)) -> 38.6 | H168: =IF(_xlfn.XLOOKUP(B168,Basis_Preisliste!B:B,Basis_Preisliste!G:G)="","to be defined",_xlfn.XLOOKUP(B168,Basis_Preisliste!B:B,Basis_Preisliste!G:G)*(1-$G$3)) -> 34.74 | I168: =IF(INDEX(Basis_Preisliste!H:H,MATCH(B168,Basis_Preisliste!B:B,0))=0,"",INDEX(Basis_Preisliste!H:H,MATCH(B168,Basis_Preisliste!B:B,0))) -> 120 | J168: =_xlfn.XLOOKUP(B168,'Article Master Data'!B:B,'Article Master Data'!R:R) -> 120 | L168: =IF(O168>0,O168,"") | M168: =ROUNDDOWN(K168/I168,0) -> 0 | N168: =K168-(M168*I168) -> 0 | O168: =IF(AND(N168<>0,G168=""),'Language Layout'!$B$106,M168*I168*H168+N168*IF(G168="",0,G168)) -> 0 | P168: =K168>0 -> FALSE | Q168: =P168*(MAX($Q$7:Q167)+1) -> 0
B169: 120034-05900 | C169: =VLOOKUP(B169,'Language Articles'!A:B,2,0) -> FixZ Pro 5900mm | D169: =VLOOKUP(B169,'Language Portfolio'!A:B,2,0) -> Profiles | E169: =VLOOKUP(B169,Basis_Preisliste!B:E,4,0) -> 64.15 | F169: =IF(_xlfn.XLOOKUP(B169,Basis_Preisliste!B:B,Basis_Preisliste!F:F)="",_xlfn.XLOOKUP(B169,Basis_Preisliste!B:B,Basis_Preisliste!G:G),_xlfn.XLOOKUP(B169,Basis_Preisliste!B:B,Basis_Preisliste!F:F)) -> 64.15 | G169: =IF(_xlfn.XLOOKUP(B169,Basis_Preisliste!B:B,Basis_Preisliste!F:F)="","", _xlfn.XLOOKUP(B169,Basis_Preisliste!B:B,Basis_Preisliste!F:F)*(1-$G$3)) -> 64.15 | H169: =IF(_xlfn.XLOOKUP(B169,Basis_Preisliste!B:B,Basis_Preisliste!G:G)="","to be defined",_xlfn.XLOOKUP(B169,Basis_Preisliste!B:B,Basis_Preisliste!G:G)*(1-$G$3)) -> 57.73 | I169: =IF(INDEX(Basis_Preisliste!H:H,MATCH(B169,Basis_Preisliste!B:B,0))=0,"",INDEX(Basis_Preisliste!H:H,MATCH(B169,Basis_Preisliste!B:B,0))) -> 120 | J169: =_xlfn.XLOOKUP(B169,'Article Master Data'!B:B,'Article Master Data'!R:R) -> 120 | L169: =IF(O169>0,O169,"") | M169: =ROUNDDOWN(K169/I169,0) -> 0 | N169: =K169-(M169*I169) -> 0 | O169: =IF(AND(N169<>0,G169=""),'Language Layout'!$B$106,M169*I169*H169+N169*IF(G169="",0,G169)) -> 0 | P169: =K169>0 -> FALSE | Q169: =P169*(MAX($Q$7:Q168)+1) -> 0
B170: 150002-130 | C170: =VLOOKUP(B170,'Language Articles'!A:B,2,0) -> Flat roof support Light 1.3m beam kit | D170: =VLOOKUP(B170,'Language Portfolio'!A:B,2,0) -> Supports | E170: =VLOOKUP(B170,Basis_Preisliste!B:E,4,0) -> 44.01 | F170: =IF(_xlfn.XLOOKUP(B170,Basis_Preisliste!B:B,Basis_Preisliste!F:F)="",_xlfn.XLOOKUP(B170,Basis_Preisliste!B:B,Basis_Preisliste!G:G),_xlfn.XLOOKUP(B170,Basis_Preisliste!B:B,Basis_Preisliste!F:F)) -> 44.01 | G170: =IF(_xlfn.XLOOKUP(B170,Basis_Preisliste!B:B,Basis_Preisliste!F:F)="","", _xlfn.XLOOKUP(B170,Basis_Preisliste!B:B,Basis_Preisliste!F:F)*(1-$G$3)) -> 44.01 | H170: =IF(_xlfn.XLOOKUP(B170,Basis_Preisliste!B:B,Basis_Preisliste!G:G)="","to be defined",_xlfn.XLOOKUP(B170,Basis_Preisliste!B:B,Basis_Preisliste!G:G)*(1-$G$3)) -> 43.13 | I170: =IF(INDEX(Basis_Preisliste!H:H,MATCH(B170,Basis_Preisliste!B:B,0))=0,"",INDEX(Basis_Preisliste!H:H,MATCH(B170,Basis_Preisliste!B:B,0))) -> 100 | J170: =_xlfn.XLOOKUP(B170,'Article Master Data'!B:B,'Article Master Data'!R:R) -> 100 | L170: =IF(O170>0,O170,"") | M170: =ROUNDDOWN(K170/I170,0) -> 0 | N170: =K170-(M170*I170) -> 0 | O170: =IF(AND(N170<>0,G170=""),'Language Layout'!$B$106,M170*I170*H170+N170*IF(G170="",0,G170)) -> 0 | P170: =K170>0 -> FALSE | Q170: =P170*(MAX($Q$7:Q169)+1) -> 0
B171: 150002-150 | C171: =VLOOKUP(B171,'Language Articles'!A:B,2,0) -> Flat roof support Light 1.5m beam kit | D171: =VLOOKUP(B171,'Language Portfolio'!A:B,2,0) -> Supports | E171: =VLOOKUP(B171,Basis_Preisliste!B:E,4,0) -> 48.59 | F171: =IF(_xlfn.XLOOKUP(B171,Basis_Preisliste!B:B,Basis_Preisliste!F:F)="",_xlfn.XLOOKUP(B171,Basis_Preisliste!B:B,Basis_Preisliste!G:G),_xlfn.XLOOKUP(B171,Basis_Preisliste!B:B,Basis_Preisliste!F:F)) -> 48.59 | G171: =IF(_xlfn.XLOOKUP(B171,Basis_Preisliste!B:B,Basis_Preisliste!F:F)="","", _xlfn.XLOOKUP(B171,Basis_Preisliste!B:B,Basis_Preisliste!F:F)*(1-$G$3)) -> 48.59 | H171: =IF(_xlfn.XLOOKUP(B171,Basis_Preisliste!B:B,Basis_Preisliste!G:G)="","to be defined",_xlfn.XLOOKUP(B171,Basis_Preisliste!B:B,Basis_Preisliste!G:G)*(1-$G$3)) -> 47.62 | I171: =IF(INDEX(Basis_Preisliste!H:H,MATCH(B171,Basis_Preisliste!B:B,0))=0,"",INDEX(Basis_Preisliste!H:H,MATCH(B171,Basis_Preisliste!B:B,0))) -> 100 | J171: =_xlfn.XLOOKUP(B171,'Article Master Data'!B:B,'Article Master Data'!R:R) -> 100 | L171: =IF(O171>0,O171,"") | M171: =ROUNDDOWN(K171/I171,0) -> 0 | N171: =K171-(M171*I171) -> 0 | O171: =IF(AND(N171<>0,G171=""),'Language Layout'!$B$106,M171*I171*H171+N171*IF(G171="",0,G171)) -> 0 | P171: =K171>0 -> FALSE | Q171: =P171*(MAX($Q$7:Q170)+1) -> 0
B172: 155002-320 | C172: =VLOOKUP(B172,'Language Articles'!A:B,2,0) -> Flat roof support Light 3.2m beam kit | D172: =VLOOKUP(B172,'Language Portfolio'!A:B,2,0) -> Supports | E172: =VLOOKUP(B172,Basis_Preisliste!B:E,4,0) -> 96.64 | F172: =IF(_xlfn.XLOOKUP(B172,Basis_Preisliste!B:B,Basis_Preisliste!F:F)="",_xlfn.XLOOKUP(B172,Basis_Preisliste!B:B,Basis_Preisliste!G:G),_xlfn.XLOOKUP(B172,Basis_Preisliste!B:B,Basis_Preisliste!F:F)) -> 96.64 | G172: =IF(_xlfn.XLOOKUP(B172,Basis_Preisliste!B:B,Basis_Preisliste!F:F)="","", _xlfn.XLOOKUP(B172,Basis_Preisliste!B:B,Basis_Preisliste!F:F)*(1-$G$3)) -> 96.64 | H172: =IF(_xlfn.XLOOKUP(B172,Basis_Preisliste!B:B,Basis_Preisliste!G:G)="","to be defined",_xlfn.XLOOKUP(B172,Basis_Preisliste!B:B,Basis_Preisliste!G:G)*(1-$G$3)) -> 94.71 | I172: =IF(INDEX(Basis_Preisliste!H:H,MATCH(B172,Basis_Preisliste!B:B,0))=0,"",INDEX(Basis_Preisliste!H:H,MATCH(B172,Basis_Preisliste!B:B,0))) -> 100 | J172: =_xlfn.XLOOKUP(B172,'Article Master Data'!B:B,'Article Master Data'!R:R) -> 100 | L172: =IF(O172>0,O172,"") | M172: =ROUNDDOWN(K172/I172,0) -> 0 | N172: =K172-(M172*I172) -> 0 | O172: =IF(AND(N172<>0,G172=""),'Language Layout'!$B$106,M172*I172*H172+N172*IF(G172="",0,G172)) -> 0 | P172: =K172>0 -> FALSE | Q172: =P172*(MAX($Q$7:Q171)+1) -> 0
B173: 156002-160 | C173: =VLOOKUP(B173,'Language Articles'!A:B,2,0) -> Facade support Light 1.3m beam kit | D173: =VLOOKUP(B173,'Language Portfolio'!A:B,2,0) -> Supports | E173: =VLOOKUP(B173,Basis_Preisliste!B:E,4,0) -> 46.96 | F173: =IF(_xlfn.XLOOKUP(B173,Basis_Preisliste!B:B,Basis_Preisliste!F:F)="",_xlfn.XLOOKUP(B173,Basis_Preisliste!B:B,Basis_Preisliste!G:G),_xlfn.XLOOKUP(B173,Basis_Preisliste!B:B,Basis_Preisliste!F:F)) -> 46.96 | G173: =IF(_xlfn.XLOOKUP(B173,Basis_Preisliste!B:B,Basis_Preisliste!F:F)="","", _xlfn.XLOOKUP(B173,Basis_Preisliste!B:B,Basis_Preisliste!F:F)*(1-$G$3)) -> 46.96 | H173: =IF(_xlfn.XLOOKUP(B173,Basis_Preisliste!B:B,Basis_Preisliste!G:G)="","to be defined",_xlfn.XLOOKUP(B173,Basis_Preisliste!B:B,Basis_Preisliste!G:G)*(1-$G$3)) -> 46.02 | I173: =IF(INDEX(Basis_Preisliste!H:H,MATCH(B173,Basis_Preisliste!B:B,0))=0,"",INDEX(Basis_Preisliste!H:H,MATCH(B173,Basis_Preisliste!B:B,0))) -> 100 | J173: =_xlfn.XLOOKUP(B173,'Article Master Data'!B:B,'Article Master Data'!R:R) -> 100 | L173: =IF(O173>0,O173,"") | M173: =ROUNDDOWN(K173/I173,0) -> 0 | N173: =K173-(M173*I173) -> 0 | O173: =IF(AND(N173<>0,G173=""),'Language Layout'!$B$106,M173*I173*H173+N173*IF(G173="",0,G173)) -> 0 | P173: =K173>0 -> FALSE | Q173: =P173*(MAX($Q$7:Q172)+1) -> 0
B174: 159005-001 | C174: =VLOOKUP(B174,'Language Articles'!A:B,2,0) -> Strut with end cap 338mm | D174: =VLOOKUP(B174,'Language Portfolio'!A:B,2,0) -> Supports | E174: =VLOOKUP(B174,Basis_Preisliste!B:E,4,0) -> 8.52 | F174: =IF(_xlfn.XLOOKUP(B174,Basis_Preisliste!B:B,Basis_Preisliste!F:F)="",_xlfn.XLOOKUP(B174,Basis_Preisliste!B:B,Basis_Preisliste!G:G),_xlfn.XLOOKUP(B174,Basis_Preisliste!B:B,Basis_Preisliste!F:F)) -> 8.52 | G174: =IF(_xlfn.XLOOKUP(B174,Basis_Preisliste!B:B,Basis_Preisliste!F:F)="","", _xlfn.XLOOKUP(B174,Basis_Preisliste!B:B,Basis_Preisliste!F:F)*(1-$G$3)) -> 8.52 | H174: =IF(_xlfn.XLOOKUP(B174,Basis_Preisliste!B:B,Basis_Preisliste!G:G)="","to be defined",_xlfn.XLOOKUP(B174,Basis_Preisliste!B:B,Basis_Preisliste!G:G)*(1-$G$3)) -> 8.35 | I174: =IF(INDEX(Basis_Preisliste!H:H,MATCH(B174,Basis_Preisliste!B:B,0))=0,"",INDEX(Basis_Preisliste!H:H,MATCH(B174,Basis_Preisliste!B:B,0))) -> 50 | J174: =_xlfn.XLOOKUP(B174,'Article Master Data'!B:B,'Article Master Data'!R:R) -> 1200 | L174: =IF(O174>0,O174,"") | M174: =ROUNDDOWN(K174/I174,0) -> 0 | N174: =K174-(M174*I174) -> 0 | O174: =IF(AND(N174<>0,G174=""),'Language Layout'!$B$106,M174*I174*H174+N174*IF(G174="",0,G174)) -> 0 | P174: =K174>0 -> FALSE | Q174: =P174*(MAX($Q$7:Q173)+1) -> 0
B175: 159005-002 | C175: =VLOOKUP(B175,'Language Articles'!A:B,2,0) -> Strut with end cap 428mm | D175: =VLOOKUP(B175,'Language Portfolio'!A:B,2,0) -> Supports | E175: =VLOOKUP(B175,Basis_Preisliste!B:E,4,0) -> 9.56 | F175: =IF(_xlfn.XLOOKUP(B175,Basis_Preisliste!B:B,Basis_Preisliste!F:F)="",_xlfn.XLOOKUP(B175,Basis_Preisliste!B:B,Basis_Preisliste!G:G),_xlfn.XLOOKUP(B175,Basis_Preisliste!B:B,Basis_Preisliste!F:F)) -> 9.56 | G175: =IF(_xlfn.XLOOKUP(B175,Basis_Preisliste!B:B,Basis_Preisliste!F:F)="","", _xlfn.XLOOKUP(B175,Basis_Preisliste!B:B,Basis_Preisliste!F:F)*(1-$G$3)) -> 9.56 | H175: =IF(_xlfn.XLOOKUP(B175,Basis_Preisliste!B:B,Basis_Preisliste!G:G)="","to be defined",_xlfn.XLOOKUP(B175,Basis_Preisliste!B:B,Basis_Preisliste!G:G)*(1-$G$3)) -> 9.36 | I175: =IF(INDEX(Basis_Preisliste!H:H,MATCH(B175,Basis_Preisliste!B:B,0))=0,"",INDEX(Basis_Preisliste!H:H,MATCH(B175,Basis_Preisliste!B:B,0))) -> 100 | J175: =_xlfn.XLOOKUP(B175,'Article Master Data'!B:B,'Article Master Data'!R:R) -> 800 | L175: =IF(O175>0,O175,"") | M175: =ROUNDDOWN(K175/I175,0) -> 0 | N175: =K175-(M175*I175) -> 0 | O175: =IF(AND(N175<>0,G175=""),'Language Layout'!$B$106,M175*I175*H175+N175*IF(G175="",0,G175)) -> 0 | P175: =K175>0 -> FALSE | Q175: =P175*(MAX($Q$7:Q174)+1) -> 0
B176: 159005-003 | C176: =VLOOKUP(B176,'Language Articles'!A:B,2,0) -> Strut with end cap 520mm | D176: =VLOOKUP(B176,'Language Portfolio'!A:B,2,0) -> Supports | E176: =VLOOKUP(B176,Basis_Preisliste!B:E,4,0) -> 10.72 | F176: =IF(_xlfn.XLOOKUP(B176,Basis_Preisliste!B:B,Basis_Preisliste!F:F)="",_xlfn.XLOOKUP(B176,Basis_Preisliste!B:B,Basis_Preisliste!G:G),_xlfn.XLOOKUP(B176,Basis_Preisliste!B:B,Basis_Preisliste!F:F)) -> 10.72 | G176: =IF(_xlfn.XLOOKUP(B176,Basis_Preisliste!B:B,Basis_Preisliste!F:F)="","", _xlfn.XLOOKUP(B176,Basis_Preisliste!B:B,Basis_Preisliste!F:F)*(1-$G$3)) -> 10.72 | H176: =IF(_xlfn.XLOOKUP(B176,Basis_Preisliste!B:B,Basis_Preisliste!G:G)="","to be defined",_xlfn.XLOOKUP(B176,Basis_Preisliste!B:B,Basis_Preisliste!G:G)*(1-$G$3)) -> 10.51 | I176: =IF(INDEX(Basis_Preisliste!H:H,MATCH(B176,Basis_Preisliste!B:B,0))=0,"",INDEX(Basis_Preisliste!H:H,MATCH(B176,Basis_Preisliste!B:B,0))) -> 100 | J176: =_xlfn.XLOOKUP(B176,'Article Master Data'!B:B,'Article Master Data'!R:R) -> 800 | L176: =IF(O176>0,O176,"") | M176: =ROUNDDOWN(K176/I176,0) -> 0 | N176: =K176-(M176*I176) -> 0 | O176: =IF(AND(N176<>0,G176=""),'Language Layout'!$B$106,M176*I176*H176+N176*IF(G176="",0,G176)) -> 0 | P176: =K176>0 -> FALSE | Q176: =P176*(MAX($Q$7:Q175)+1) -> 0
B177: 159005-004 | C177: =VLOOKUP(B177,'Language Articles'!A:B,2,0) -> Strut with end cap 613mm | D177: =VLOOKUP(B177,'Language Portfolio'!A:B,2,0) -> Supports | E177: =VLOOKUP(B177,Basis_Preisliste!B:E,4,0) -> 11.26 | F177: =IF(_xlfn.XLOOKUP(B177,Basis_Preisliste!B:B,Basis_Preisliste!F:F)="",_xlfn.XLOOKUP(B177,Basis_Preisliste!B:B,Basis_Preisliste!G:G),_xlfn.XLOOKUP(B177,Basis_Preisliste!B:B,Basis_Preisliste!F:F)) -> 11.26 | G177: =IF(_xlfn.XLOOKUP(B177,Basis_Preisliste!B:B,Basis_Preisliste!F:F)="","", _xlfn.XLOOKUP(B177,Basis_Preisliste!B:B,Basis_Preisliste!F:F)*(1-$G$3)) -> 11.26 | H177: =IF(_xlfn.XLOOKUP(B177,Basis_Preisliste!B:B,Basis_Preisliste!G:G)="","to be defined",_xlfn.XLOOKUP(B177,Basis_Preisliste!B:B,Basis_Preisliste!G:G)*(1-$G$3)) -> 11.04 | I177: =IF(INDEX(Basis_Preisliste!H:H,MATCH(B177,Basis_Preisliste!B:B,0))=0,"",INDEX(Basis_Preisliste!H:H,MATCH(B177,Basis_Preisliste!B:B,0))) -> 150 | J177: =_xlfn.XLOOKUP(B177,'Article Master Data'!B:B,'Article Master Data'!R:R) -> 600 | L177: =IF(O177>0,O177,"") | M177: =ROUNDDOWN(K177/I177,0) -> 0 | N177: =K177-(M177*I177) -> 0 | O177: =IF(AND(N177<>0,G177=""),'Language Layout'!$B$106,M177*I177*H177+N177*IF(G177="",0,G177)) -> 0 | P177: =K177>0 -> FALSE | Q177: =P177*(MAX($Q$7:Q176)+1) -> 0
B178: 159005-005 | C178: =VLOOKUP(B178,'Language Articles'!A:B,2,0) -> Strut with end cap 700mm | D178: =VLOOKUP(B178,'Language Portfolio'!A:B,2,0) -> Supports | E178: =VLOOKUP(B178,Basis_Preisliste!B:E,4,0) -> 12 | F178: =IF(_xlfn.XLOOKUP(B178,Basis_Preisliste!B:B,Basis_Preisliste!F:F)="",_xlfn.XLOOKUP(B178,Basis_Preisliste!B:B,Basis_Preisliste!G:G),_xlfn.XLOOKUP(B178,Basis_Preisliste!B:B,Basis_Preisliste!F:F)) -> 12 | G178: =IF(_xlfn.XLOOKUP(B178,Basis_Preisliste!B:B,Basis_Preisliste!F:F)="","", _xlfn.XLOOKUP(B178,Basis_Preisliste!B:B,Basis_Preisliste!F:F)*(1-$G$3)) -> 12 | H178: =IF(_xlfn.XLOOKUP(B178,Basis_Preisliste!B:B,Basis_Preisliste!G:G)="","to be defined",_xlfn.XLOOKUP(B178,Basis_Preisliste!B:B,Basis_Preisliste!G:G)*(1-$G$3)) -> 11.76 | I178: =IF(INDEX(Basis_Preisliste!H:H,MATCH(B178,Basis_Preisliste!B:B,0))=0,"",INDEX(Basis_Preisliste!H:H,MATCH(B178,Basis_Preisliste!B:B,0))) -> 150 | J178: =_xlfn.XLOOKUP(B178,'Article Master Data'!B:B,'Article Master Data'!R:R) -> 600 | L178: =IF(O178>0,O178,"") | M178: =ROUNDDOWN(K178/I178,0) -> 0 | N178: =K178-(M178*I178) -> 0 | O178: =IF(AND(N178<>0,G178=""),'Language Layout'!$B$106,M178*I178*H178+N178*IF(G178="",0,G178)) -> 0 | P178: =K178>0 -> FALSE | Q178: =P178*(MAX($Q$7:Q177)+1) -> 0
... B229: 165001-00550 | C229: =VLOOKUP(B229,'Language Articles'!A:B,2,0) -> Base Rail Pro 550 | D229: =VLOOKUP(B229,'Language Portfolio'!A:B,2,0) -> Ballastoptimized flat roof systems | E229: =VLOOKUP(B229,Basis_Preisliste!B:E,4,0) -> 10.962 | F229: =IF(_xlfn.XLOOKUP(B229,Basis_Preisliste!B:B,Basis_Preisliste!F:F)="",_xlfn.XLOOKUP(B229,Basis_Preisliste!B:B,Basis_Preisliste!G:G),_xlfn.XLOOKUP(B229,Basis_Preisliste!B:B,Basis_Preisliste!F:F)) -> 10.44 | G229: =IF(_xlfn.XLOOKUP(B229,Basis_Preisliste!B:B,Basis_Preisliste!F:F)="","", _xlfn.XLOOKUP(B229,Basis_Preisliste!B:B,Basis_Preisliste!F:F)*(1-$G$3)) | H229: =IF(_xlfn.XLOOKUP(B229,Basis_Preisliste!B:B,Basis_Preisliste!G:G)="","to be defined",_xlfn.XLOOKUP(B229,Basis_Preisliste!B:B,Basis_Preisliste!G:G)*(1-$G$3)) -> 10.44 | I229: =IF(INDEX(Basis_Preisliste!H:H,MATCH(B229,Basis_Preisliste!B:B,0))=0,"",INDEX(Basis_Preisliste!H:H,MATCH(B229,Basis_Preisliste!B:B,0))) -> 25 | J229: =_xlfn.XLOOKUP(B229,'Article Master Data'!B:B,'Article Master Data'!R:R) -> 800 | L229: =IF(O229>0,O229,"") | M229: =ROUNDDOWN(K229/I229,0) -> 0 | N229: =K229-(M229*I229) -> 0 | O229: =IF(AND(N229<>0,G229=""),'Language Layout'!$B$106,M229*I229*H229+N229*IF(G229="",0,G229)) -> 0 | P229: =K229>0 -> FALSE | Q229: =P229*(MAX($Q$7:Q228)+1) -> 0
B230: 165005-005 | C230: =VLOOKUP(B230,'Language Articles'!A:B,2,0) -> FixGrid Pro Triangular Support 2 | D230: =VLOOKUP(B230,'Language Portfolio'!A:B,2,0) -> Ballastoptimized flat roof systems | E230: =VLOOKUP(B230,Basis_Preisliste!B:E,4,0) -> 12.9465 | F230: =IF(_xlfn.XLOOKUP(B230,Basis_Preisliste!B:B,Basis_Preisliste!F:F)="",_xlfn.XLOOKUP(B230,Basis_Preisliste!B:B,Basis_Preisliste!G:G),_xlfn.XLOOKUP(B230,Basis_Preisliste!B:B,Basis_Preisliste!F:F)) -> 12.33 | G230: =IF(_xlfn.XLOOKUP(B230,Basis_Preisliste!B:B,Basis_Preisliste!F:F)="","", _xlfn.XLOOKUP(B230,Basis_Preisliste!B:B,Basis_Preisliste!F:F)*(1-$G$3)) | H230: =IF(_xlfn.XLOOKUP(B230,Basis_Preisliste!B:B,Basis_Preisliste!G:G)="","to be defined",_xlfn.XLOOKUP(B230,Basis_Preisliste!B:B,Basis_Preisliste!G:G)*(1-$G$3)) -> 12.33 | I230: =IF(INDEX(Basis_Preisliste!H:H,MATCH(B230,Basis_Preisliste!B:B,0))=0,"",INDEX(Basis_Preisliste!H:H,MATCH(B230,Basis_Preisliste!B:B,0))) -> 45 | J230: =_xlfn.XLOOKUP(B230,'Article Master Data'!B:B,'Article Master Data'!R:R) -> 2160 | L230: =IF(O230>0,O230,"")
B231: 165005-006 | C231: =VLOOKUP(B231,'Language Articles'!A:B,2,0) -> FixGrid Pro Triangular Support 3 | D231: =VLOOKUP(B231,'Language Portfolio'!A:B,2,0) -> Ballastoptimized flat roof systems | E231: =VLOOKUP(B231,Basis_Preisliste!B:E,4,0) -> 16.884 | F231: =IF(_xlfn.XLOOKUP(B231,Basis_Preisliste!B:B,Basis_Preisliste!F:F)="",_xlfn.XLOOKUP(B231,Basis_Preisliste!B:B,Basis_Preisliste!G:G),_xlfn.XLOOKUP(B231,Basis_Preisliste!B:B,Basis_Preisliste!F:F)) -> 16.08 | G231: =IF(_xlfn.XLOOKUP(B231,Basis_Preisliste!B:B,Basis_Preisliste!F:F)="","", _xlfn.XLOOKUP(B231,Basis_Preisliste!B:B,Basis_Preisliste!F:F)*(1-$G$3)) | H231: =IF(_xlfn.XLOOKUP(B231,Basis_Preisliste!B:B,Basis_Preisliste!G:G)="","to be defined",_xlfn.XLOOKUP(B231,Basis_Preisliste!B:B,Basis_Preisliste!G:G)*(1-$G$3)) -> 16.08 | I231: =IF(INDEX(Basis_Preisliste!H:H,MATCH(B231,Basis_Preisliste!B:B,0))=0,"",INDEX(Basis_Preisliste!H:H,MATCH(B231,Basis_Preisliste!B:B,0))) -> 30 | J231: =_xlfn.XLOOKUP(B231,'Article Master Data'!B:B,'Article Master Data'!R:R) -> 1440 | L231: =IF(O231>0,O231,"")
B232: 165005-001 | C232: =VLOOKUP(B232,'Language Articles'!A:B,2,0) -> Screw-In Module Support Pro | D232: =VLOOKUP(B232,'Language Portfolio'!A:B,2,0) -> Ballastoptimized flat roof systems | E232: =VLOOKUP(B232,Basis_Preisliste!B:E,4,0) -> 4.788 | F232: =IF(_xlfn.XLOOKUP(B232,Basis_Preisliste!B:B,Basis_Preisliste!F:F)="",_xlfn.XLOOKUP(B232,Basis_Preisliste!B:B,Basis_Preisliste!G:G),_xlfn.XLOOKUP(B232,Basis_Preisliste!B:B,Basis_Preisliste!F:F)) -> 4.56 | G232: =IF(_xlfn.XLOOKUP(B232,Basis_Preisliste!B:B,Basis_Preisliste!F:F)="","", _xlfn.XLOOKUP(B232,Basis_Preisliste!B:B,Basis_Preisliste!F:F)*(1-$G$3)) | H232: =IF(_xlfn.XLOOKUP(B232,Basis_Preisliste!B:B,Basis_Preisliste!G:G)="","to be defined",_xlfn.XLOOKUP(B232,Basis_Preisliste!B:B,Basis_Preisliste!G:G)*(1-$G$3)) -> 4.56 | I232: =IF(INDEX(Basis_Preisliste!H:H,MATCH(B232,Basis_Preisliste!B:B,0))=0,"",INDEX(Basis_Preisliste!H:H,MATCH(B232,Basis_Preisliste!B:B,0))) -> 25 | J232: =_xlfn.XLOOKUP(B232,'Article Master Data'!B:B,'Article Master Data'!R:R) -> 2800 | L232: =IF(O232>0,O232,"") | M232: =ROUNDDOWN(K232/I232,0) -> 0 | N232: =K232-(M232*I232) -> 0 | O232: =IF(AND(N232<>0,G232=""),'Language Layout'!$B$106,M232*I232*H232+N232*IF(G232="",0,G232)) -> 0 | P232: =K232>0 -> FALSE | Q232: =P232*(MAX($Q$7:Q229)+1) -> 0
B233: 165005-007 | C233: =VLOOKUP(B233,'Language Articles'!A:B,2,0) -> Screw-In Module Support Flex Pro | D233: =VLOOKUP(B233,'Language Portfolio'!A:B,2,0) -> Ballastoptimized flat roof systems | E233: =VLOOKUP(B233,Basis_Preisliste!B:E,4,0) -> 4.788 | F233: =IF(_xlfn.XLOOKUP(B233,Basis_Preisliste!B:B,Basis_Preisliste!F:F)="",_xlfn.XLOOKUP(B233,Basis_Preisliste!B:B,Basis_Preisliste!G:G),_xlfn.XLOOKUP(B233,Basis_Preisliste!B:B,Basis_Preisliste!F:F)) -> 4.56 | G233: =IF(_xlfn.XLOOKUP(B233,Basis_Preisliste!B:B,Basis_Preisliste!F:F)="","", _xlfn.XLOOKUP(B233,Basis_Preisliste!B:B,Basis_Preisliste!F:F)*(1-$G$3)) | H233: =IF(_xlfn.XLOOKUP(B233,Basis_Preisliste!B:B,Basis_Preisliste!G:G)="","to be defined",_xlfn.XLOOKUP(B233,Basis_Preisliste!B:B,Basis_Preisliste!G:G)*(1-$G$3)) -> 4.56 | I233: =IF(INDEX(Basis_Preisliste!H:H,MATCH(B233,Basis_Preisliste!B:B,0))=0,"",INDEX(Basis_Preisliste!H:H,MATCH(B233,Basis_Preisliste!B:B,0))) -> 20 | J233: =_xlfn.XLOOKUP(B233,'Article Master Data'!B:B,'Article Master Data'!R:R) -> 2240 | L233: =IF(O233>0,O233,"")
B234: 165005-002 | C234: =VLOOKUP(B234,'Language Articles'!A:B,2,0) -> Screw-In Elevation Pro | D234: =VLOOKUP(B234,'Language Portfolio'!A:B,2,0) -> Ballastoptimized flat roof systems | E234: =VLOOKUP(B234,Basis_Preisliste!B:E,4,0) -> 3.9375 | F234: =IF(_xlfn.XLOOKUP(B234,Basis_Preisliste!B:B,Basis_Preisliste!F:F)="",_xlfn.XLOOKUP(B234,Basis_Preisliste!B:B,Basis_Preisliste!G:G),_xlfn.XLOOKUP(B234,Basis_Preisliste!B:B,Basis_Preisliste!F:F)) -> 3.75 | G234: =IF(_xlfn.XLOOKUP(B234,Basis_Preisliste!B:B,Basis_Preisliste!F:F)="","", _xlfn.XLOOKUP(B234,Basis_Preisliste!B:B,Basis_Preisliste!F:F)*(1-$G$3)) | H234: =IF(_xlfn.XLOOKUP(B234,Basis_Preisliste!B:B,Basis_Preisliste!G:G)="","to be defined",_xlfn.XLOOKUP(B234,Basis_Preisliste!B:B,Basis_Preisliste!G:G)*(1-$G$3)) -> 3.75 | I234: =IF(INDEX(Basis_Preisliste!H:H,MATCH(B234,Basis_Preisliste!B:B,0))=0,"",INDEX(Basis_Preisliste!H:H,MATCH(B234,Basis_Preisliste!B:B,0))) -> 25 | J234: =_xlfn.XLOOKUP(B234,'Article Master Data'!B:B,'Article Master Data'!R:R) -> 2800 | L234: =IF(O234>0,O234,"") | M234: =ROUNDDOWN(K234/I234,0) -> 0 | N234: =K234-(M234*I234) -> 0 | O234: =IF(AND(N234<>0,G234=""),'Language Layout'!$B$106,M234*I234*H234+N234*IF(G234="",0,G234)) -> 0 | P234: =K234>0 -> FALSE | Q234: =P234*(MAX($Q$7:Q232)+1) -> 0
B235: 165005-004 | C235: =VLOOKUP(B235,'Language Articles'!A:B,2,0) -> Module Support Pro | D235: =VLOOKUP(B235,'Language Portfolio'!A:B,2,0) -> Ballastoptimized flat roof systems | E235: =VLOOKUP(B235,Basis_Preisliste!B:E,4,0) -> 3.801 | F235: =IF(_xlfn.XLOOKUP(B235,Basis_Preisliste!B:B,Basis_Preisliste!F:F)="",_xlfn.XLOOKUP(B235,Basis_Preisliste!B:B,Basis_Preisliste!G:G),_xlfn.XLOOKUP(B235,Basis_Preisliste!B:B,Basis_Preisliste!F:F)) -> 3.62 | G235: =IF(_xlfn.XLOOKUP(B235,Basis_Preisliste!B:B,Basis_Preisliste!F:F)="","", _xlfn.XLOOKUP(B235,Basis_Preisliste!B:B,Basis_Preisliste!F:F)*(1-$G$3)) | H235: =IF(_xlfn.XLOOKUP(B235,Basis_Preisliste!B:B,Basis_Preisliste!G:G)="","to be defined",_xlfn.XLOOKUP(B235,Basis_Preisliste!B:B,Basis_Preisliste!G:G)*(1-$G$3)) -> 3.62 | I235: =IF(INDEX(Basis_Preisliste!H:H,MATCH(B235,Basis_Preisliste!B:B,0))=0,"",INDEX(Basis_Preisliste!H:H,MATCH(B235,Basis_Preisliste!B:B,0))) -> 25 | J235: =_xlfn.XLOOKUP(B235,'Article Master Data'!B:B,'Article Master Data'!R:R) -> 2800 | L235: =IF(O235>0,O235,"") | M235: =ROUNDDOWN(K235/I235,0) -> 0 | N235: =K235-(M235*I235) -> 0 | O235: =IF(AND(N235<>0,G235=""),'Language Layout'!$B$106,M235*I235*H235+N235*IF(G235="",0,G235)) -> 0 | P235: =K235>0 -> FALSE | Q235: =P235*(MAX($Q$7:Q234)+1) -> 0
B236: 165005-008 | C236: =VLOOKUP(B236,'Language Articles'!A:B,2,0) -> Module Support Flex Pro | D236: =VLOOKUP(B236,'Language Portfolio'!A:B,2,0) -> Ballastoptimized flat roof systems | E236: =VLOOKUP(B236,Basis_Preisliste!B:E,4,0) -> 3.801 | F236: =IF(_xlfn.XLOOKUP(B236,Basis_Preisliste!B:B,Basis_Preisliste!F:F)="",_xlfn.XLOOKUP(B236,Basis_Preisliste!B:B,Basis_Preisliste!G:G),_xlfn.XLOOKUP(B236,Basis_Preisliste!B:B,Basis_Preisliste!F:F)) -> 3.62 | G236: =IF(_xlfn.XLOOKUP(B236,Basis_Preisliste!B:B,Basis_Preisliste!F:F)="","", _xlfn.XLOOKUP(B236,Basis_Preisliste!B:B,Basis_Preisliste!F:F)*(1-$G$3)) | H236: =IF(_xlfn.XLOOKUP(B236,Basis_Preisliste!B:B,Basis_Preisliste!G:G)="","to be defined",_xlfn.XLOOKUP(B236,Basis_Preisliste!B:B,Basis_Preisliste!G:G)*(1-$G$3)) -> 3.62 | I236: =IF(INDEX(Basis_Preisliste!H:H,MATCH(B236,Basis_Preisliste!B:B,0))=0,"",INDEX(Basis_Preisliste!H:H,MATCH(B236,Basis_Preisliste!B:B,0))) -> 20 | J236: =_xlfn.XLOOKUP(B236,'Article Master Data'!B:B,'Article Master Data'!R:R) -> 2240 | L236: =IF(O236>0,O236,"")
B237: 129200-001 | C237: =VLOOKUP(B237,'Language Articles'!A:B,2,0) -> Base Rail Pro Connector | D237: =VLOOKUP(B237,'Language Portfolio'!A:B,2,0) -> Ballastoptimized flat roof systems | E237: =VLOOKUP(B237,Basis_Preisliste!B:E,4,0) -> 2.079 | F237: =IF(_xlfn.XLOOKUP(B237,Basis_Preisliste!B:B,Basis_Preisliste!F:F)="",_xlfn.XLOOKUP(B237,Basis_Preisliste!B:B,Basis_Preisliste!G:G),_xlfn.XLOOKUP(B237,Basis_Preisliste!B:B,Basis_Preisliste!F:F)) -> 1.98 | G237: =IF(_xlfn.XLOOKUP(B237,Basis_Preisliste!B:B,Basis_Preisliste!F:F)="","", _xlfn.XLOOKUP(B237,Basis_Preisliste!B:B,Basis_Preisliste!F:F)*(1-$G$3)) | H237: =IF(_xlfn.XLOOKUP(B237,Basis_Preisliste!B:B,Basis_Preisliste!G:G)="","to be defined",_xlfn.XLOOKUP(B237,Basis_Preisliste!B:B,Basis_Preisliste!G:G)*(1-$G$3)) -> 1.98 | I237: =IF(INDEX(Basis_Preisliste!H:H,MATCH(B237,Basis_Preisliste!B:B,0))=0,"",INDEX(Basis_Preisliste!H:H,MATCH(B237,Basis_Preisliste!B:B,0))) -> 70 | J237: =_xlfn.XLOOKUP(B237,'Article Master Data'!B:B,'Article Master Data'!R:R) -> 5600 | L237: =IF(O237>0,O237,"") | M237: =ROUNDDOWN(K237/I237,0) -> 0 | N237: =K237-(M237*I237) -> 0 | O237: =IF(AND(N237<>0,G237=""),'Language Layout'!$B$106,M237*I237*H237+N237*IF(G237="",0,G237)) -> 0 | P237: =K237>0 -> FALSE | Q237: =P237*(MAX($Q$7:Q235)+1) -> 0
B238: 129200-002 | C238: =VLOOKUP(B238,'Language Articles'!A:B,2,0) -> Ballast Rail Pro Connector | D238: =VLOOKUP(B238,'Language Portfolio'!A:B,2,0) -> Ballastoptimized flat roof systems | E238: =VLOOKUP(B238,Basis_Preisliste!B:E,4,0) -> 3.2025 | F238: =IF(_xlfn.XLOOKUP(B238,Basis_Preisliste!B:B,Basis_Preisliste!F:F)="",_xlfn.XLOOKUP(B238,Basis_Preisliste!B:B,Basis_Preisliste!G:G),_xlfn.XLOOKUP(B238,Basis_Preisliste!B:B,Basis_Preisliste!F:F)) -> 3.05 | G238: =IF(_xlfn.XLOOKUP(B238,Basis_Preisliste!B:B,Basis_Preisliste!F:F)="","", _xlfn.XLOOKUP(B238,Basis_Preisliste!B:B,Basis_Preisliste!F:F)*(1-$G$3)) | H238: =IF(_xlfn.XLOOKUP(B238,Basis_Preisliste!B:B,Basis_Preisliste!G:G)="","to be defined",_xlfn.XLOOKUP(B238,Basis_Preisliste!B:B,Basis_Preisliste!G:G)*(1-$G$3)) -> 3.05 | I238: =IF(INDEX(Basis_Preisliste!H:H,MATCH(B238,Basis_Preisliste!B:B,0))=0,"",INDEX(Basis_Preisliste!H:H,MATCH(B238,Basis_Preisliste!B:B,0))) -> 40 | J238: =_xlfn.XLOOKUP(B238,'Article Master Data'!B:B,'Article Master Data'!R:R) -> 3200 | L238: =IF(O238>0,O238,"") | M238: =ROUNDDOWN(K238/I238,0) -> 0 | N238: =K238-(M238*I238) -> 0 | O238: =IF(AND(N238<>0,G238=""),'Language Layout'!$B$106,M238*I238*H238+N238*IF(G238="",0,G238)) -> 0 | P238: =K238>0 -> FALSE | Q238: =P238*(MAX($Q$7:Q237)+1) -> 0
B239: 169205-135 | C239: =VLOOKUP(B239,'Language Articles'!A:B,2,0) -> Windsafe 5 Pro up to 1350mm Module | D239: =VLOOKUP(B239,'Language Portfolio'!A:B,2,0) -> Ballastoptimized flat roof systems | E239: =VLOOKUP(B239,Basis_Preisliste!B:E,4,0) -> 33.08 | F239: =IF(_xlfn.XLOOKUP(B239,Basis_Preisliste!B:B,Basis_Preisliste!F:F)="",_xlfn.XLOOKUP(B239,Basis_Preisliste!B:B,Basis_Preisliste!G:G),_xlfn.XLOOKUP(B239,Basis_Preisliste!B:B,Basis_Preisliste!F:F)) -> 33.08 | G239: =IF(_xlfn.XLOOKUP(B239,Basis_Preisliste!B:B,Basis_Preisliste!F:F)="","", _xlfn.XLOOKUP(B239,Basis_Preisliste!B:B,Basis_Preisliste!F:F)*(1-$G$3)) -> 33.08 | H239: =IF(_xlfn.XLOOKUP(B239,Basis_Preisliste!B:B,Basis_Preisliste!G:G)="","to be defined",_xlfn.XLOOKUP(B239,Basis_Preisliste!B:B,Basis_Preisliste!G:G)*(1-$G$3)) -> 31.42 | I239: =IF(INDEX(Basis_Preisliste!H:H,MATCH(B239,Basis_Preisliste!B:B,0))=0,"",INDEX(Basis_Preisliste!H:H,MATCH(B239,Basis_Preisliste!B:B,0))) -> 50 | J239: =_xlfn.XLOOKUP(B239,'Article Master Data'!B:B,'Article Master Data'!R:R) -> 50 | L239: =IF(O239>0,O239,"") | M239: =ROUNDDOWN(K239/I239,0) -> 0 | N239: =K239-(M239*I239) -> 0 | O239: =IF(AND(N239<>0,G239=""),'Language Layout'!$B$106,M239*I239*H239+N239*IF(G239="",0,G239)) -> 0 | P239: =K239>0 -> FALSE | Q239: =P239*(MAX($Q$7:Q238)+1) -> 0
B240: 169205-180 | C240: =VLOOKUP(B240,'Language Articles'!A:B,2,0) -> Windsafe 5 Pro up to 1800mm Module | D240: =VLOOKUP(B240,'Language Portfolio'!A:B,2,0) -> Ballastoptimized flat roof systems | E240: =VLOOKUP(B240,Basis_Preisliste!B:E,4,0) -> 37.03 | F240: =IF(_xlfn.XLOOKUP(B240,Basis_Preisliste!B:B,Basis_Preisliste!F:F)="",_xlfn.XLOOKUP(B240,Basis_Preisliste!B:B,Basis_Preisliste!G:G),_xlfn.XLOOKUP(B240,Basis_Preisliste!B:B,Basis_Preisliste!F:F)) -> 37.03 | G240: =IF(_xlfn.XLOOKUP(B240,Basis_Preisliste!B:B,Basis_Preisliste!F:F)="","", _xlfn.XLOOKUP(B240,Basis_Preisliste!B:B,Basis_Preisliste!F:F)*(1-$G$3)) -> 37.03 | H240: =IF(_xlfn.XLOOKUP(B240,Basis_Preisliste!B:B,Basis_Preisliste!G:G)="","to be defined",_xlfn.XLOOKUP(B240,Basis_Preisliste!B:B,Basis_Preisliste!G:G)*(1-$G$3)) -> 35.18 | I240: =IF(INDEX(Basis_Preisliste!H:H,MATCH(B240,Basis_Preisliste!B:B,0))=0,"",INDEX(Basis_Preisliste!H:H,MATCH(B240,Basis_Preisliste!B:B,0))) -> 50 | J240: =_xlfn.XLOOKUP(B240,'Article Master Data'!B:B,'Article Master Data'!R:R) -> 50 | L240: =IF(O240>0,O240,"") | M240: =ROUNDDOWN(K240/I240,0) -> 0 | N240: =K240-(M240*I240) -> 0 | O240: =IF(AND(N240<>0,G240=""),'Language Layout'!$B$106,M240*I240*H240+N240*IF(G240="",0,G240)) -> 0 | P240: =K240>0 -> FALSE | Q240: =P240*(MAX($Q$7:Q239)+1) -> 0
B241: 169205-215 | C241: =VLOOKUP(B241,'Language Articles'!A:B,2,0) -> Windsafe 5 Pro up to 2150mm Module | D241: =VLOOKUP(B241,'Language Portfolio'!A:B,2,0) -> Ballastoptimized flat roof systems | E241: =VLOOKUP(B241,Basis_Preisliste!B:E,4,0) -> 41.15 | F241: =IF(_xlfn.XLOOKUP(B241,Basis_Preisliste!B:B,Basis_Preisliste!F:F)="",_xlfn.XLOOKUP(B241,Basis_Preisliste!B:B,Basis_Preisliste!G:G),_xlfn.XLOOKUP(B241,Basis_Preisliste!B:B,Basis_Preisliste!F:F)) -> 41.15 | G241: =IF(_xlfn.XLOOKUP(B241,Basis_Preisliste!B:B,Basis_Preisliste!F:F)="","", _xlfn.XLOOKUP(B241,Basis_Preisliste!B:B,Basis_Preisliste!F:F)*(1-$G$3)) -> 41.15 | H241: =IF(_xlfn.XLOOKUP(B241,Basis_Preisliste!B:B,Basis_Preisliste!G:G)="","to be defined",_xlfn.XLOOKUP(B241,Basis_Preisliste!B:B,Basis_Preisliste!G:G)*(1-$G$3)) -> 39.09 | I241: =IF(INDEX(Basis_Preisliste!H:H,MATCH(B241,Basis_Preisliste!B:B,0))=0,"",INDEX(Basis_Preisliste!H:H,MATCH(B241,Basis_Preisliste!B:B,0))) -> 50 | J241: =_xlfn.XLOOKUP(B241,'Article Master Data'!B:B,'Article Master Data'!R:R) -> 50 | L241: =IF(O241>0,O241,"") | M241: =ROUNDDOWN(K241/I241,0) -> 0 | N241: =K241-(M241*I241) -> 0 | O241: =IF(AND(N241<>0,G241=""),'Language Layout'!$B$106,M241*I241*H241+N241*IF(G241="",0,G241)) -> 0 | P241: =K241>0 -> FALSE | Q241: =P241*(MAX($Q$7:Q240)+1) -> 0
B242: 169205-250 | C242: =VLOOKUP(B242,'Language Articles'!A:B,2,0) -> Windsafe 5 Pro up to 2500mm Module | D242: =VLOOKUP(B242,'Language Portfolio'!A:B,2,0) -> Ballastoptimized flat roof systems | E242: =VLOOKUP(B242,Basis_Preisliste!B:E,4,0) -> 44.16 | F242: =IF(_xlfn.XLOOKUP(B242,Basis_Preisliste!B:B,Basis_Preisliste!F:F)="",_xlfn.XLOOKUP(B242,Basis_Preisliste!B:B,Basis_Preisliste!G:G),_xlfn.XLOOKUP(B242,Basis_Preisliste!B:B,Basis_Preisliste!F:F)) -> 44.16 | G242: =IF(_xlfn.XLOOKUP(B242,Basis_Preisliste!B:B,Basis_Preisliste!F:F)="","", _xlfn.XLOOKUP(B242,Basis_Preisliste!B:B,Basis_Preisliste!F:F)*(1-$G$3)) -> 44.16 | H242: =IF(_xlfn.XLOOKUP(B242,Basis_Preisliste!B:B,Basis_Preisliste!G:G)="","to be defined",_xlfn.XLOOKUP(B242,Basis_Preisliste!B:B,Basis_Preisliste!G:G)*(1-$G$3)) -> 41.95 | I242: =IF(INDEX(Basis_Preisliste!H:H,MATCH(B242,Basis_Preisliste!B:B,0))=0,"",INDEX(Basis_Preisliste!H:H,MATCH(B242,Basis_Preisliste!B:B,0))) -> 50 | J242: =_xlfn.XLOOKUP(B242,'Article Master Data'!B:B,'Article Master Data'!R:R) -> 50 | L242: =IF(O242>0,O242,"") | M242: =ROUNDDOWN(K242/I242,0) -> 0 | N242: =K242-(M242*I242) -> 0 | O242: =IF(AND(N242<>0,G242=""),'Language Layout'!$B$106,M242*I242*H242+N242*IF(G242="",0,G242)) -> 0 | P242: =K242>0 -> FALSE | Q242: =P242*(MAX($Q$7:Q241)+1) -> 0
B243: 169210-135 | C243: =VLOOKUP(B243,'Language Articles'!A:B,2,0) -> Windsafe 10 Pro up to 1350mm Module | D243: =VLOOKUP(B243,'Language Portfolio'!A:B,2,0) -> Ballastoptimized flat roof systems | E243: =VLOOKUP(B243,Basis_Preisliste!B:E,4,0) -> 35.2 | F243: =IF(_xlfn.XLOOKUP(B243,Basis_Preisliste!B:B,Basis_Preisliste!F:F)="",_xlfn.XLOOKUP(B243,Basis_Preisliste!B:B,Basis_Preisliste!G:G),_xlfn.XLOOKUP(B243,Basis_Preisliste!B:B,Basis_Preisliste!F:F)) -> 35.2 | G243: =IF(_xlfn.XLOOKUP(B243,Basis_Preisliste!B:B,Basis_Preisliste!F:F)="","", _xlfn.XLOOKUP(B243,Basis_Preisliste!B:B,Basis_Preisliste!F:F)*(1-$G$3)) -> 35.2 | H243: =IF(_xlfn.XLOOKUP(B243,Basis_Preisliste!B:B,Basis_Preisliste!G:G)="","to be defined",_xlfn.XLOOKUP(B243,Basis_Preisliste!B:B,Basis_Preisliste!G:G)*(1-$G$3)) -> 33.44 | I243: =IF(INDEX(Basis_Preisliste!H:H,MATCH(B243,Basis_Preisliste!B:B,0))=0,"",INDEX(Basis_Preisliste!H:H,MATCH(B243,Basis_Preisliste!B:B,0))) -> 50 | J243: =_xlfn.XLOOKUP(B243,'Article Master Data'!B:B,'Article Master Data'!R:R) -> 50 | L243: =IF(O243>0,O243,"") | M243: =ROUNDDOWN(K243/I243,0) -> 0 | N243: =K243-(M243*I243) -> 0 | O243: =IF(AND(N243<>0,G243=""),'Language Layout'!$B$106,M243*I243*H243+N243*IF(G243="",0,G243)) -> 0 | P243: =K243>0 -> FALSE | Q243: =P243*(MAX($Q$7:Q242)+1) -> 0
B244: 169210-180 | C244: =VLOOKUP(B244,'Language Articles'!A:B,2,0) -> Windsafe 10 Pro up to 1800mm Module | D244: =VLOOKUP(B244,'Language Portfolio'!A:B,2,0) -> Ballastoptimized flat roof systems | E244: =VLOOKUP(B244,Basis_Preisliste!B:E,4,0) -> 40.17 | F244: =IF(_xlfn.XLOOKUP(B244,Basis_Preisliste!B:B,Basis_Preisliste!F:F)="",_xlfn.XLOOKUP(B244,Basis_Preisliste!B:B,Basis_Preisliste!G:G),_xlfn.XLOOKUP(B244,Basis_Preisliste!B:B,Basis_Preisliste!F:F)) -> 40.17 | G244: =IF(_xlfn.XLOOKUP(B244,Basis_Preisliste!B:B,Basis_Preisliste!F:F)="","", _xlfn.XLOOKUP(B244,Basis_Preisliste!B:B,Basis_Preisliste!F:F)*(1-$G$3)) -> 40.17 | H244: =IF(_xlfn.XLOOKUP(B244,Basis_Preisliste!B:B,Basis_Preisliste!G:G)="","to be defined",_xlfn.XLOOKUP(B244,Basis_Preisliste!B:B,Basis_Preisliste!G:G)*(1-$G$3)) -> 38.16 | I244: =IF(INDEX(Basis_Preisliste!H:H,MATCH(B244,Basis_Preisliste!B:B,0))=0,"",INDEX(Basis_Preisliste!H:H,MATCH(B244,Basis_Preisliste!B:B,0))) -> 50 | J244: =_xlfn.XLOOKUP(B244,'Article Master Data'!B:B,'Article Master Data'!R:R) -> 50 | L244: =IF(O244>0,O244,"") | M244: =ROUNDDOWN(K244/I244,0) -> 0 | N244: =K244-(M244*I244) -> 0 | O244: =IF(AND(N244<>0,G244=""),'Language Layout'!$B$106,M244*I244*H244+N244*IF(G244="",0,G244)) -> 0 | P244: =K244>0 -> FALSE | Q244: =P244*(MAX($Q$7:Q243)+1) -> 0
B245: 169210-215 | C245: =VLOOKUP(B245,'Language Articles'!A:B,2,0) -> Windsafe 10 Pro up to 2150mm Module | D245: =VLOOKUP(B245,'Language Portfolio'!A:B,2,0) -> Ballastoptimized flat roof systems | E245: =VLOOKUP(B245,Basis_Preisliste!B:E,4,0) -> 45.22 | F245: =IF(_xlfn.XLOOKUP(B245,Basis_Preisliste!B:B,Basis_Preisliste!F:F)="",_xlfn.XLOOKUP(B245,Basis_Preisliste!B:B,Basis_Preisliste!G:G),_xlfn.XLOOKUP(B245,Basis_Preisliste!B:B,Basis_Preisliste!F:F)) -> 45.22 | G245: =IF(_xlfn.XLOOKUP(B245,Basis_Preisliste!B:B,Basis_Preisliste!F:F)="","", _xlfn.XLOOKUP(B245,Basis_Preisliste!B:B,Basis_Preisliste!F:F)*(1-$G$3)) -> 45.22 | H245: =IF(_xlfn.XLOOKUP(B245,Basis_Preisliste!B:B,Basis_Preisliste!G:G)="","to be defined",_xlfn.XLOOKUP(B245,Basis_Preisliste!B:B,Basis_Preisliste!G:G)*(1-$G$3)) -> 42.96 | I245: =IF(INDEX(Basis_Preisliste!H:H,MATCH(B245,Basis_Preisliste!B:B,0))=0,"",INDEX(Basis_Preisliste!H:H,MATCH(B245,Basis_Preisliste!B:B,0))) -> 50 | J245: =_xlfn.XLOOKUP(B245,'Article Master Data'!B:B,'Article Master Data'!R:R) -> 50 | L245: =IF(O245>0,O245,"") | M245: =ROUNDDOWN(K245/I245,0) -> 0 | N245: =K245-(M245*I245) -> 0 | O245: =IF(AND(N245<>0,G245=""),'Language Layout'!$B$106,M245*I245*H245+N245*IF(G245="",0,G245)) -> 0 | P245: =K245>0 -> FALSE | Q245: =P245*(MAX($Q$7:Q244)+1) -> 0
B246: 169210-250 | C246: =VLOOKUP(B246,'Language Articles'!A:B,2,0) -> Windsafe 10 Pro up to 2500mm Module | D246: =VLOOKUP(B246,'Language Portfolio'!A:B,2,0) -> Ballastoptimized flat roof systems | E246: =VLOOKUP(B246,Basis_Preisliste!B:E,4,0) -> 49 | F246: =IF(_xlfn.XLOOKUP(B246,Basis_Preisliste!B:B,Basis_Preisliste!F:F)="",_xlfn.XLOOKUP(B246,Basis_Preisliste!B:B,Basis_Preisliste!G:G),_xlfn.XLOOKUP(B246,Basis_Preisliste!B:B,Basis_Preisliste!F:F)) -> 49 | G246: =IF(_xlfn.XLOOKUP(B246,Basis_Preisliste!B:B,Basis_Preisliste!F:F)="","", _xlfn.XLOOKUP(B246,Basis_Preisliste!B:B,Basis_Preisliste!F:F)*(1-$G$3)) -> 49 | H246: =IF(_xlfn.XLOOKUP(B246,Basis_Preisliste!B:B,Basis_Preisliste!G:G)="","to be defined",_xlfn.XLOOKUP(B246,Basis_Preisliste!B:B,Basis_Preisliste!G:G)*(1-$G$3)) -> 46.55 | I246: =IF(INDEX(Basis_Preisliste!H:H,MATCH(B246,Basis_Preisliste!B:B,0))=0,"",INDEX(Basis_Preisliste!H:H,MATCH(B246,Basis_Preisliste!B:B,0))) -> 50 | J246: =_xlfn.XLOOKUP(B246,'Article Master Data'!B:B,'Article Master Data'!R:R) -> 50 | L246: =IF(O246>0,O246,"") | M246: =ROUNDDOWN(K246/I246,0) -> 0 | N246: =K246-(M246*I246) -> 0 | O246: =IF(AND(N246<>0,G246=""),'Language Layout'!$B$106,M246*I246*H246+N246*IF(G246="",0,G246)) -> 0 | P246: =K246>0 -> FALSE | Q246: =P246*(MAX($Q$7:Q245)+1) -> 0
B247: 169215-135 | C247: =VLOOKUP(B247,'Language Articles'!A:B,2,0) -> Windsafe 15 Pro up to 1350mm Module | D247: =VLOOKUP(B247,'Language Portfolio'!A:B,2,0) -> Ballastoptimized flat roof systems | E247: =VLOOKUP(B247,Basis_Preisliste!B:E,4,0) -> 41.24 | F247: =IF(_xlfn.XLOOKUP(B247,Basis_Preisliste!B:B,Basis_Preisliste!F:F)="",_xlfn.XLOOKUP(B247,Basis_Preisliste!B:B,Basis_Preisliste!G:G),_xlfn.XLOOKUP(B247,Basis_Preisliste!B:B,Basis_Preisliste!F:F)) -> 41.24 | G247: =IF(_xlfn.XLOOKUP(B247,Basis_Preisliste!B:B,Basis_Preisliste!F:F)="","", _xlfn.XLOOKUP(B247,Basis_Preisliste!B:B,Basis_Preisliste!F:F)*(1-$G$3)) -> 41.24 | H247: =IF(_xlfn.XLOOKUP(B247,Basis_Preisliste!B:B,Basis_Preisliste!G:G)="","to be defined",_xlfn.XLOOKUP(B247,Basis_Preisliste!B:B,Basis_Preisliste!G:G)*(1-$G$3)) -> 39.18 | I247: =IF(INDEX(Basis_Preisliste!H:H,MATCH(B247,Basis_Preisliste!B:B,0))=0,"",INDEX(Basis_Preisliste!H:H,MATCH(B247,Basis_Preisliste!B:B,0))) -> 50 | J247: =_xlfn.XLOOKUP(B247,'Article Master Data'!B:B,'Article Master Data'!R:R) -> 50 | L247: =IF(O247>0,O247,"") | M247: =ROUNDDOWN(K247/I247,0) -> 0 | N247: =K247-(M247*I247) -> 0 | O247: =IF(AND(N247<>0,G247=""),'Language Layout'!$B$106,M247*I247*H247+N247*IF(G247="",0,G247)) -> 0 | P247: =K247>0 -> FALSE | Q247: =P247*(MAX($Q$7:Q246)+1) -> 0
B248: 169215-180 | C248: =VLOOKUP(B248,'Language Articles'!A:B,2,0) -> Windsafe 15 Pro up to 1800mm Module | D248: =VLOOKUP(B248,'Language Portfolio'!A:B,2,0) -> Ballastoptimized flat roof systems | E248: =VLOOKUP(B248,Basis_Preisliste!B:E,4,0) -> 47.81 | F248: =IF(_xlfn.XLOOKUP(B248,Basis_Preisliste!B:B,Basis_Preisliste!F:F)="",_xlfn.XLOOKUP(B248,Basis_Preisliste!B:B,Basis_Preisliste!G:G),_xlfn.XLOOKUP(B248,Basis_Preisliste!B:B,Basis_Preisliste!F:F)) -> 47.81 | G248: =IF(_xlfn.XLOOKUP(B248,Basis_Preisliste!B:B,Basis_Preisliste!F:F)="","", _xlfn.XLOOKUP(B248,Basis_Preisliste!B:B,Basis_Preisliste!F:F)*(1-$G$3)) -> 47.81 | H248: =IF(_xlfn.XLOOKUP(B248,Basis_Preisliste!B:B,Basis_Preisliste!G:G)="","to be defined",_xlfn.XLOOKUP(B248,Basis_Preisliste!B:B,Basis_Preisliste!G:G)*(1-$G$3)) -> 45.42 | I248: =IF(INDEX(Basis_Preisliste!H:H,MATCH(B248,Basis_Preisliste!B:B,0))=0,"",INDEX(Basis_Preisliste!H:H,MATCH(B248,Basis_Preisliste!B:B,0))) -> 50 | J248: =_xlfn.XLOOKUP(B248,'Article Master Data'!B:B,'Article Master Data'!R:R) -> 50 | L248: =IF(O248>0,O248,"") | M248: =ROUNDDOWN(K248/I248,0) -> 0 | N248: =K248-(M248*I248) -> 0 | O248: =IF(AND(N248<>0,G248=""),'Language Layout'!$B$106,M248*I248*H248+N248*IF(G248="",0,G248)) -> 0 | P248: =K248>0 -> FALSE | Q248: =P248*(MAX($Q$7:Q247)+1) -> 0
B249: 169215-215 | C249: =VLOOKUP(B249,'Language Articles'!A:B,2,0) -> Windsafe 15 Pro up to 2150mm Module | D249: =VLOOKUP(B249,'Language Portfolio'!A:B,2,0) -> Ballastoptimized flat roof systems | E249: =VLOOKUP(B249,Basis_Preisliste!B:E,4,0) -> 54.64 | F249: =IF(_xlfn.XLOOKUP(B249,Basis_Preisliste!B:B,Basis_Preisliste!F:F)="",_xlfn.XLOOKUP(B249,Basis_Preisliste!B:B,Basis_Preisliste!G:G),_xlfn.XLOOKUP(B249,Basis_Preisliste!B:B,Basis_Preisliste!F:F)) -> 54.64 | G249: =IF(_xlfn.XLOOKUP(B249,Basis_Preisliste!B:B,Basis_Preisliste!F:F)="","", _xlfn.XLOOKUP(B249,Basis_Preisliste!B:B,Basis_Preisliste!F:F)*(1-$G$3)) -> 54.64 | H249: =IF(_xlfn.XLOOKUP(B249,Basis_Preisliste!B:B,Basis_Preisliste!G:G)="","to be defined",_xlfn.XLOOKUP(B249,Basis_Preisliste!B:B,Basis_Preisliste!G:G)*(1-$G$3)) -> 51.91 | I249: =IF(INDEX(Basis_Preisliste!H:H,MATCH(B249,Basis_Preisliste!B:B,0))=0,"",INDEX(Basis_Preisliste!H:H,MATCH(B249,Basis_Preisliste!B:B,0))) -> 50 | J249: =_xlfn.XLOOKUP(B249,'Article Master Data'!B:B,'Article Master Data'!R:R) -> 50 | L249: =IF(O249>0,O249,"") | M249: =ROUNDDOWN(K249/I249,0) -> 0 | N249: =K249-(M249*I249) -> 0 | O249: =IF(AND(N249<>0,G249=""),'Language Layout'!$B$106,M249*I249*H249+N249*IF(G249="",0,G249)) -> 0 | P249: =K249>0 -> FALSE | Q249: =P249*(MAX($Q$7:Q248)+1) -> 0
... B279: 943763-200 | C279: =VLOOKUP(B279,'Language Articles'!A:B,2,0) -> Screw 6,3x200 min.1.5mm self-tapping A2 | D279: =VLOOKUP(B279,'Language Portfolio'!A:B,2,0) -> Screws and accessories | E279: =VLOOKUP(B279,Basis_Preisliste!B:E,4,0) -> 1.1235 | F279: =IF(_xlfn.XLOOKUP(B279,Basis_Preisliste!B:B,Basis_Preisliste!F:F)="",_xlfn.XLOOKUP(B279,Basis_Preisliste!B:B,Basis_Preisliste!G:G),_xlfn.XLOOKUP(B279,Basis_Preisliste!B:B,Basis_Preisliste!F:F)) -> 1.07 | G279: =IF(_xlfn.XLOOKUP(B279,Basis_Preisliste!B:B,Basis_Preisliste!F:F)="","", _xlfn.XLOOKUP(B279,Basis_Preisliste!B:B,Basis_Preisliste!F:F)*(1-$G$3)) | H279: =IF(_xlfn.XLOOKUP(B279,Basis_Preisliste!B:B,Basis_Preisliste!G:G)="","to be defined",_xlfn.XLOOKUP(B279,Basis_Preisliste!B:B,Basis_Preisliste!G:G)*(1-$G$3)) -> 1.07 | I279: =IF(INDEX(Basis_Preisliste!H:H,MATCH(B279,Basis_Preisliste!B:B,0))=0,"",INDEX(Basis_Preisliste!H:H,MATCH(B279,Basis_Preisliste!B:B,0))) -> 50 | J279: =_xlfn.XLOOKUP(B279,'Article Master Data'!B:B,'Article Master Data'!R:R) -> 0 | L279: =IF(O279>0,O279,"") | M279: =ROUNDDOWN(K279/I279,0) -> 0 | N279: =K279-(M279*I279) -> 0 | O279: =IF(AND(N279<>0,G279=""),'Language Layout'!$B$106,M279*I279*H279+N279*IF(G279="",0,G279)) -> 0 | P279: =K279>0 -> FALSE | Q279: =P279*(MAX($Q$7:Q278)+1) -> 0
B280: 943718-064 | C280: =VLOOKUP(B280,'Language Articles'!A:B,2,0) -> Screw 8x64 min.1.5mm self-tap.w.wash A2 | D280: =VLOOKUP(B280,'Language Portfolio'!A:B,2,0) -> Screws and accessories | E280: =VLOOKUP(B280,Basis_Preisliste!B:E,4,0) -> 1.071 | F280: =IF(_xlfn.XLOOKUP(B280,Basis_Preisliste!B:B,Basis_Preisliste!F:F)="",_xlfn.XLOOKUP(B280,Basis_Preisliste!B:B,Basis_Preisliste!G:G),_xlfn.XLOOKUP(B280,Basis_Preisliste!B:B,Basis_Preisliste!F:F)) -> 1.02 | G280: =IF(_xlfn.XLOOKUP(B280,Basis_Preisliste!B:B,Basis_Preisliste!F:F)="","", _xlfn.XLOOKUP(B280,Basis_Preisliste!B:B,Basis_Preisliste!F:F)*(1-$G$3)) | H280: =IF(_xlfn.XLOOKUP(B280,Basis_Preisliste!B:B,Basis_Preisliste!G:G)="","to be defined",_xlfn.XLOOKUP(B280,Basis_Preisliste!B:B,Basis_Preisliste!G:G)*(1-$G$3)) -> 1.02 | I280: =IF(INDEX(Basis_Preisliste!H:H,MATCH(B280,Basis_Preisliste!B:B,0))=0,"",INDEX(Basis_Preisliste!H:H,MATCH(B280,Basis_Preisliste!B:B,0))) -> 100 | J280: =_xlfn.XLOOKUP(B280,'Article Master Data'!B:B,'Article Master Data'!R:R) -> 0 | L280: =IF(O280>0,O280,"")
B281: 943718-125 | C281: =VLOOKUP(B281,'Language Articles'!A:B,2,0) -> Screw 8x125 min.1.5mm self-tapping A2 | D281: =VLOOKUP(B281,'Language Portfolio'!A:B,2,0) -> Screws and accessories | E281: =VLOOKUP(B281,Basis_Preisliste!B:E,4,0) -> 1.1235 | F281: =IF(_xlfn.XLOOKUP(B281,Basis_Preisliste!B:B,Basis_Preisliste!F:F)="",_xlfn.XLOOKUP(B281,Basis_Preisliste!B:B,Basis_Preisliste!G:G),_xlfn.XLOOKUP(B281,Basis_Preisliste!B:B,Basis_Preisliste!F:F)) -> 1.07 | G281: =IF(_xlfn.XLOOKUP(B281,Basis_Preisliste!B:B,Basis_Preisliste!F:F)="","", _xlfn.XLOOKUP(B281,Basis_Preisliste!B:B,Basis_Preisliste!F:F)*(1-$G$3)) | H281: =IF(_xlfn.XLOOKUP(B281,Basis_Preisliste!B:B,Basis_Preisliste!G:G)="","to be defined",_xlfn.XLOOKUP(B281,Basis_Preisliste!B:B,Basis_Preisliste!G:G)*(1-$G$3)) -> 1.07 | I281: =IF(INDEX(Basis_Preisliste!H:H,MATCH(B281,Basis_Preisliste!B:B,0))=0,"",INDEX(Basis_Preisliste!H:H,MATCH(B281,Basis_Preisliste!B:B,0))) -> 50 | J281: =_xlfn.XLOOKUP(B281,'Article Master Data'!B:B,'Article Master Data'!R:R) -> 0 | L281: =IF(O281>0,O281,"")
B282: 943718-150 | C282: =VLOOKUP(B282,'Language Articles'!A:B,2,0) -> Screw 8x150 min.1.5mm self-tapping A2 | D282: =VLOOKUP(B282,'Language Portfolio'!A:B,2,0) -> Screws and accessories | E282: =VLOOKUP(B282,Basis_Preisliste!B:E,4,0) -> 1.2915 | F282: =IF(_xlfn.XLOOKUP(B282,Basis_Preisliste!B:B,Basis_Preisliste!F:F)="",_xlfn.XLOOKUP(B282,Basis_Preisliste!B:B,Basis_Preisliste!G:G),_xlfn.XLOOKUP(B282,Basis_Preisliste!B:B,Basis_Preisliste!F:F)) -> 1.23 | G282: =IF(_xlfn.XLOOKUP(B282,Basis_Preisliste!B:B,Basis_Preisliste!F:F)="","", _xlfn.XLOOKUP(B282,Basis_Preisliste!B:B,Basis_Preisliste!F:F)*(1-$G$3)) | H282: =IF(_xlfn.XLOOKUP(B282,Basis_Preisliste!B:B,Basis_Preisliste!G:G)="","to be defined",_xlfn.XLOOKUP(B282,Basis_Preisliste!B:B,Basis_Preisliste!G:G)*(1-$G$3)) -> 1.23 | I282: =IF(INDEX(Basis_Preisliste!H:H,MATCH(B282,Basis_Preisliste!B:B,0))=0,"",INDEX(Basis_Preisliste!H:H,MATCH(B282,Basis_Preisliste!B:B,0))) -> 50 | J282: =_xlfn.XLOOKUP(B282,'Article Master Data'!B:B,'Article Master Data'!R:R) -> 0 | L282: =IF(O282>0,O282,"")
B283: 943718-200 | C283: =VLOOKUP(B283,'Language Articles'!A:B,2,0) -> Screw 8x200 min.1.5mm self-tapping A2 | D283: =VLOOKUP(B283,'Language Portfolio'!A:B,2,0) -> Screws and accessories | E283: =VLOOKUP(B283,Basis_Preisliste!B:E,4,0) -> 1.743 | F283: =IF(_xlfn.XLOOKUP(B283,Basis_Preisliste!B:B,Basis_Preisliste!F:F)="",_xlfn.XLOOKUP(B283,Basis_Preisliste!B:B,Basis_Preisliste!G:G),_xlfn.XLOOKUP(B283,Basis_Preisliste!B:B,Basis_Preisliste!F:F)) -> 1.66 | G283: =IF(_xlfn.XLOOKUP(B283,Basis_Preisliste!B:B,Basis_Preisliste!F:F)="","", _xlfn.XLOOKUP(B283,Basis_Preisliste!B:B,Basis_Preisliste!F:F)*(1-$G$3)) | H283: =IF(_xlfn.XLOOKUP(B283,Basis_Preisliste!B:B,Basis_Preisliste!G:G)="","to be defined",_xlfn.XLOOKUP(B283,Basis_Preisliste!B:B,Basis_Preisliste!G:G)*(1-$G$3)) -> 1.66 | I283: =IF(INDEX(Basis_Preisliste!H:H,MATCH(B283,Basis_Preisliste!B:B,0))=0,"",INDEX(Basis_Preisliste!H:H,MATCH(B283,Basis_Preisliste!B:B,0))) -> 50 | J283: =_xlfn.XLOOKUP(B283,'Article Master Data'!B:B,'Article Master Data'!R:R) -> 0 | L283: =IF(O283>0,O283,"")
B284: 943755-925 | C284: =VLOOKUP(B284,'Language Articles'!A:B,2,0) -> JT3-6 5.5x25 Self-Tapping Screw A2 | D284: =VLOOKUP(B284,'Language Portfolio'!A:B,2,0) -> Screws and accessories | E284: =VLOOKUP(B284,Basis_Preisliste!B:E,4,0) -> 0.4725 | F284: =IF(_xlfn.XLOOKUP(B284,Basis_Preisliste!B:B,Basis_Preisliste!F:F)="",_xlfn.XLOOKUP(B284,Basis_Preisliste!B:B,Basis_Preisliste!G:G),_xlfn.XLOOKUP(B284,Basis_Preisliste!B:B,Basis_Preisliste!F:F)) -> 0.45 | G284: =IF(_xlfn.XLOOKUP(B284,Basis_Preisliste!B:B,Basis_Preisliste!F:F)="","", _xlfn.XLOOKUP(B284,Basis_Preisliste!B:B,Basis_Preisliste!F:F)*(1-$G$3)) | H284: =IF(_xlfn.XLOOKUP(B284,Basis_Preisliste!B:B,Basis_Preisliste!G:G)="","to be defined",_xlfn.XLOOKUP(B284,Basis_Preisliste!B:B,Basis_Preisliste!G:G)*(1-$G$3)) -> 0.45 | I284: =IF(INDEX(Basis_Preisliste!H:H,MATCH(B284,Basis_Preisliste!B:B,0))=0,"",INDEX(Basis_Preisliste!H:H,MATCH(B284,Basis_Preisliste!B:B,0))) -> 100 | J284: =_xlfn.XLOOKUP(B284,'Article Master Data'!B:B,'Article Master Data'!R:R) -> 0 | L284: =IF(O284>0,O284,"") | M284: =ROUNDDOWN(K284/I284,0) -> 0 | N284: =K284-(M284*I284) -> 0 | O284: =IF(AND(N284<>0,G284=""),'Language Layout'!$B$106,M284*I284*H284+N284*IF(G284="",0,G284)) -> 0 | P284: =K284>0 -> FALSE | Q284: =P284*(MAX($Q$7:Q279)+1) -> 0
B285: 943772-019 | C285: =VLOOKUP(B285,'Language Articles'!A:B,2,0) -> Rep.screw 7.2x19 self-tapping FABA-A A2 | D285: =VLOOKUP(B285,'Language Portfolio'!A:B,2,0) -> Screws and accessories | E285: =VLOOKUP(B285,Basis_Preisliste!B:E,4,0) -> 0.5775 | F285: =IF(_xlfn.XLOOKUP(B285,Basis_Preisliste!B:B,Basis_Preisliste!F:F)="",_xlfn.XLOOKUP(B285,Basis_Preisliste!B:B,Basis_Preisliste!G:G),_xlfn.XLOOKUP(B285,Basis_Preisliste!B:B,Basis_Preisliste!F:F)) -> 0.55 | G285: =IF(_xlfn.XLOOKUP(B285,Basis_Preisliste!B:B,Basis_Preisliste!F:F)="","", _xlfn.XLOOKUP(B285,Basis_Preisliste!B:B,Basis_Preisliste!F:F)*(1-$G$3)) | H285: =IF(_xlfn.XLOOKUP(B285,Basis_Preisliste!B:B,Basis_Preisliste!G:G)="","to be defined",_xlfn.XLOOKUP(B285,Basis_Preisliste!B:B,Basis_Preisliste!G:G)*(1-$G$3)) -> 0.55 | I285: =IF(INDEX(Basis_Preisliste!H:H,MATCH(B285,Basis_Preisliste!B:B,0))=0,"",INDEX(Basis_Preisliste!H:H,MATCH(B285,Basis_Preisliste!B:B,0))) -> 500 | J285: =_xlfn.XLOOKUP(B285,'Article Master Data'!B:B,'Article Master Data'!R:R) -> 0 | L285: =IF(O285>0,O285,"") | M285: =ROUNDDOWN(K285/I285,0) -> 0 | N285: =K285-(M285*I285) -> 0 | O285: =IF(AND(N285<>0,G285=""),'Language Layout'!$B$106,M285*I285*H285+N285*IF(G285="",0,G285)) -> 0 | P285: =K285>0 -> FALSE | Q285: =P285*(MAX($Q$7:Q284)+1) -> 0
B286: 942000-902 | C286: =VLOOKUP(B286,'Language Articles'!A:B,2,0) -> ProLine hammerhead nut | D286: =VLOOKUP(B286,'Language Portfolio'!A:B,2,0) -> Screws and accessories | E286: =VLOOKUP(B286,Basis_Preisliste!B:E,4,0) -> 0.441 | F286: =IF(_xlfn.XLOOKUP(B286,Basis_Preisliste!B:B,Basis_Preisliste!F:F)="",_xlfn.XLOOKUP(B286,Basis_Preisliste!B:B,Basis_Preisliste!G:G),_xlfn.XLOOKUP(B286,Basis_Preisliste!B:B,Basis_Preisliste!F:F)) -> 0.42 | G286: =IF(_xlfn.XLOOKUP(B286,Basis_Preisliste!B:B,Basis_Preisliste!F:F)="","", _xlfn.XLOOKUP(B286,Basis_Preisliste!B:B,Basis_Preisliste!F:F)*(1-$G$3)) | H286: =IF(_xlfn.XLOOKUP(B286,Basis_Preisliste!B:B,Basis_Preisliste!G:G)="","to be defined",_xlfn.XLOOKUP(B286,Basis_Preisliste!B:B,Basis_Preisliste!G:G)*(1-$G$3)) -> 0.42 | I286: =IF(INDEX(Basis_Preisliste!H:H,MATCH(B286,Basis_Preisliste!B:B,0))=0,"",INDEX(Basis_Preisliste!H:H,MATCH(B286,Basis_Preisliste!B:B,0))) -> 100 | J286: =_xlfn.XLOOKUP(B286,'Article Master Data'!B:B,'Article Master Data'!R:R) -> 9600 | L286: =IF(O286>0,O286,"") | M286: =ROUNDDOWN(K286/I286,0) -> 0 | N286: =K286-(M286*I286) -> 0 | O286: =IF(AND(N286<>0,G286=""),'Language Layout'!$B$106,M286*I286*H286+N286*IF(G286="",0,G286)) -> 0 | P286: =K286>0 -> FALSE | Q286: =P286*(MAX($Q$7:Q285)+1) -> 0
B287: 943001-240 | C287: =VLOOKUP(B287,'Language Articles'!A:B,2,0) -> NUT HX SL ISO7040 M8 A4-70 | D287: =VLOOKUP(B287,'Language Portfolio'!A:B,2,0) -> Screws and accessories | E287: =VLOOKUP(B287,Basis_Preisliste!B:E,4,0) -> 0.1575 | F287: =IF(_xlfn.XLOOKUP(B287,Basis_Preisliste!B:B,Basis_Preisliste!F:F)="",_xlfn.XLOOKUP(B287,Basis_Preisliste!B:B,Basis_Preisliste!G:G),_xlfn.XLOOKUP(B287,Basis_Preisliste!B:B,Basis_Preisliste!F:F)) -> 0.15 | G287: =IF(_xlfn.XLOOKUP(B287,Basis_Preisliste!B:B,Basis_Preisliste!F:F)="","", _xlfn.XLOOKUP(B287,Basis_Preisliste!B:B,Basis_Preisliste!F:F)*(1-$G$3)) | H287: =IF(_xlfn.XLOOKUP(B287,Basis_Preisliste!B:B,Basis_Preisliste!G:G)="","to be defined",_xlfn.XLOOKUP(B287,Basis_Preisliste!B:B,Basis_Preisliste!G:G)*(1-$G$3)) -> 0.15 | I287: =IF(INDEX(Basis_Preisliste!H:H,MATCH(B287,Basis_Preisliste!B:B,0))=0,"",INDEX(Basis_Preisliste!H:H,MATCH(B287,Basis_Preisliste!B:B,0))) -> 500 | J287: =_xlfn.XLOOKUP(B287,'Article Master Data'!B:B,'Article Master Data'!R:R) -> 0 | L287: =IF(O287>0,O287,"") | M287: =ROUNDDOWN(K287/I287,0) -> 0 | N287: =K287-(M287*I287) -> 0 | O287: =IF(AND(N287<>0,G287=""),'Language Layout'!$B$106,M287*I287*H287+N287*IF(G287="",0,G287)) -> 0 | P287: =K287>0 -> FALSE | Q287: =P287*(MAX($Q$7:Q286)+1) -> 0
B288: 943000-015 | C288: =VLOOKUP(B288,'Language Articles'!A:B,2,0) -> NUT FL LS EN1661 M8 A4-70 | D288: =VLOOKUP(B288,'Language Portfolio'!A:B,2,0) -> Screws and accessories | E288: =VLOOKUP(B288,Basis_Preisliste!B:E,4,0) -> 0.168 | F288: =IF(_xlfn.XLOOKUP(B288,Basis_Preisliste!B:B,Basis_Preisliste!F:F)="",_xlfn.XLOOKUP(B288,Basis_Preisliste!B:B,Basis_Preisliste!G:G),_xlfn.XLOOKUP(B288,Basis_Preisliste!B:B,Basis_Preisliste!F:F)) -> 0.16 | G288: =IF(_xlfn.XLOOKUP(B288,Basis_Preisliste!B:B,Basis_Preisliste!F:F)="","", _xlfn.XLOOKUP(B288,Basis_Preisliste!B:B,Basis_Preisliste!F:F)*(1-$G$3)) | H288: =IF(_xlfn.XLOOKUP(B288,Basis_Preisliste!B:B,Basis_Preisliste!G:G)="","to be defined",_xlfn.XLOOKUP(B288,Basis_Preisliste!B:B,Basis_Preisliste!G:G)*(1-$G$3)) -> 0.16 | I288: =IF(INDEX(Basis_Preisliste!H:H,MATCH(B288,Basis_Preisliste!B:B,0))=0,"",INDEX(Basis_Preisliste!H:H,MATCH(B288,Basis_Preisliste!B:B,0))) -> 100 | J288: =_xlfn.XLOOKUP(B288,'Article Master Data'!B:B,'Article Master Data'!R:R) -> 0 | L288: =IF(O288>0,O288,"") | M288: =ROUNDDOWN(K288/I288,0) -> 0 | N288: =K288-(M288*I288) -> 0 | O288: =IF(AND(N288<>0,G288=""),'Language Layout'!$B$106,M288*I288*H288+N288*IF(G288="",0,G288)) -> 0 | P288: =K288>0 -> FALSE | Q288: =P288*(MAX($Q$7:Q287)+1) -> 0
B289: 943000-022 | C289: =VLOOKUP(B289,'Language Articles'!A:B,2,0) -> NUT FL LS EN1661 M10 A4-70 | D289: =VLOOKUP(B289,'Language Portfolio'!A:B,2,0) -> Screws and accessories | E289: =VLOOKUP(B289,Basis_Preisliste!B:E,4,0) -> 0.3045 | F289: =IF(_xlfn.XLOOKUP(B289,Basis_Preisliste!B:B,Basis_Preisliste!F:F)="",_xlfn.XLOOKUP(B289,Basis_Preisliste!B:B,Basis_Preisliste!G:G),_xlfn.XLOOKUP(B289,Basis_Preisliste!B:B,Basis_Preisliste!F:F)) -> 0.29 | G289: =IF(_xlfn.XLOOKUP(B289,Basis_Preisliste!B:B,Basis_Preisliste!F:F)="","", _xlfn.XLOOKUP(B289,Basis_Preisliste!B:B,Basis_Preisliste!F:F)*(1-$G$3)) | H289: =IF(_xlfn.XLOOKUP(B289,Basis_Preisliste!B:B,Basis_Preisliste!G:G)="","to be defined",_xlfn.XLOOKUP(B289,Basis_Preisliste!B:B,Basis_Preisliste!G:G)*(1-$G$3)) -> 0.29 | I289: =IF(INDEX(Basis_Preisliste!H:H,MATCH(B289,Basis_Preisliste!B:B,0))=0,"",INDEX(Basis_Preisliste!H:H,MATCH(B289,Basis_Preisliste!B:B,0))) -> 200 | J289: =_xlfn.XLOOKUP(B289,'Article Master Data'!B:B,'Article Master Data'!R:R) -> 0 | L289: =IF(O289>0,O289,"") | M289: =ROUNDDOWN(K289/I289,0) -> 0 | N289: =K289-(M289*I289) -> 0 | O289: =IF(AND(N289<>0,G289=""),'Language Layout'!$B$106,M289*I289*H289+N289*IF(G289="",0,G289)) -> 0 | P289: =K289>0 -> FALSE | Q289: =P289*(MAX($Q$7:Q288)+1) -> 0
B290: 943914-008 | C290: =VLOOKUP(B290,'Language Articles'!A:B,2,0) -> Nut M8 square DIN557 A4 | D290: =VLOOKUP(B290,'Language Portfolio'!A:B,2,0) -> Screws and accessories | E290: =VLOOKUP(B290,Basis_Preisliste!B:E,4,0) -> 0.1575 | F290: =IF(_xlfn.XLOOKUP(B290,Basis_Preisliste!B:B,Basis_Preisliste!F:F)="",_xlfn.XLOOKUP(B290,Basis_Preisliste!B:B,Basis_Preisliste!G:G),_xlfn.XLOOKUP(B290,Basis_Preisliste!B:B,Basis_Preisliste!F:F)) -> 0.15 | G290: =IF(_xlfn.XLOOKUP(B290,Basis_Preisliste!B:B,Basis_Preisliste!F:F)="","", _xlfn.XLOOKUP(B290,Basis_Preisliste!B:B,Basis_Preisliste!F:F)*(1-$G$3)) | H290: =IF(_xlfn.XLOOKUP(B290,Basis_Preisliste!B:B,Basis_Preisliste!G:G)="","to be defined",_xlfn.XLOOKUP(B290,Basis_Preisliste!B:B,Basis_Preisliste!G:G)*(1-$G$3)) -> 0.15 | I290: =IF(INDEX(Basis_Preisliste!H:H,MATCH(B290,Basis_Preisliste!B:B,0))=0,"",INDEX(Basis_Preisliste!H:H,MATCH(B290,Basis_Preisliste!B:B,0))) -> 100 | J290: =_xlfn.XLOOKUP(B290,'Article Master Data'!B:B,'Article Master Data'!R:R) -> 0 | L290: =IF(O290>0,O290,"") | M290: =ROUNDDOWN(K290/I290,0) -> 0 | N290: =K290-(M290*I290) -> 0 | O290: =IF(AND(N290<>0,G290=""),'Language Layout'!$B$106,M290*I290*H290+N290*IF(G290="",0,G290)) -> 0 | P290: =K290>0 -> FALSE | Q290: =P290*(MAX($Q$7:Q289)+1) -> 0
B291: 943914-010 | C291: =VLOOKUP(B291,'Language Articles'!A:B,2,0) -> Nut M10 square DIN557 A4 | D291: =VLOOKUP(B291,'Language Portfolio'!A:B,2,0) -> Screws and accessories | E291: =VLOOKUP(B291,Basis_Preisliste!B:E,4,0) -> 0.2625 | F291: =IF(_xlfn.XLOOKUP(B291,Basis_Preisliste!B:B,Basis_Preisliste!F:F)="",_xlfn.XLOOKUP(B291,Basis_Preisliste!B:B,Basis_Preisliste!G:G),_xlfn.XLOOKUP(B291,Basis_Preisliste!B:B,Basis_Preisliste!F:F)) -> 0.25 | G291: =IF(_xlfn.XLOOKUP(B291,Basis_Preisliste!B:B,Basis_Preisliste!F:F)="","", _xlfn.XLOOKUP(B291,Basis_Preisliste!B:B,Basis_Preisliste!F:F)*(1-$G$3)) | H291: =IF(_xlfn.XLOOKUP(B291,Basis_Preisliste!B:B,Basis_Preisliste!G:G)="","to be defined",_xlfn.XLOOKUP(B291,Basis_Preisliste!B:B,Basis_Preisliste!G:G)*(1-$G$3)) -> 0.25 | I291: =IF(INDEX(Basis_Preisliste!H:H,MATCH(B291,Basis_Preisliste!B:B,0))=0,"",INDEX(Basis_Preisliste!H:H,MATCH(B291,Basis_Preisliste!B:B,0))) -> 100 | J291: =_xlfn.XLOOKUP(B291,'Article Master Data'!B:B,'Article Master Data'!R:R) -> 0 | L291: =IF(O291>0,O291,"") | M291: =ROUNDDOWN(K291/I291,0) -> 0 | N291: =K291-(M291*I291) -> 0 | O291: =IF(AND(N291<>0,G291=""),'Language Layout'!$B$106,M291*I291*H291+N291*IF(G291="",0,G291)) -> 0 | P291: =K291>0 -> FALSE | Q291: =P291*(MAX($Q$7:Q290)+1) -> 0
B292: 943000-043 | C292: =VLOOKUP(B292,'Language Articles'!A:B,2,0) -> WASHER ISO7093-1 8 200HV A2-70 | D292: =VLOOKUP(B292,'Language Portfolio'!A:B,2,0) -> Screws and accessories | E292: =VLOOKUP(B292,Basis_Preisliste!B:E,4,0) -> 0.0945 | F292: =IF(_xlfn.XLOOKUP(B292,Basis_Preisliste!B:B,Basis_Preisliste!F:F)="",_xlfn.XLOOKUP(B292,Basis_Preisliste!B:B,Basis_Preisliste!G:G),_xlfn.XLOOKUP(B292,Basis_Preisliste!B:B,Basis_Preisliste!F:F)) -> 0.09 | G292: =IF(_xlfn.XLOOKUP(B292,Basis_Preisliste!B:B,Basis_Preisliste!F:F)="","", _xlfn.XLOOKUP(B292,Basis_Preisliste!B:B,Basis_Preisliste!F:F)*(1-$G$3)) | H292: =IF(_xlfn.XLOOKUP(B292,Basis_Preisliste!B:B,Basis_Preisliste!G:G)="","to be defined",_xlfn.XLOOKUP(B292,Basis_Preisliste!B:B,Basis_Preisliste!G:G)*(1-$G$3)) -> 0.09 | I292: =IF(INDEX(Basis_Preisliste!H:H,MATCH(B292,Basis_Preisliste!B:B,0))=0,"",INDEX(Basis_Preisliste!H:H,MATCH(B292,Basis_Preisliste!B:B,0))) -> 100 | J292: =_xlfn.XLOOKUP(B292,'Article Master Data'!B:B,'Article Master Data'!R:R) -> 0 | L292: =IF(O292>0,O292,"") | M292: =ROUNDDOWN(K292/I292,0) -> 0 | N292: =K292-(M292*I292) -> 0 | O292: =IF(AND(N292<>0,G292=""),'Language Layout'!$B$106,M292*I292*H292+N292*IF(G292="",0,G292)) -> 0 | P292: =K292>0 -> FALSE | Q292: =P292*(MAX($Q$7:Q291)+1) -> 0
...

Sheet Bill of materials
D2: ='Language Layout'!$B$79 -> Bill of materials | E2: ='Language Layout'!$B$49 -> Your discount (%): | F2: ='Schletter Price list 2025'!$G$3 -> 0 | G2: ='Schletter Price list 2025'!$K$5 -> 0 | H2: ='Schletter Price list 2025'!$L$5 -> 0
D3: ='Language Layout'!$B$47 -> Valid from 01.05.2025 (subject to modifications)
B4: ='Language Layout'!$B$98 -> Product family | C4: ='Language Layout'!$B$17 -> Item No. | D4: ='Language Layout'!$B$14 -> Material short text | E4: ='Language Layout'!$B$103 -> Piece | F4: ='Language Layout'!$B$85 -> Packing unit | G4: ='Language Layout'!$B$57 -> Quantity | H4: ='Language Layout'!$B$43 -> Total
E5: ='Language Layout'!$B$104 -> Price (€) per piece | F5: ='Language Layout'!$B$104 -> Price (€) per piece | H5: ='Language Layout'!B81 -> Total (€)
B6: {=IFERROR(INDEX('Schletter Price list 2025'!D:D,'Bill of materials'!$J6),"")} | C6: {=IFERROR(INDEX('Schletter Price list 2025'!B:B,'Bill of materials'!$J6),"")} | D6: {=IFERROR(INDEX('Schletter Price list 2025'!C:C,'Bill of materials'!$J6),"")} | E6: {=IFERROR(INDEX('Schletter Price list 2025'!G:G,'Bill of materials'!$J6),"")} | F6: {=IFERROR(INDEX('Schletter Price list 2025'!H:H,'Bill of materials'!$J6),"")} | G6: {=IFERROR(INDEX('Schletter Price list 2025'!K:K,'Bill of materials'!$J6),"")} | H6: {=IFERROR(INDEX('Schletter Price list 2025'!L:L,'Bill of materials'!$J6),"")} | J6: =IFERROR(MATCH(K6,'Schletter Price list 2025'!Q:Q,0),"") | K6: 1
B7: {=IFERROR(INDEX('Schletter Price list 2025'!D:D,'Bill of materials'!$J7),"")} | C7: {=IFERROR(INDEX('Schletter Price list 2025'!B:B,'Bill of materials'!$J7),"")} | D7: {=IFERROR(INDEX('Schletter Price list 2025'!C:C,'Bill of materials'!$J7),"")} | E7: {=IFERROR(INDEX('Schletter Price list 2025'!G:G,'Bill of materials'!$J7),"")} | F7: {=IFERROR(INDEX('Schletter Price list 2025'!H:H,'Bill of materials'!$J7),"")} | G7: {=IFERROR(INDEX('Schletter Price list 2025'!K:K,'Bill of materials'!$J7),"")} | H7: {=IFERROR(INDEX('Schletter Price list 2025'!L:L,'Bill of materials'!$J7),"")} | J7: =IFERROR(MATCH(K7,'Schletter Price list 2025'!Q:Q,0),"") | K7: 2
B8: {=IFERROR(INDEX('Schletter Price list 2025'!D:D,'Bill of materials'!$J8),"")} | C8: {=IFERROR(INDEX('Schletter Price list 2025'!B:B,'Bill of materials'!$J8),"")} | D8: {=IFERROR(INDEX('Schletter Price list 2025'!C:C,'Bill of materials'!$J8),"")} | E8: {=IFERROR(INDEX('Schletter Price list 2025'!G:G,'Bill of materials'!$J8),"")} | F8: {=IFERROR(INDEX('Schletter Price list 2025'!H:H,'Bill of materials'!$J8),"")} | G8: {=IFERROR(INDEX('Schletter Price list 2025'!K:K,'Bill of materials'!$J8),"")} | H8: {=IFERROR(INDEX('Schletter Price list 2025'!L:L,'Bill of materials'!$J8),"")} | J8: =IFERROR(MATCH(K8,'Schletter Price list 2025'!Q:Q,0),"") | K8: 3
B9: {=IFERROR(INDEX('Schletter Price list 2025'!D:D,'Bill of materials'!$J9),"")} | C9: {=IFERROR(INDEX('Schletter Price list 2025'!B:B,'Bill of materials'!$J9),"")} | D9: {=IFERROR(INDEX('Schletter Price list 2025'!C:C,'Bill of materials'!$J9),"")} | E9: {=IFERROR(INDEX('Schletter Price list 2025'!G:G,'Bill of materials'!$J9),"")} | F9: {=IFERROR(INDEX('Schletter Price list 2025'!H:H,'Bill of materials'!$J9),"")} | G9: {=IFERROR(INDEX('Schletter Price list 2025'!K:K,'Bill of materials'!$J9),"")} | H9: {=IFERROR(INDEX('Schletter Price list 2025'!L:L,'Bill of materials'!$J9),"")} | J9: =IFERROR(MATCH(K9,'Schletter Price list 2025'!Q:Q,0),"") | K9: 4
B10: {=IFERROR(INDEX('Schletter Price list 2025'!D:D,'Bill of materials'!$J10),"")} | C10: {=IFERROR(INDEX('Schletter Price list 2025'!B:B,'Bill of materials'!$J10),"")} | D10: {=IFERROR(INDEX('Schletter Price list 2025'!C:C,'Bill of materials'!$J10),"")} | E10: {=IFERROR(INDEX('Schletter Price list 2025'!G:G,'Bill of materials'!$J10),"")} | F10: {=IFERROR(INDEX('Schletter Price list 2025'!H:H,'Bill of materials'!$J10),"")} | G10: {=IFERROR(INDEX('Schletter Price list 2025'!K:K,'Bill of materials'!$J10),"")} | H10: {=IFERROR(INDEX('Schletter Price list 2025'!L:L,'Bill of materials'!$J10),"")} | J10: =IFERROR(MATCH(K10,'Schletter Price list 2025'!Q:Q,0),"") | K10: 5
B11: {=IFERROR(INDEX('Schletter Price list 2025'!D:D,'Bill of materials'!$J11),"")} | C11: {=IFERROR(INDEX('Schletter Price list 2025'!B:B,'Bill of materials'!$J11),"")} | D11: {=IFERROR(INDEX('Schletter Price list 2025'!C:C,'Bill of materials'!$J11),"")} | E11: {=IFERROR(INDEX('Schletter Price list 2025'!G:G,'Bill of materials'!$J11),"")} | F11: {=IFERROR(INDEX('Schletter Price list 2025'!H:H,'Bill of materials'!$J11),"")} | G11: {=IFERROR(INDEX('Schletter Price list 2025'!K:K,'Bill of materials'!$J11),"")} | H11: {=IFERROR(INDEX('Schletter Price list 2025'!L:L,'Bill of materials'!$J11),"")} | J11: =IFERROR(MATCH(K11,'Schletter Price list 2025'!Q:Q,0),"") | K11: 6
B12: {=IFERROR(INDEX('Schletter Price list 2025'!D:D,'Bill of materials'!$J12),"")} | C12: {=IFERROR(INDEX('Schletter Price list 2025'!B:B,'Bill of materials'!$J12),"")} | D12: {=IFERROR(INDEX('Schletter Price list 2025'!C:C,'Bill of materials'!$J12),"")} | E12: {=IFERROR(INDEX('Schletter Price list 2025'!G:G,'Bill of materials'!$J12),"")} | F12: {=IFERROR(INDEX('Schletter Price list 2025'!H:H,'Bill of materials'!$J12),"")} | G12: {=IFERROR(INDEX('Schletter Price list 2025'!K:K,'Bill of materials'!$J12),"")} | H12: {=IFERROR(INDEX('Schletter Price list 2025'!L:L,'Bill of materials'!$J12),"")} | J12: =IFERROR(MATCH(K12,'Schletter Price list 2025'!Q:Q,0),"") | K12: 7
B13: {=IFERROR(INDEX('Schletter Price list 2025'!D:D,'Bill of materials'!$J13),"")} | C13: {=IFERROR(INDEX('Schletter Price list 2025'!B:B,'Bill of materials'!$J13),"")} | D13: {=IFERROR(INDEX('Schletter Price list 2025'!C:C,'Bill of materials'!$J13),"")} | E13: {=IFERROR(INDEX('Schletter Price list 2025'!G:G,'Bill of materials'!$J13),"")} | F13: {=IFERROR(INDEX('Schletter Price list 2025'!H:H,'Bill of materials'!$J13),"")} | G13: {=IFERROR(INDEX('Schletter Price list 2025'!K:K,'Bill of materials'!$J13),"")} | H13: {=IFERROR(INDEX('Schletter Price list 2025'!L:L,'Bill of materials'!$J13),"")} | J13: =IFERROR(MATCH(K13,'Schletter Price list 2025'!Q:Q,0),"") | K13: 8
B14: {=IFERROR(INDEX('Schletter Price list 2025'!D:D,'Bill of materials'!$J14),"")} | C14: {=IFERROR(INDEX('Schletter Price list 2025'!B:B,'Bill of materials'!$J14),"")} | D14: {=IFERROR(INDEX('Schletter Price list 2025'!C:C,'Bill of materials'!$J14),"")} | E14: {=IFERROR(INDEX('Schletter Price list 2025'!G:G,'Bill of materials'!$J14),"")} | F14: {=IFERROR(INDEX('Schletter Price list 2025'!H:H,'Bill of materials'!$J14),"")} | G14: {=IFERROR(INDEX('Schletter Price list 2025'!K:K,'Bill of materials'!$J14),"")} | H14: {=IFERROR(INDEX('Schletter Price list 2025'!L:L,'Bill of materials'!$J14),"")} | J14: =IFERROR(MATCH(K14,'Schletter Price list 2025'!Q:Q,0),"") | K14: 9
B15: {=IFERROR(INDEX('Schletter Price list 2025'!D:D,'Bill of materials'!$J15),"")} | C15: {=IFERROR(INDEX('Schletter Price list 2025'!B:B,'Bill of materials'!$J15),"")} | D15: {=IFERROR(INDEX('Schletter Price list 2025'!C:C,'Bill of materials'!$J15),"")} | E15: {=IFERROR(INDEX('Schletter Price list 2025'!G:G,'Bill of materials'!$J15),"")} | F15: {=IFERROR(INDEX('Schletter Price list 2025'!H:H,'Bill of materials'!$J15),"")} | G15: {=IFERROR(INDEX('Schletter Price list 2025'!K:K,'Bill of materials'!$J15),"")} | H15: {=IFERROR(INDEX('Schletter Price list 2025'!L:L,'Bill of materials'!$J15),"")} | J15: =IFERROR(MATCH(K15,'Schletter Price list 2025'!Q:Q,0),"") | K15: 10
B16: {=IFERROR(INDEX('Schletter Price list 2025'!D:D,'Bill of materials'!$J16),"")} | C16: {=IFERROR(INDEX('Schletter Price list 2025'!B:B,'Bill of materials'!$J16),"")} | D16: {=IFERROR(INDEX('Schletter Price list 2025'!C:C,'Bill of materials'!$J16),"")} | E16: {=IFERROR(INDEX('Schletter Price list 2025'!G:G,'Bill of materials'!$J16),"")} | F16: {=IFERROR(INDEX('Schletter Price list 2025'!H:H,'Bill of materials'!$J16),"")} | G16: {=IFERROR(INDEX('Schletter Price list 2025'!K:K,'Bill of materials'!$J16),"")} | H16: {=IFERROR(INDEX('Schletter Price list 2025'!L:L,'Bill of materials'!$J16),"")} | J16: =IFERROR(MATCH(K16,'Schletter Price list 2025'!Q:Q,0),"") | K16: 11
B17: {=IFERROR(INDEX('Schletter Price list 2025'!D:D,'Bill of materials'!$J17),"")} | C17: {=IFERROR(INDEX('Schletter Price list 2025'!B:B,'Bill of materials'!$J17),"")} | D17: {=IFERROR(INDEX('Schletter Price list 2025'!C:C,'Bill of materials'!$J17),"")} | E17: {=IFERROR(INDEX('Schletter Price list 2025'!G:G,'Bill of materials'!$J17),"")} | F17: {=IFERROR(INDEX('Schletter Price list 2025'!H:H,'Bill of materials'!$J17),"")} | G17: {=IFERROR(INDEX('Schletter Price list 2025'!K:K,'Bill of materials'!$J17),"")} | H17: {=IFERROR(INDEX('Schletter Price list 2025'!L:L,'Bill of materials'!$J17),"")} | J17: =IFERROR(MATCH(K17,'Schletter Price list 2025'!Q:Q,0),"") | K17: 12
... B51: {=IFERROR(INDEX('Schletter Price list 2025'!D:D,'Bill of materials'!$J51),"")} | C51: {=IFERROR(INDEX('Schletter Price list 2025'!B:B,'Bill of materials'!$J51),"")} | D51: {=IFERROR(INDEX('Schletter Price list 2025'!C:C,'Bill of materials'!$J51),"")} | E51: {=IFERROR(INDEX('Schletter Price list 2025'!G:G,'Bill of materials'!$J51),"")} | F51: {=IFERROR(INDEX('Schletter Price list 2025'!H:H,'Bill of materials'!$J51),"")} | G51: {=IFERROR(INDEX('Schletter Price list 2025'!K:K,'Bill of materials'!$J51),"")} | H51: {=IFERROR(INDEX('Schletter Price list 2025'!L:L,'Bill of materials'!$J51),"")} | J51: =IFERROR(MATCH(K51,'Schletter Price list 2025'!Q:Q,0),"") | K51: 41

Sheet Article Master Data
Y1: 43 | Z1: 0
B2: ='Language Layout'!$B$20 -> Article master data
B3: ='Language Layout'!$B$76 -> Language:
B4: ='Language Layout'!$B$47 -> Valid from 01.05.2025 (subject to modifications)
B5: ='Language Layout'!$B$17 -> Item No. | C5: ='Language Layout'!$B$14 -> Material short text | D5: ='Language Layout'!$B$98 -> Product family | E5: ='Language Layout'!$B$66 -> Product group | F5: ='Language Layout'!$B$28 -> gross weight (kg) | G5: ='Language Layout'!$B$35 -> unit | H5: ='Language Layout'!$B$52 -> length | I5: ='Language Layout'!$B$35 -> unit | J5: ='Language Layout'!$B$27 -> width | K5: ='Language Layout'!$B$35 -> unit | L5: ='Language Layout'!$B$48 -> height | M5: ='Language Layout'!$B$35 -> unit | N5: ='Language Layout'!$B$85 -> Packing unit | O5: ='Language Layout'!$B$35 -> unit | P5: ='Language Layout'!$B$44 -> Weight per packaging unit | Q5: ='Language Layout'!$B$35 -> unit | R5: ='Language Layout'!$B$100 -> Quantity per pallet | S5: ='Language Layout'!$B$35 -> unit | T5: ='Language Layout'!$B$101 -> Weight per pallet | U5: ='Language Layout'!$B$35 -> unit | V5: ='Language Layout'!$B$88 -> customs tariff number | W5: ='Language Layout'!$B$53 -> Description
B6: ='Language Layout'!$B$17 -> Item No. | C6: ='Language Layout'!$B$14 -> Material short text | D6: ='Language Layout'!$B$98 -> Product family
B7: 100004-000 | C7: =VLOOKUP(B7,'Language Articles'!A:B,2,FALSE) -> Roof hook Eco S 135 | D7: =VLOOKUP(B7,'Language Portfolio'!A:B,2,0) -> Roof hooks | E7: =VLOOKUP(B7,'Language Portfolio'!A:K,11,0) -> Roof hooks standard | F7: {=_xlfn.XLOOKUP(B7,'Query Daten'!A:A,'Query Daten'!D:E,"",0)} -> 0.776 | G7: KG | H7: {=_xlfn.XLOOKUP(B7,'Query Daten'!A:A,'Query Daten'!F:K,"",0)} -> 176 | I7: MM | J7: 150 | K7: MM | L7: 56.8 | M7: MM | N7: =IFERROR(VLOOKUP(B7,Basis_Preisliste!B:H,7,0),"") -> 20 | O7: =IFERROR(VLOOKUP(B7,'Query Daten'!A:R,16,0),"") -> ST | P7: =IFERROR(F7*N7,"") -> 15.52 | Q7: =G7 -> KG | R7: =IFERROR(VLOOKUP(B7,MLGN!A:J,8,0),"") -> 480 | S7: =IFERROR(VLOOKUP(B7,'Query Daten'!A:R,16,0),"") -> ST | T7: =IFERROR(F7*R7,"") -> 372.48 | U7: =G7 -> KG | V7: =_xlfn.XLOOKUP(B7,'Query Daten'!A:A,'Query Daten'!Q:Q,"",0) -> 73089098 | W7: =IFERROR(VLOOKUP(B7,'Language Articles'!A:K,11,0),"") -> VA quality, welded, symmetric bar arangement. | Y7: TRUE | Z7: =#REF!<>$Z$1 -> #REF! | AA7: =ROW(A7) -> 7 | AB7: =AA7/Z7 -> #REF! | AC7: =_xlfn.AGGREGATE(15,6,$AB$7:$AB$681,ROW(A1)) -> #NUM!
B8: 100020-100 | C8: =VLOOKUP(B8,'Language Articles'!A:B,2,FALSE) -> Roof hook EcoA 45 Max | D8: =VLOOKUP(B8,'Language Portfolio'!A:B,2,0) -> Roof hooks | E8: =VLOOKUP(B8,'Language Portfolio'!A:K,11,0) -> ProLine | F8: {=_xlfn.XLOOKUP(B8,'Query Daten'!A:A,'Query Daten'!D:E,"",0)} -> 0.302 | G8: KG | H8: {=_xlfn.XLOOKUP(B8,'Query Daten'!A:A,'Query Daten'!F:K,"",0)} -> 159 | I8: MM | J8: 90 | K8: MM | L8: 119.8 | M8: MM | N8: =IFERROR(VLOOKUP(B8,Basis_Preisliste!B:H,7,0),"") -> 20 | O8: =IFERROR(VLOOKUP(B8,'Query Daten'!A:R,16,0),"") -> ST | P8: =IFERROR(F8*N8,"") -> 6.04 | Q8: =G8 -> KG | R8: =IFERROR(VLOOKUP(B8,MLGN!A:J,8,0),"") -> 1280 | S8: =IFERROR(VLOOKUP(B8,'Query Daten'!A:R,16,0),"") -> ST | T8: =IFERROR(F8*R8,"") -> 386.56 | U8: =G8 -> KG | V8: =_xlfn.XLOOKUP(B8,'Query Daten'!A:A,'Query Daten'!Q:Q,"",0) -> 76109090 | W8: =IFERROR(VLOOKUP(B8,'Language Articles'!A:K,11,0),"") -> The EcoA 45 aluminum roof hook covers most of the applications on tiled roofs and is suitable for higher snow loads and wind loads. It allows quick and flexible mounting by hooking, and is fastened with only one pan head screw with Torx. The screw-on plate is mounted on the rafter and the bracket is then clicked into place. At the same time, it can be combined with all common Schletter profiles. Compatible with the classic Schletter Solar mounting system and the Schletter ProLine series. | Y8: TRUE | Z8: =#REF!<>$Z$1 -> #REF! | AA8: =ROW(A8) -> 8 | AB8: =AA8/Z8 -> #REF! | AC8: =_xlfn.AGGREGATE(15,6,$AB$7:$AB$681,ROW(A14)) -> #NUM!
B9: 100001-000 | C9: =VLOOKUP(B9,'Language Articles'!A:B,2,FALSE) -> Universal Roof hook | D9: =VLOOKUP(B9,'Language Portfolio'!A:B,2,0) -> Roof hooks | E9: =VLOOKUP(B9,'Language Portfolio'!A:K,11,0) -> Roof hooks standard | F9: {=_xlfn.XLOOKUP(B9,'Query Daten'!A:A,'Query Daten'!D:E,"",0)} -> 1.036 | G9: KG | H9: {=_xlfn.XLOOKUP(B9,'Query Daten'!A:A,'Query Daten'!F:K,"",0)} -> 223.1 | I9: MM | J9: 150 | K9: MM | L9: 44.8 | M9: MM | N9: =IFERROR(VLOOKUP(B9,Basis_Preisliste!B:H,7,0),"") -> 20 | O9: =IFERROR(VLOOKUP(B9,'Query Daten'!A:R,16,0),"") -> ST | P9: =IFERROR(F9*N9,"") -> 20.72 | Q9: =G9 -> KG | R9: =IFERROR(VLOOKUP(B9,MLGN!A:J,8,0),"") -> 480 | S9: =IFERROR(VLOOKUP(B9,'Query Daten'!A:R,16,0),"") -> ST | T9: =IFERROR(F9*R9,"") -> 497.28 | U9: =G9 -> KG | V9: =_xlfn.XLOOKUP(B9,'Query Daten'!A:A,'Query Daten'!Q:Q,"",0) -> 73089098 | W9: =IFERROR(VLOOKUP(B9,'Language Articles'!A:K,11,0),"") -> VA quality, bar arrangement variable, adjustable front and rear, middle bar can be used in three positions, pre-assembled | Y9: TRUE | Z9: =#REF!<>$Z$1 -> #REF! | AA9: =ROW(A9) -> 9 | AB9: =AA9/Z9 -> #REF! | AC9: =_xlfn.AGGREGATE(15,6,$AB$7:$AB$681,ROW(A2)) -> #NUM!
B10: 109016-007 | C10: =VLOOKUP(B10,'Language Articles'!A:B,2,FALSE) -> Plain tile for BEZ Rapid Alu | D10: =VLOOKUP(B10,'Language Portfolio'!A:B,2,0) -> Roof hooks | E10: =VLOOKUP(B10,'Language Portfolio'!A:K,11,0) -> Roof hooks standard | F10: {=_xlfn.XLOOKUP(B10,'Query Daten'!A:A,'Query Daten'!D:E,"",0)} -> 0.185 | G10: KG | H10: {=_xlfn.XLOOKUP(B10,'Query Daten'!A:A,'Query Daten'!F:K,"",0)} -> 381 | I10: MM | J10: 200 | K10: MM | L10: 16 | M10: MM | N10: =IFERROR(VLOOKUP(B10,Basis_Preisliste!B:H,7,0),"") -> 20 | O10: =IFERROR(VLOOKUP(B10,'Query Daten'!A:R,16,0),"") -> ST | P10: =IFERROR(F10*N10,"") -> 3.7 | Q10: =G10 -> KG | R10: =IFERROR(VLOOKUP(B10,MLGN!A:J,8,0),"") -> 480 | S10: =IFERROR(VLOOKUP(B10,'Query Daten'!A:R,16,0),"") -> ST | T10: =IFERROR(F10*R10,"") -> 88.8 | U10: =G10 -> KG | V10: =_xlfn.XLOOKUP(B10,'Query Daten'!A:A,'Query Daten'!Q:Q,"",0) -> 76109090 | W10: =IFERROR(VLOOKUP(B10,'Language Articles'!A:K,11,0),"") -> Sheet metal replacement tiles and roof hook sets for Biberschwanz Rapid including assembly set. Please order sheet metal replacement tiles and roof hook sets separately. | Y10: TRUE | Z10: =#REF!<>$Z$1 -> #REF! | AA10: =ROW(A10) -> 10 | AB10: =AA10/Z10 -> #REF! | AC10: =_xlfn.AGGREGATE(15,6,$AB$7:$AB$681,ROW(A3)) -> #NUM!
B11: 109016-008 | C11: =VLOOKUP(B11,'Language Articles'!A:B,2,FALSE) -> Plain tile for BEZ Rapid Cu | D11: =VLOOKUP(B11,'Language Portfolio'!A:B,2,0) -> Roof hooks | E11: =VLOOKUP(B11,'Language Portfolio'!A:K,11,0) -> Roof hooks standard | F11: {=_xlfn.XLOOKUP(B11,'Query Daten'!A:A,'Query Daten'!D:E,"",0)} -> 0.435 | G11: KG | H11: {=_xlfn.XLOOKUP(B11,'Query Daten'!A:A,'Query Daten'!F:K,"",0)} -> 380.7 | I11: MM | J11: 200 | K11: MM | L11: 16 | M11: MM | N11: =IFERROR(VLOOKUP(B11,Basis_Preisliste!B:H,7,0),"") -> 20 | O11: =IFERROR(VLOOKUP(B11,'Query Daten'!A:R,16,0),"") -> ST | P11: =IFERROR(F11*N11,"") -> 8.7 | Q11: =G11 -> KG | R11: =IFERROR(VLOOKUP(B11,MLGN!A:J,8,0),"") -> 480 | S11: =IFERROR(VLOOKUP(B11,'Query Daten'!A:R,16,0),"") -> ST | T11: =IFERROR(F11*R11,"") -> 208.8 | U11: =G11 -> KG | V11: =_xlfn.XLOOKUP(B11,'Query Daten'!A:A,'Query Daten'!Q:Q,"",0) -> 74198090 | W11: =IFERROR(VLOOKUP(B11,'Language Articles'!A:K,11,0),"") -> Sheet metal replacement tiles and roof hook sets for Biberschwanz Rapid including assembly set. Please order sheet metal replacement tiles and roof hook sets separately. | Y11: TRUE | Z11: =#REF!<>$Z$1 -> #REF! | AA11: =ROW(A11) -> 11 | AB11: =AA11/Z11 -> #REF! | AC11: =_xlfn.AGGREGATE(15,6,$AB$7:$AB$681,ROW(A4)) -> #NUM!
B12: 109016-009 | C12: =VLOOKUP(B12,'Language Articles'!A:B,2,FALSE) -> Plain tile BEZ Rapid alum. 170x380 | D12: =VLOOKUP(B12,'Language Portfolio'!A:B,2,0) -> Roof hooks | E12: =VLOOKUP(B12,'Language Portfolio'!A:K,11,0) -> Roof hooks standard | F12: {=_xlfn.XLOOKUP(B12,'Query Daten'!A:A,'Query Daten'!D:E,"",0)} -> 0.174 | G12: KG | H12: {=_xlfn.XLOOKUP(B12,'Query Daten'!A:A,'Query Daten'!F:K,"",0)} -> 378.5 | I12: MM | J12: 196 | K12: MM | L12: 16 | M12: MM | N12: =IFERROR(VLOOKUP(B12,Basis_Preisliste!B:H,7,0),"") -> 20 | O12: =IFERROR(VLOOKUP(B12,'Query Daten'!A:R,16,0),"") -> ST | P12: =IFERROR(F12*N12,"") -> 3.48 | Q12: =G12 -> KG | R12: =IFERROR(VLOOKUP(B12,MLGN!A:J,8,0),"") -> 480 | S12: =IFERROR(VLOOKUP(B12,'Query Daten'!A:R,16,0),"") -> ST | T12: =IFERROR(F12*R12,"") -> 83.52 | U12: =G12 -> KG | V12: =_xlfn.XLOOKUP(B12,'Query Daten'!A:A,'Query Daten'!Q:Q,"",0) -> 76109090 | W12: =IFERROR(VLOOKUP(B12,'Language Articles'!A:K,11,0),"") -> Sheet metal replacement tiles and roof hook sets for Biberschwanz Rapid including assembly set. Please order sheet metal replacement tiles and roof hook sets separately. | Y12: TRUE | Z12: =#REF!<>$Z$1 -> #REF! | AA12: =ROW(A12) -> 12 | AB12: =AA12/Z12 -> #REF! | AC12: =_xlfn.AGGREGATE(15,6,$AB$7:$AB$681,ROW(#REF!)) -> #REF!
B13: 109016-010 | C13: =VLOOKUP(B13,'Language Articles'!A:B,2,FALSE) -> Plain tile BEZ Rapid alum. 190x400 KIT | D13: =VLOOKUP(B13,'Language Portfolio'!A:B,2,0) -> Roof hooks | E13: =VLOOKUP(B13,'Language Portfolio'!A:K,11,0) -> Roof hooks standard | F13: {=_xlfn.XLOOKUP(B13,'Query Daten'!A:A,'Query Daten'!D:E,"",0)} -> 0.203 | G13: KG | H13: {=_xlfn.XLOOKUP(B13,'Query Daten'!A:A,'Query Daten'!F:K,"",0)} -> 387.5 | I13: MM | J13: 214 | K13: MM | L13: 16 | M13: MM | N13: =IFERROR(VLOOKUP(B13,Basis_Preisliste!B:H,7,0),"") -> 20 | O13: =IFERROR(VLOOKUP(B13,'Query Daten'!A:R,16,0),"") -> ST | P13: =IFERROR(F13*N13,"") -> 4.06 | Q13: =G13 -> KG | R13: =IFERROR(VLOOKUP(B13,MLGN!A:J,8,0),"") -> 480 | S13: =IFERROR(VLOOKUP(B13,'Query Daten'!A:R,16,0),"") -> ST | T13: =IFERROR(F13*R13,"") -> 97.44 | U13: =G13 -> KG | V13: =_xlfn.XLOOKUP(B13,'Query Daten'!A:A,'Query Daten'!Q:Q,"",0) -> 76109090 | W13: =IFERROR(VLOOKUP(B13,'Language Articles'!A:K,11,0),"") -> Sheet metal replacement tiles and roof hook sets for Biberschwanz Rapid including assembly set. Please order sheet metal replacement tiles and roof hook sets separately. | Y13: TRUE | Z13: =#REF!<>$Z$1 -> #REF! | AA13: =ROW(A13) -> 13 | AB13: =AA13/Z13 -> #REF! | AC13: =_xlfn.AGGREGATE(15,6,$AB$7:$AB$681,ROW(A5)) -> #NUM!
B14: 109019-020 | C14: =VLOOKUP(B14,'Language Articles'!A:B,2,FALSE) -> Roof hook plain tile for Rapid Pro Alu | D14: =VLOOKUP(B14,'Language Portfolio'!A:B,2,0) -> Roof hooks | E14: =VLOOKUP(B14,'Language Portfolio'!A:K,11,0) -> Roof hooks standard | F14: {=_xlfn.XLOOKUP(B14,'Query Daten'!A:A,'Query Daten'!D:E,"",0)} -> 0.339 | G14: KG | H14: {=_xlfn.XLOOKUP(B14,'Query Daten'!A:A,'Query Daten'!F:K,"",0)} -> 252 | I14: MM | J14: 35 | K14: MM | L14: 113.5 | M14: MM | N14: =IFERROR(VLOOKUP(B14,Basis_Preisliste!B:H,7,0),"") -> 20 | O14: =IFERROR(VLOOKUP(B14,'Query Daten'!A:R,16,0),"") -> ST | P14: =IFERROR(F14*N14,"") -> 6.78 | Q14: =G14 -> KG | R14: =IFERROR(VLOOKUP(B14,MLGN!A:J,8,0),"") -> 960 | S14: =IFERROR(VLOOKUP(B14,'Query Daten'!A:R,16,0),"") -> ST | T14: =IFERROR(F14*R14,"") -> 325.44 | U14: =G14 -> KG | V14: =_xlfn.XLOOKUP(B14,'Query Daten'!A:A,'Query Daten'!Q:Q,"",0) -> 76109090 | W14: =IFERROR(VLOOKUP(B14,'Language Articles'!A:K,11,0),"") -> Sheet metal replacement tiles and roof hook sets for plain tile Rapid including installation set. Please order sheet metal replacement tiles and roof hook sets separately. Compatible with the classic Schletter Solar mounting system and the Schletter ProLine series. | Y14: TRUE | Z14: =#REF!<>$Z$1 -> #REF! | AA14: =ROW(A14) -> 14 | AB14: =AA14/Z14 -> #REF! | AC14: =_xlfn.AGGREGATE(15,6,$AB$7:$AB$681,ROW(A6)) -> #NUM!
B15: 109019-021 | C15: =VLOOKUP(B15,'Language Articles'!A:B,2,FALSE) -> Roof hook plain tile for Rapid Pro | D15: =VLOOKUP(B15,'Language Portfolio'!A:B,2,0) -> Roof hooks | E15: =VLOOKUP(B15,'Language Portfolio'!A:K,11,0) -> Roof hooks standard | F15: {=_xlfn.XLOOKUP(B15,'Query Daten'!A:A,'Query Daten'!D:E,"",0)} -> 0.645 | G15: KG | H15: {=_xlfn.XLOOKUP(B15,'Query Daten'!A:A,'Query Daten'!F:K,"",0)} -> 245.4 | I15: MM | J15: 35 | K15: MM | L15: 89.1 | M15: MM | N15: =IFERROR(VLOOKUP(B15,Basis_Preisliste!B:H,7,0),"") -> 20 | O15: =IFERROR(VLOOKUP(B15,'Query Daten'!A:R,16,0),"") -> ST | P15: =IFERROR(F15*N15,"") -> 12.9 | Q15: =G15 -> KG | R15: =IFERROR(VLOOKUP(B15,MLGN!A:J,8,0),"") -> 960 | S15: =IFERROR(VLOOKUP(B15,'Query Daten'!A:R,16,0),"") -> ST | T15: =IFERROR(F15*R15,"") -> 619.2 | U15: =G15 -> KG | V15: =_xlfn.XLOOKUP(B15,'Query Daten'!A:A,'Query Daten'!Q:Q,"",0) -> 76109090 | W15: =IFERROR(VLOOKUP(B15,'Language Articles'!A:K,11,0),"") -> Sheet metal replacement tiles and roof hook sets for plain tile Rapid including installation set. Please order sheet metal replacement tiles and roof hook sets separately. Compatible with the classic Schletter Solar mounting system and the Schletter ProLine series. | Y15: TRUE | Z15: =#REF!<>$Z$1 -> #REF! | AA15: =ROW(A15) -> 15 | AB15: =AA15/Z15 -> #REF! | AC15: =_xlfn.AGGREGATE(15,6,$AB$7:$AB$681,ROW(A7)) -> #NUM!
B16: 109019-022 | C16: =VLOOKUP(B16,'Language Articles'!A:B,2,FALSE) -> Rook hook plain tile Rapid Pro 190x400 | D16: =VLOOKUP(B16,'Language Portfolio'!A:B,2,0) -> Roof hooks | E16: =VLOOKUP(B16,'Language Portfolio'!A:K,11,0) -> Roof hooks standard | F16: {=_xlfn.XLOOKUP(B16,'Query Daten'!A:A,'Query Daten'!D:E,"",0)} -> 0.681 | G16: KG | H16: {=_xlfn.XLOOKUP(B16,'Query Daten'!A:A,'Query Daten'!F:K,"",0)} -> 265.4 | I16: MM | J16: 35 | K16: MM | L16: 88.6 | M16: MM | N16: =IFERROR(VLOOKUP(B16,Basis_Preisliste!B:H,7,0),"") -> 20 | O16: =IFERROR(VLOOKUP(B16,'Query Daten'!A:R,16,0),"") -> ST | P16: =IFERROR(F16*N16,"") -> 13.62 | Q16: =G16 -> KG | R16: =IFERROR(VLOOKUP(B16,MLGN!A:J,8,0),"") -> 960 | S16: =IFERROR(VLOOKUP(B16,'Query Daten'!A:R,16,0),"") -> ST | T16: =IFERROR(F16*R16,"") -> 653.76 | U16: =G16 -> KG | V16: =_xlfn.XLOOKUP(B16,'Query Daten'!A:A,'Query Daten'!Q:Q,"",0) -> 76109090 | W16: =IFERROR(VLOOKUP(B16,'Language Articles'!A:K,11,0),"") -> Sheet metal replacement tiles and roof hook sets for plain tile Rapid including installation set. Please order sheet metal replacement tiles and roof hook sets separately. Compatible with the classic Schletter Solar mounting system and the Schletter ProLine series. | Y16: TRUE | Z16: =#REF!<>$Z$1 -> #REF! | AA16: =ROW(A16) -> 16 | AB16: =AA16/Z16 -> #REF! | AC16: =_xlfn.AGGREGATE(15,6,$AB$7:$AB$681,ROW(A9)) -> #NUM!
B17: 119026-102 | C17: =VLOOKUP(B17,'Language Articles'!A:B,2,FALSE) -> Rapid2+Pro SML | D17: =VLOOKUP(B17,'Language Portfolio'!A:B,2,0) -> Roof hooks | E17: =VLOOKUP(B17,'Language Portfolio'!A:K,11,0) -> Roof hooks standard | F17: {=_xlfn.XLOOKUP(B17,'Query Daten'!A:A,'Query Daten'!D:E,"",0)} -> 0.165 | G17: KG | H17: {=_xlfn.XLOOKUP(B17,'Query Daten'!A:A,'Query Daten'!F:K,"",0)} -> 105 | I17: MM | J17: 35 | K17: MM | L17: 78 | M17: MM | N17: =IFERROR(VLOOKUP(B17,Basis_Preisliste!B:H,7,0),"") -> 20 | O17: =IFERROR(VLOOKUP(B17,'Query Daten'!A:R,16,0),"") -> ST | P17: =IFERROR(F17*N17,"") -> 3.3 | Q17: =G17 -> KG | R17: =IFERROR(VLOOKUP(B17,MLGN!A:J,8,0),"") -> 2240 | S17: =IFERROR(VLOOKUP(B17,'Query Daten'!A:R,16,0),"") -> ST | T17: =IFERROR(F17*R17,"") -> 369.6 | U17: =G17 -> KG | V17: =_xlfn.XLOOKUP(B17,'Query Daten'!A:A,'Query Daten'!Q:Q,"",0) -> 76109090 | W17: =IFERROR(VLOOKUP(B17,'Language Articles'!A:K,11,0),"") -> For roofs with metal shingles (e.g. Prefa) the new fastening element Rapid SML was developed. Compatible with the classic Schletter Solar mounting system and the Schletter ProLine series. | Y17: TRUE | Z17: =#REF!<>$Z$1 -> #REF! | AA17: =ROW(A17) -> 17 | AB17: =AA17/Z17 -> #REF! | AC17: =_xlfn.AGGREGATE(15,6,$AB$7:$AB$681,ROW(A10)) -> #NUM!
B18: 119014-012 | C18: =VLOOKUP(B18,'Language Articles'!A:B,2,FALSE) -> FixT-K with KlickTop | D18: =VLOOKUP(B18,'Language Portfolio'!A:B,2,0) -> Roof hooks | E18: =VLOOKUP(B18,'Language Portfolio'!A:K,11,0) -> Roof hooks standard | F18: {=_xlfn.XLOOKUP(B18,'Query Daten'!A:A,'Query Daten'!D:E,"",0)} -> 0.257 | G18: KG | H18: {=_xlfn.XLOOKUP(B18,'Query Daten'!A:A,'Query Daten'!F:K,"",0)} -> 136 | I18: MM | J18: 80 | K18: MM | L18: 68.3 | M18: MM | N18: =IFERROR(VLOOKUP(B18,Basis_Preisliste!B:H,7,0),"") -> 50 | O18: =IFERROR(VLOOKUP(B18,'Query Daten'!A:R,16,0),"") -> ST | P18: =IFERROR(F18*N18,"") -> 12.85 | Q18: =G18 -> KG | R18: =IFERROR(VLOOKUP(B18,MLGN!A:J,8,0),"") -> 1200 | S18: =IFERROR(VLOOKUP(B18,'Query Daten'!A:R,16,0),"") -> ST | T18: =IFERROR(F18*R18,"") -> 308.4 | U18: =G18 -> KG | V18: =_xlfn.XLOOKUP(B18,'Query Daten'!A:A,'Query Daten'!Q:Q,"",0) -> 76109090 | W18: =IFERROR(VLOOKUP(B18,'Language Articles'!A:K,11,0),"") -> The innovative fastening for bitumen roofs on wooden substructure. | Y18: TRUE | Z18: =#REF!<>$Z$1 -> #REF! | AA18: =ROW(A18) -> 18 | AB18: =AA18/Z18 -> #REF! | AC18: =_xlfn.AGGREGATE(15,6,$AB$7:$AB$681,ROW(A11)) -> #NUM!
B19: 119014-212 | C19: =VLOOKUP(B19,'Language Articles'!A:B,2,FALSE) -> Fix T-K Pro | D19: =VLOOKUP(B19,'Language Portfolio'!A:B,2,0) -> Roof hooks | E19: =VLOOKUP(B19,'Language Portfolio'!A:K,11,0) -> ProLine | F19: {=_xlfn.XLOOKUP(B19,'Query Daten'!A:A,'Query Daten'!D:E,"",0)} -> 0.261 | G19: KG | H19: {=_xlfn.XLOOKUP(B19,'Query Daten'!A:A,'Query Daten'!F:K,"",0)} -> 136 | I19: MM | J19: 80 | K19: MM | L19: 66 | M19: MM | N19: =IFERROR(VLOOKUP(B19,Basis_Preisliste!B:H,7,0),"") -> 50 | O19: =IFERROR(VLOOKUP(B19,'Query Daten'!A:R,16,0),"") -> ST | P19: =IFERROR(F19*N19,"") -> 13.05 | Q19: =G19 -> KG | R19: =IFERROR(VLOOKUP(B19,MLGN!A:J,8,0),"") -> 1200 | S19: =IFERROR(VLOOKUP(B19,'Query Daten'!A:R,16,0),"") -> ST | T19: =IFERROR(F19*R19,"") -> 313.2 | U19: =G19 -> KG | V19: =_xlfn.XLOOKUP(B19,'Query Daten'!A:A,'Query Daten'!Q:Q,"",0) -> 76109090 | W19: =IFERROR(VLOOKUP(B19,'Language Articles'!A:K,11,0),"") -> The innovative fastening for bitumen roofs on wooden substructure. | Y19: TRUE | Z19: =#REF!<>$Z$1 -> #REF! | AA19: =ROW(A19) -> 19 | AB19: =AA19/Z19 -> #REF! | AC19: =_xlfn.AGGREGATE(15,6,$AB$7:$AB$681,ROW(A12)) -> #NUM!
B20: 101020-220 | C20: =VLOOKUP(B20,'Language Articles'!A:B,2,FALSE) -> Roof hook RapidA 35 Pro Max | D20: =VLOOKUP(B20,'Language Portfolio'!A:B,2,0) -> Roof hooks | E20: =VLOOKUP(B20,'Language Portfolio'!A:K,11,0) -> ProLine | F20: {=_xlfn.XLOOKUP(B20,'Query Daten'!A:A,'Query Daten'!D:E,"",0)} -> 0.387 | G20: KG | H20: {=_xlfn.XLOOKUP(B20,'Query Daten'!A:A,'Query Daten'!F:K,"",0)} -> 159 | I20: MM | J20: 100 | K20: MM | L20: 170 | M20: MM | N20: =IFERROR(VLOOKUP(B20,Basis_Preisliste!B:H,7,0),"") -> 30 | O20: =IFERROR(VLOOKUP(B20,'Query Daten'!A:R,16,0),"") -> ST | P20: =IFERROR(F20*N20,"") -> 11.61 | Q20: =G20 -> KG | R20: =IFERROR(VLOOKUP(B20,MLGN!A:J,8,0),"") -> 960 | S20: =IFERROR(VLOOKUP(B20,'Query Daten'!A:R,16,0),"") -> ST | T20: =IFERROR(F20*R20,"") -> 371.52 | U20: =G20 -> KG | V20: =_xlfn.XLOOKUP(B20,'Query Daten'!A:A,'Query Daten'!Q:Q,"",0) -> 76109090 | W20: =IFERROR(VLOOKUP(B20,'Language Articles'!A:K,11,0),"") -> The aluminum roof hook covers most of the applications on tiled roofs and is suitable for higher snow loads and wind loads. It allows quick and flexible mounting by hooking, and is fastened with only one pan head screw with Torx. The screw-on plate is mounted on the rafter and the bracket is then clicked into place. Due to a rotatable multi-adapter, the roof hook can be combined with the profiles of the ProLine series as well as with the classic Schletter modular system and has a height adjustment at the upper connection as well as a corresponding quick mounting adapter.
B21: 101020-120 | C21: =VLOOKUP(B21,'Language Articles'!A:B,2,FALSE) -> Roof hook RapidA 45 Pro Max | D21: =VLOOKUP(B21,'Language Portfolio'!A:B,2,0) -> Roof hooks | E21: =VLOOKUP(B21,'Language Portfolio'!A:K,11,0) -> ProLine | F21: {=_xlfn.XLOOKUP(B21,'Query Daten'!A:A,'Query Daten'!D:E,"",0)} -> 0.389 | G21: KG | H21: {=_xlfn.XLOOKUP(B21,'Query Daten'!A:A,'Query Daten'!F:K,"",0)} -> 159 | I21: MM | J21: 100 | K21: MM | L21: 180 | M21: MM | N21: =IFERROR(VLOOKUP(B21,Basis_Preisliste!B:H,7,0),"") -> 30 | O21: =IFERROR(VLOOKUP(B21,'Query Daten'!A:R,16,0),"") -> ST | P21: =IFERROR(F21*N21,"") -> 11.67 | Q21: =G21 -> KG | R21: =IFERROR(VLOOKUP(B21,MLGN!A:J,8,0),"") -> 960 | S21: =IFERROR(VLOOKUP(B21,'Query Daten'!A:R,16,0),"") -> ST | T21: =IFERROR(F21*R21,"") -> 373.44 | U21: =G21 -> KG | V21: =_xlfn.XLOOKUP(B21,'Query Daten'!A:A,'Query Daten'!Q:Q,"",0) -> 76109090 | W21: =IFERROR(VLOOKUP(B21,'Language Articles'!A:K,11,0),"") -> The aluminum roof hook covers most of the applications on tiled roofs and is suitable for higher snow loads and wind loads. It allows quick and flexible mounting by hooking, and is fastened with only one pan head screw with Torx. The screw-on plate is mounted on the rafter and the bracket is then clicked into place. Due to a rotatable multi-adapter, the roof hook can be combined with the profiles of the ProLine series as well as with the classic Schletter modular system and has a height adjustment at the upper connection as well as a corresponding quick mounting adapter. | Y21: TRUE | Z21: =#REF!<>$Z$1 -> #REF! | AA21: =ROW(A21) -> 21 | AB21: =AA21/Z21 -> #REF! | AC21: =_xlfn.AGGREGATE(15,6,$AB$7:$AB$681,ROW(A13)) -> #NUM!
B22: 101024-120 | C22: =VLOOKUP(B22,'Language Articles'!A:B,2,FALSE) -> Roof hook RapidA 45 Pro Universal Max | D22: =VLOOKUP(B22,'Language Portfolio'!A:B,2,0) -> Roof hooks | E22: =VLOOKUP(B22,'Language Portfolio'!A:K,11,0) -> ProLine | F22: {=_xlfn.XLOOKUP(B22,'Query Daten'!A:A,'Query Daten'!D:E,"",0)} -> 0.44 | G22: KG | H22: {=_xlfn.XLOOKUP(B22,'Query Daten'!A:A,'Query Daten'!F:K,"",0)} -> 168 | I22: MM | J22: 100 | K22: MM | L22: 191 | M22: MM | N22: =IFERROR(VLOOKUP(B22,Basis_Preisliste!B:H,7,0),"") -> 20 | O22: =IFERROR(VLOOKUP(B22,'Query Daten'!A:R,16,0),"") -> ST | P22: =IFERROR(F22*N22,"") -> 8.8 | Q22: =G22 -> KG | R22: =IFERROR(VLOOKUP(B22,MLGN!A:J,8,0),"") -> 640 | S22: =IFERROR(VLOOKUP(B22,'Query Daten'!A:R,16,0),"") -> ST | T22: =IFERROR(F22*R22,"") -> 281.6 | U22: =G22 -> KG | V22: =_xlfn.XLOOKUP(B22,'Query Daten'!A:A,'Query Daten'!Q:Q,"",0) -> 76109090 | W22: =IFERROR(VLOOKUP(B22,'Language Articles'!A:K,11,0),"") -> The aluminum roof hook covers most of the applications on tiled roofs and is suitable for higher snow loads and wind loads. It allows quick and flexible mounting by hooking, and is fastened with only one pan head screw with Torx. The screw-on plate is mounted on the rafter and the bracket is then clicked into place. Due to a rotatable multi-adapter, the roof hook can be combined with the profiles of the ProLine series as well as with the classic Schletter modular system and has a height adjustment at the upper, rotatable connection as well as a corresponding quick mounting adapter. | Y22: TRUE | Z22: =#REF!<>$Z$1 -> #REF! | AA22: =ROW(A22) -> 22 | AB22: =AA22/Z22 -> #REF! | AC22: =_xlfn.AGGREGATE(15,6,$AB$7:$AB$681,ROW(A15)) -> #NUM!
B23: 101001-020 | C23: =VLOOKUP(B23,'Language Articles'!A:B,2,FALSE) -> Roof hook Rapid2+Pro 45 | D23: =VLOOKUP(B23,'Language Portfolio'!A:B,2,0) -> Roof hooks | E23: =VLOOKUP(B23,'Language Portfolio'!A:K,11,0) -> Roof hook Rapid2+ | F23: {=_xlfn.XLOOKUP(B23,'Query Daten'!A:A,'Query Daten'!D:E,"",0)} -> 0.997 | G23: KG | H23: {=_xlfn.XLOOKUP(B23,'Query Daten'!A:A,'Query Daten'!F:K,"",0)} -> 176 | I23: MM | J23: 150 | K23: MM | L23: 192.4 | M23: MM | N23: =IFERROR(VLOOKUP(B23,Basis_Preisliste!B:H,7,0),"") -> 20 | O23: =IFERROR(VLOOKUP(B23,'Query Daten'!A:R,16,0),"") -> ST | P23: =IFERROR(F23*N23,"") -> 19.94 | Q23: =G23 -> KG | R23: =IFERROR(VLOOKUP(B23,MLGN!A:J,8,0),"") -> 480 | S23: =IFERROR(VLOOKUP(B23,'Query Daten'!A:R,16,0),"") -> ST | T23: =IFERROR(F23*R23,"") -> 478.56 | U23: =G23 -> KG | V23: =_xlfn.XLOOKUP(B23,'Query Daten'!A:A,'Query Daten'!Q:Q,"",0) -> 73089098 | W23: =IFERROR(VLOOKUP(B23,'Language Articles'!A:K,11,0),"") -> VA quality, welded, web arrangement symmetrical, pre-assembled. By means of a rotatable multi-adapter, the roof hook can be combined with the profiles of the ProLine series as well as with the classic Schletter modular system. | Y23: TRUE | Z23: =#REF!<>$Z$1 -> #REF! | AA23: =ROW(A23) -> 23 | AB23: =AA23/Z23 -> #REF! | AC23: =_xlfn.AGGREGATE(15,6,$AB$7:$AB$681,ROW(A16)) -> #NUM!
B24: 101001-022 | C24: =VLOOKUP(B24,'Language Articles'!A:B,2,FALSE) -> Roof hook Rapid2+Pro 45 HSL | D24: =VLOOKUP(B24,'Language Portfolio'!A:B,2,0) -> Roof hooks | E24: =VLOOKUP(B24,'Language Portfolio'!A:K,11,0) -> Roof hook Rapid2+ | F24: {=_xlfn.XLOOKUP(B24,'Query Daten'!A:A,'Query Daten'!D:E,"",0)} -> 1.111 | G24: KG | H24: {=_xlfn.XLOOKUP(B24,'Query Daten'!A:A,'Query Daten'!F:K,"",0)} -> 150 | I24: MM | J24: 185 | K24: MM | L24: 193.4 | M24: MM | N24: =IFERROR(VLOOKUP(B24,Basis_Preisliste!B:H,7,0),"") -> 20 | O24: =IFERROR(VLOOKUP(B24,'Query Daten'!A:R,16,0),"") -> ST | P24: =IFERROR(F24*N24,"") -> 22.22 | Q24: =G24 -> KG | R24: =IFERROR(VLOOKUP(B24,MLGN!A:J,8,0),"") -> 480 | S24: =IFERROR(VLOOKUP(B24,'Query Daten'!A:R,16,0),"") -> ST | T24: =IFERROR(F24*R24,"") -> 533.28 | U24: =G24 -> KG | V24: =_xlfn.XLOOKUP(B24,'Query Daten'!A:A,'Query Daten'!Q:Q,"",0) -> 73089098 | W24: =IFERROR(VLOOKUP(B24,'Language Articles'!A:K,11,0),"") -> Material: High-strength steel, welded, zinc lamella coated surface, web arrangement symmetrical, pre-assembled, web thickness 6mm. By means of a rotatable multi-adapter, the roof hook can be combined with the profiles of the ProLine series as well as with the classic Schletter modular system. | Y24: TRUE | Z24: =#REF!<>$Z$1 -> #REF! | AA24: =ROW(A24) -> 24 | AB24: =AA24/Z24 -> #REF! | AC24: =_xlfn.AGGREGATE(15,6,$AB$7:$AB$681,ROW(A17)) -> #NUM!
B25: 101002-020 | C25: =VLOOKUP(B25,'Language Articles'!A:B,2,FALSE) -> Roof hook Rapid2+Pro 35 | D25: =VLOOKUP(B25,'Language Portfolio'!A:B,2,0) -> Roof hooks | E25: =VLOOKUP(B25,'Language Portfolio'!A:K,11,0) -> Roof hook Rapid2+ | F25: {=_xlfn.XLOOKUP(B25,'Query Daten'!A:A,'Query Daten'!D:E,"",0)} -> 0.98 | G25: KG | H25: {=_xlfn.XLOOKUP(B25,'Query Daten'!A:A,'Query Daten'!F:K,"",0)} -> 176 | I25: MM | J25: 150 | K25: MM | L25: 182.3 | M25: MM | N25: =IFERROR(VLOOKUP(B25,Basis_Preisliste!B:H,7,0),"") -> 20 | O25: =IFERROR(VLOOKUP(B25,'Query Daten'!A:R,16,0),"") -> ST | P25: =IFERROR(F25*N25,"") -> 19.6 | Q25: =G25 -> KG | R25: =IFERROR(VLOOKUP(B25,MLGN!A:J,8,0),"") -> 480 | S25: =IFERROR(VLOOKUP(B25,'Query Daten'!A:R,16,0),"") -> ST | T25: =IFERROR(F25*R25,"") -> 470.4 | U25: =G25 -> KG | V25: =_xlfn.XLOOKUP(B25,'Query Daten'!A:A,'Query Daten'!Q:Q,"",0) -> 73089098 | W25: =IFERROR(VLOOKUP(B25,'Language Articles'!A:K,11,0),"") -> VA quality, welded, web arrangement symmetrical, pre-assembled, 35 mm / 1.38 inches leg height for low battening. A rotatable multi-adapter allows the roof hook to be combined with the profiles of the ProLine series as well as with the classic Schletter modular system. | Y25: TRUE | Z25: =#REF!<>$Z$1 -> #REF! | AA25: =ROW(A25) -> 25 | AB25: =AA25/Z25 -> #REF! | AC25: =_xlfn.AGGREGATE(15,6,$AB$7:$AB$681,ROW(A18)) -> #NUM!
B26: 101004-020 | C26: =VLOOKUP(B26,'Language Articles'!A:B,2,FALSE) -> Roof hook Rapid 2+Pro Universal | D26: =VLOOKUP(B26,'Language Portfolio'!A:B,2,0) -> Roof hooks | E26: =VLOOKUP(B26,'Language Portfolio'!A:K,11,0) -> Roof hook Rapid2+ | F26: {=_xlfn.XLOOKUP(B26,'Query Daten'!A:A,'Query Daten'!D:E,"",0)} -> 1.372 | G26: KG | H26: {=_xlfn.XLOOKUP(B26,'Query Daten'!A:A,'Query Daten'!F:K,"",0)} -> 190 | I26: MM | J26: 150 | K26: MM | L26: 195.9 | M26: MM | N26: =IFERROR(VLOOKUP(B26,Basis_Preisliste!B:H,7,0),"") -> 10 | O26: =IFERROR(VLOOKUP(B26,'Query Daten'!A:R,16,0),"") -> ST | P26: =IFERROR(F26*N26,"") -> 13.72 | Q26: =G26 -> KG | R26: =IFERROR(VLOOKUP(B26,MLGN!A:J,8,0),"") -> 240 | S26: =IFERROR(VLOOKUP(B26,'Query Daten'!A:R,16,0),"") -> ST | T26: =IFERROR(F26*R26,"") -> 329.28 | U26: =G26 -> KG | V26: =_xlfn.XLOOKUP(B26,'Query Daten'!A:A,'Query Daten'!Q:Q,"",0) -> 73089098 | W26: =IFERROR(VLOOKUP(B26,'Language Articles'!A:K,11,0),"") -> VA quality, bar arrangement variable, front and rear adjustable, center bar can be used in three positions, pre-assembled, universal adjustable, for vertical rail mounting. By means of a rotatable multi-adapter, the roof hook can be combined with the profiles of the ProLine series as well as with the classic Schletter modular system. | Y26: TRUE | Z26: =#REF!<>$Z$1 -> #REF! | AA26: =ROW(A26) -> 26 | AB26: =AA26/Z26 -> #REF! | AC26: =_xlfn.AGGREGATE(15,6,$AB$7:$AB$681,ROW(A19)) -> #NUM!
B27: 101005-020 | C27: =VLOOKUP(B27,'Language Articles'!A:B,2,FALSE) -> Roof hook Rapid2+Pro Max | D27: =VLOOKUP(B27,'Language Portfolio'!A:B,2,0) -> Roof hooks | E27: =VLOOKUP(B27,'Language Portfolio'!A:K,11,0) -> Roof hook Rapid2+ | F27: {=_xlfn.XLOOKUP(B27,'Query Daten'!A:A,'Query Daten'!D:E,"",0)} -> 1.466 | G27: KG | H27: {=_xlfn.XLOOKUP(B27,'Query Daten'!A:A,'Query Daten'!F:K,"",0)} -> 195 | I27: MM | J27: 150 | K27: MM | L27: 200 | M27: MM | N27: =IFERROR(VLOOKUP(B27,Basis_Preisliste!B:H,7,0),"") -> 10 | O27: =IFERROR(VLOOKUP(B27,'Query Daten'!A:R,16,0),"") -> ST | P27: =IFERROR(F27*N27,"") -> 14.66 | Q27: =G27 -> KG | R27: =IFERROR(VLOOKUP(B27,MLGN!A:J,8,0),"") -> 240 | S27: =IFERROR(VLOOKUP(B27,'Query Daten'!A:R,16,0),"") -> ST | T27: =IFERROR(F27*R27,"") -> 351.84 | U27: =G27 -> KG | V27: =_xlfn.XLOOKUP(B27,'Query Daten'!A:A,'Query Daten'!Q:Q,"",0) -> 73089098 | W27: =IFERROR(VLOOKUP(B27,'Language Articles'!A:K,11,0),"") -> VA quality, welded, web arrangement symmetrical, pre-assembled, web 35 x 8 mm / 1.38 x 0.31 inches for high snow loads. By means of a rotatable multi-adapter, the roof hook can be combined with the profiles of the ProLine series as well as with the classic Schletter modular system. | Y27: TRUE | Z27: =#REF!<>$Z$1 -> #REF! | AA27: =ROW(A27) -> 27 | AB27: =AA27/Z27 -> #REF! | AC27: =_xlfn.AGGREGATE(15,6,$AB$7:$AB$681,ROW(A21)) -> #NUM!
B28: 101005-021 | C28: =VLOOKUP(B28,'Language Articles'!A:B,2,FALSE) -> Roof hook Rapid2+Pro Max 150 | D28: =VLOOKUP(B28,'Language Portfolio'!A:B,2,0) -> Roof hooks | E28: =VLOOKUP(B28,'Language Portfolio'!A:K,11,0) -> Roof hook Rapid2+ | F28: {=_xlfn.XLOOKUP(B28,'Query Daten'!A:A,'Query Daten'!D:E,"",0)} -> 1.593 | G28: KG | H28: {=_xlfn.XLOOKUP(B28,'Query Daten'!A:A,'Query Daten'!F:K,"",0)} -> 225 | I28: MM | J28: 150 | K28: MM | L28: 200 | M28: MM | N28: =IFERROR(VLOOKUP(B28,Basis_Preisliste!B:H,7,0),"") -> 10 | O28: =IFERROR(VLOOKUP(B28,'Query Daten'!A:R,16,0),"") -> ST | P28: =IFERROR(F28*N28,"") -> 15.93 | Q28: =G28 -> KG | R28: =IFERROR(VLOOKUP(B28,MLGN!A:J,8,0),"") -> 240 | S28: =IFERROR(VLOOKUP(B28,'Query Daten'!A:R,16,0),"") -> ST | T28: =IFERROR(F28*R28,"") -> 382.32 | U28: =G28 -> KG | V28: =_xlfn.XLOOKUP(B28,'Query Daten'!A:A,'Query Daten'!Q:Q,"",0) -> 73089098 | W28: =IFERROR(VLOOKUP(B28,'Language Articles'!A:K,11,0),"") -> As 101005-000, but dimension b 150 mm. Stainless steel quality, welded, web arrangement symmetrical, pre-assembled, web thickness 8mm. By means of a rotatable multi-adapter, the roof hook can be combined with the profiles of the ProLine series as well as with the classic Schletter modular system. | Y28: TRUE | Z28: =#REF!<>$Z$1 -> #REF! | AA28: =ROW(A28) -> 28 | AB28: =AA28/Z28 -> #REF! | AC28: =_xlfn.AGGREGATE(15,6,$AB$7:$AB$681,ROW(A8)) -> #NUM!
B29: 101005-024 | C29: =VLOOKUP(B29,'Language Articles'!A:B,2,FALSE) -> Roof hook Rapid2+Pro Max HSL | D29: =VLOOKUP(B29,'Language Portfolio'!A:B,2,0) -> Roof hooks | E29: =VLOOKUP(B29,'Language Portfolio'!A:K,11,0) -> Roof hook Rapid2+ | F29: {=_xlfn.XLOOKUP(B29,'Query Daten'!A:A,'Query Daten'!D:E,"",0)} -> 1.491 | G29: KG | H29: {=_xlfn.XLOOKUP(B29,'Query Daten'!A:A,'Query Daten'!F:K,"",0)} -> 150 | I29: MM | J29: 205 | K29: MM | L29: 205 | M29: MM | N29: =IFERROR(VLOOKUP(B29,Basis_Preisliste!B:H,7,0),"") -> 10 | O29: =IFERROR(VLOOKUP(B29,'Query Daten'!A:R,16,0),"") -> ST | P29: =IFERROR(F29*N29,"") -> 14.91 | Q29: =G29 -> KG | R29: =IFERROR(VLOOKUP(B29,MLGN!A:J,8,0),"") -> 240 | S29: =IFERROR(VLOOKUP(B29,'Query Daten'!A:R,16,0),"") -> ST | T29: =IFERROR(F29*R29,"") -> 357.84 | U29: =G29 -> KG | V29: =_xlfn.XLOOKUP(B29,'Query Daten'!A:A,'Query Daten'!Q:Q,"",0) -> 73089098 | W29: =IFERROR(VLOOKUP(B29,'Language Articles'!A:K,11,0),"") -> Material: High-strength steel, welded, zinc lamella coated surface, web arrangement symmetrical, pre-assembled, web thickness 8mm. By means of a rotatable multi-adapter, the roof hook can be combined with the profiles of the ProLine series as well as with the classic Schletter modular system. | Y29: TRUE | Z29: =#REF!<>$Z$1 -> #REF! | AA29: =ROW(A29) -> 29 | AB29: =AA29/Z29 -> #REF! | AC29: =_xlfn.AGGREGATE(15,6,$AB$7:$AB$681,ROW(A22)) -> #NUM!
B30: 101006-020 | C30: =VLOOKUP(B30,'Language Articles'!A:B,2,FALSE) -> Roof hook Rapid2+Pro MaxV | D30: =VLOOKUP(B30,'Language Portfolio'!A:B,2,0) -> Roof hooks | E30: =VLOOKUP(B30,'Language Portfolio'!A:K,11,0) -> Roof hook Rapid2+ | F30: {=_xlfn.XLOOKUP(B30,'Query Daten'!A:A,'Query Daten'!D:E,"",0)} -> 1.55 | G30: KG | H30: {=_xlfn.XLOOKUP(B30,'Query Daten'!A:A,'Query Daten'!F:K,"",0)} -> 195 | I30: MM | J30: 150 | K30: MM | L30: 208.9 | M30: MM | N30: =IFERROR(VLOOKUP(B30,Basis_Preisliste!B:H,7,0),"") -> 10 | O30: =IFERROR(VLOOKUP(B30,'Query Daten'!A:R,16,0),"") -> ST | P30: =IFERROR(F30*N30,"") -> 15.5 | Q30: =G30 -> KG | R30: =IFERROR(VLOOKUP(B30,MLGN!A:J,8,0),"") -> 240 | S30: =IFERROR(VLOOKUP(B30,'Query Daten'!A:R,16,0),"") -> ST | T30: =IFERROR(F30*R30,"") -> 372 | U30: =G30 -> KG | V30: =_xlfn.XLOOKUP(B30,'Query Daten'!A:A,'Query Daten'!Q:Q,"",0) -> 73089098 | W30: =IFERROR(VLOOKUP(B30,'Language Articles'!A:K,11,0),"") -> VA quality, welded, web arrangement symmetrical, pre-assembled, web 35 x 8 mm / 1.38 x 0.31 inches for high snow loads, for vertical rail mounting. By means of a rotatable multi-adapter, the roof hook can be combined with the profiles of the ProLine series as well as with the classic Schletter modular system. | Y30: TRUE | Z30: =#REF!<>$Z$1 -> #REF! | AA30: =ROW(A30) -> 30 | AB30: =AA30/Z30 -> #REF! | AC30: =_xlfn.AGGREGATE(15,6,$AB$7:$AB$681,ROW(A23)) -> #NUM!
B31: 101028-020 | C31: =VLOOKUP(B31,'Language Articles'!A:B,2,FALSE) -> Roof hook RapidA Pro 2L | D31: =VLOOKUP(B31,'Language Portfolio'!A:B,2,0) -> Roof hooks | E31: =VLOOKUP(B31,'Language Portfolio'!A:K,11,0) -> ProLine | F31: {=_xlfn.XLOOKUP(B31,'Query Daten'!A:A,'Query Daten'!D:E,"",0)} -> 0.324 | G31: KG | H31: {=_xlfn.XLOOKUP(B31,'Query Daten'!A:A,'Query Daten'!F:K,"",0)} -> 213.1 | I31: MM | J31: 35.4 | K31: MM | L31: 139 | M31: MM | N31: =IFERROR(VLOOKUP(B31,Basis_Preisliste!B:H,7,0),"") -> 30 | O31: =IFERROR(VLOOKUP(B31,'Query Daten'!A:R,16,0),"") -> ST | P31: =IFERROR(F31*N31,"") -> 9.72 | Q31: =G31 -> KG | R31: =IFERROR(VLOOKUP(B31,MLGN!A:J,8,0),"") -> 720 | S31: =IFERROR(VLOOKUP(B31,'Query Daten'!A:R,16,0),"") -> ST | T31: =IFERROR(F31*R31,"") -> 233.28 | U31: =G31 -> KG | V31: =_xlfn.XLOOKUP(B31,'Query Daten'!A:A,'Query Daten'!Q:Q,"",0) -> 76109090 | W31: =IFERROR(VLOOKUP(B31,'Language Articles'!A:K,11,0),"") -> Roof hook for system roofs made of insulated roof elements. Due to a rotatable multi-adapter, the roof hook can be combined with the profiles of the ProLine series as well as with the classic Schletter modular system. | Y31: TRUE | Z31: =#REF!<>$Z$1 -> #REF! | AA31: =ROW(A31) -> 31 | AB31: =AA31/Z31 -> #REF! | AC31: =_xlfn.AGGREGATE(15,6,$AB$7:$AB$681,ROW(A24)) -> #NUM!
B32: 109019-025 | C32: =VLOOKUP(B32,'Language Articles'!A:B,2,FALSE) -> Roof hook Pro-N | D32: =VLOOKUP(B32,'Language Portfolio'!A:B,2,0) -> Roof hooks | E32: =VLOOKUP(B32,'Language Portfolio'!A:K,11,0) -> ProLine | F32: {=_xlfn.XLOOKUP(B32,'Query Daten'!A:A,'Query Daten'!D:E,"",0)} -> 0.296 | G32: KG | H32: {=_xlfn.XLOOKUP(B32,'Query Daten'!A:A,'Query Daten'!F:K,"",0)} -> 156.5 | I32: MM | J32: 35 | K32: MM | L32: 192 | M32: MM | N32: =IFERROR(VLOOKUP(B32,Basis_Preisliste!B:H,7,0),"") -> 30 | O32: =IFERROR(VLOOKUP(B32,'Query Daten'!A:R,16,0),"") -> ST | P32: =IFERROR(F32*N32,"") -> 8.88 | Q32: =G32 -> KG | R32: =IFERROR(VLOOKUP(B32,MLGN!A:J,8,0),"") -> 720 | S32: =IFERROR(VLOOKUP(B32,'Query Daten'!A:R,16,0),"") -> ST | T32: =IFERROR(F32*R32,"") -> 213.12 | U32: =G32 -> KG | V32: =_xlfn.XLOOKUP(B32,'Query Daten'!A:A,'Query Daten'!Q:Q,"",0) -> 76109090 | W32: =IFERROR(VLOOKUP(B32,'Language Articles'!A:K,11,0),"") -> The aluminum roof hook covers applications on tiled roofs. It allows a quick and flexible installation by hooking and clamping to the roof batten. Due to a rotatable multi-adapter, the roof hook can be combined with the profiles of the ProLine series as well as with the classic Schletter modular system and has a height adjustment at the upper connection as well as a corresponding quick mounting adapter.
B33: 109017-010 | C33: =VLOOKUP(B33,'Language Articles'!A:B,2,FALSE) -> Shingle for Roof hook Rapid2+ Slate125 | D33: =VLOOKUP(B33,'Language Portfolio'!A:B,2,0) -> Roof hooks | E33: =VLOOKUP(B33,'Language Portfolio'!A:K,11,0) -> Roof hook Rapid2+ | F33: {=_xlfn.XLOOKUP(B33,'Query Daten'!A:A,'Query Daten'!D:E,"",0)} -> 0.135 | G33: KG | H33: {=_xlfn.XLOOKUP(B33,'Query Daten'!A:A,'Query Daten'!F:K,"",0)} -> 360 | I33: MM | J33: 270 | K33: MM | L33: 0.5 | M33: MM | N33: =IFERROR(VLOOKUP(B33,Basis_Preisliste!B:H,7,0),"") -> 20 | O33: =IFERROR(VLOOKUP(B33,'Query Daten'!A:R,16,0),"") -> ST | P33: =IFERROR(F33*N33,"") -> 2.7 | Q33: =G33 -> KG | R33: =IFERROR(VLOOKUP(B33,MLGN!A:J,8,0),"") -> 960 | S33: =IFERROR(VLOOKUP(B33,'Query Daten'!A:R,16,0),"") -> ST | T33: =IFERROR(F33*R33,"") -> 129.6 | U33: =G33 -> KG | V33: =_xlfn.XLOOKUP(B33,'Query Daten'!A:A,'Query Daten'!Q:Q,"",0) -> 76109090 | W33: =IFERROR(VLOOKUP(B33,'Language Articles'!A:K,11,0),"") -> Suitable for many types of shingles, cover plate with flexible corrugated tape, spreads the load on the rafters, for slate overlaps up to 125 mm (in combination with roof hooks Rapid2 + Slate125 (without shingle) | Y33: TRUE | Z33: =#REF!<>$Z$1 -> #REF! | AA33: =ROW(A33) -> 33 | AB33: =AA33/Z33 -> #REF! | AC33: =_xlfn.AGGREGATE(15,6,$AB$7:$AB$681,ROW(A25)) -> #NUM!
B34: 109019-024 | C34: =VLOOKUP(B34,'Language Articles'!A:B,2,FALSE) -> Roof hook Rapid2+Pro Slate125 | D34: =VLOOKUP(B34,'Language Portfolio'!A:B,2,0) -> Roof hooks | E34: =VLOOKUP(B34,'Language Portfolio'!A:K,11,0) -> Roof hook Rapid2+ | F34: {=_xlfn.XLOOKUP(B34,'Query Daten'!A:A,'Query Daten'!D:E,"",0)} -> 0.412 | G34: KG | H34: {=_xlfn.XLOOKUP(B34,'Query Daten'!A:A,'Query Daten'!F:K,"",0)} -> 253 | I34: MM | J34: 77 | K34: MM | L34: 118.4 | M34: MM | N34: =IFERROR(VLOOKUP(B34,Basis_Preisliste!B:H,7,0),"") -> 20 | O34: =IFERROR(VLOOKUP(B34,'Query Daten'!A:R,16,0),"") -> ST | P34: =IFERROR(F34*N34,"") -> 8.24 | Q34: =G34 -> KG | R34: =IFERROR(VLOOKUP(B34,MLGN!A:J,8,0),"") -> 960 | S34: =IFERROR(VLOOKUP(B34,'Query Daten'!A:R,16,0),"") -> ST | T34: =IFERROR(F34*R34,"") -> 395.52 | U34: =G34 -> KG | V34: =_xlfn.XLOOKUP(B34,'Query Daten'!A:A,'Query Daten'!Q:Q,"",0) -> 76109090 | W34: =IFERROR(VLOOKUP(B34,'Language Articles'!A:K,11,0),"") -> Suitable for many types of shingles, Cover plate with flexible corrugated strip, Direct load application to the rafters, For slate overlaps up to 125 mm (In combination with shingle to roof hook Rapid2+ Slate125). By means of a rotatable multi-adapter, the roof hook can be combined with the profiles of the ProLine series as well as with the classic Schletter modular system. | Y34: TRUE | Z34: =#REF!<>$Z$1 -> #REF! | AA34: =ROW(A34) -> 34 | AB34: =AA34/Z34 -> #REF! | AC34: =_xlfn.AGGREGATE(15,6,$AB$7:$AB$681,ROW(A26)) -> #NUM!
B35: 103005-002 | C35: =VLOOKUP(B35,'Language Articles'!A:B,2,FALSE) -> Alu-Tile BEZ f. Erlus Falzziegel | D35: =VLOOKUP(B35,'Language Portfolio'!A:B,2,0) -> Roof hooks | E35: =VLOOKUP(B35,'Language Portfolio'!A:K,11,0) -> Alu-Tile | F35: {=_xlfn.XLOOKUP(B35,'Query Daten'!A:A,'Query Daten'!D:E,"",0)} -> 0.391 | G35: KG | H35: {=_xlfn.XLOOKUP(B35,'Query Daten'!A:A,'Query Daten'!F:K,"",0)} -> 430 | I35: MM | J35: 229 | K35: MM | L35: 145 | M35: MM | N35: =IFERROR(VLOOKUP(B35,Basis_Preisliste!B:H,7,0),"") -> 10 | O35: =IFERROR(VLOOKUP(B35,'Query Daten'!A:R,16,0),"") -> ST | P35: =IFERROR(F35*N35,"") -> 3.91 | Q35: =G35 -> KG | R35: =IFERROR(VLOOKUP(B35,MLGN!A:J,8,0),"") -> 250 | S35: =IFERROR(VLOOKUP(B35,'Query Daten'!A:R,16,0),"") -> ST | T35: =IFERROR(F35*R35,"") -> 97.75 | U35: =G35 -> KG | V35: =_xlfn.XLOOKUP(B35,'Query Daten'!A:A,'Query Daten'!Q:Q,"",0) -> 76109090 | W35: =IFERROR(VLOOKUP(B35,'Language Articles'!A:K,11,0),"") -> Replaces a complete roof tile. Please order roof hook set separately. Especially for areas with high snow loads. System hook and sheet metal replacement tile in aluminum, screw seal EPDM, load support in plastic with stainless steel screw A2. | Y35: TRUE | Z35: =#REF!<>$Z$1 -> #REF! | AA35: =ROW(A35) -> 35 | AB35: =AA35/Z35 -> #REF! | AC35: =_xlfn.AGGREGATE(15,6,$AB$7:$AB$681,ROW(A27)) -> #NUM!
B36: 103005-003 | C36: =VLOOKUP(B36,'Language Articles'!A:B,2,FALSE) -> Alu-Tile BEZ f. Braas Frankfurter Pfanne | D36: =VLOOKUP(B36,'Language Portfolio'!A:B,2,0) -> Roof hooks | E36: =VLOOKUP(B36,'Language Portfolio'!A:K,11,0) -> Alu-Tile | F36: {=_xlfn.XLOOKUP(B36,'Query Daten'!A:A,'Query Daten'!D:E,"",0)} -> 0.49 | G36: KG | H36: {=_xlfn.XLOOKUP(B36,'Query Daten'!A:A,'Query Daten'!F:K,"",0)} -> 465 | I36: MM | J36: 324 | K36: MM | L36: 75 | M36: MM | N36: =IFERROR(VLOOKUP(B36,Basis_Preisliste!B:H,7,0),"") -> 10 | O36: =IFERROR(VLOOKUP(B36,'Query Daten'!A:R,16,0),"") -> ST | P36: =IFERROR(F36*N36,"") -> 4.9 | Q36: =G36 -> KG | R36: =IFERROR(VLOOKUP(B36,MLGN!A:J,8,0),"") -> 250 | S36: =IFERROR(VLOOKUP(B36,'Query Daten'!A:R,16,0),"") -> ST | T36: =IFERROR(F36*R36,"") -> 122.5 | U36: =G36 -> KG | V36: =_xlfn.XLOOKUP(B36,'Query Daten'!A:A,'Query Daten'!Q:Q,"",0) -> 76109090 | W36: =IFERROR(VLOOKUP(B36,'Language Articles'!A:K,11,0),"") -> Replaces a complete roof tile. Please order roof hook set separately. Especially for areas with high snow loads. System hook and sheet metal replacement tile in aluminum, screw seal EPDM, load support in plastic with stainless steel screw A2. | Y36: TRUE | Z36: =#REF!<>$Z$1 -> #REF! | AA36: =ROW(A36) -> 36 | AB36: =AA36/Z36 -> #REF! | AC36: =_xlfn.AGGREGATE(15,6,$AB$7:$AB$681,ROW(A28)) -> #NUM!
B37: 103005-004 | C37: =VLOOKUP(B37,'Language Articles'!A:B,2,FALSE) -> Alu-Tile BEZ f. Meindl Rustico | D37: =VLOOKUP(B37,'Language Portfolio'!A:B,2,0) -> Roof hooks | E37: =VLOOKUP(B37,'Language Portfolio'!A:K,11,0) -> Alu-Tile | F37: {=_xlfn.XLOOKUP(B37,'Query Daten'!A:A,'Query Daten'!D:E,"",0)} -> 0.356 | G37: KG | H37: {=_xlfn.XLOOKUP(B37,'Query Daten'!A:A,'Query Daten'!F:K,"",0)} -> 394 | I37: MM | J37: 217 | K37: MM | L37: 140 | M37: MM | N37: =IFERROR(VLOOKUP(B37,Basis_Preisliste!B:H,7,0),"") -> 10 | O37: =IFERROR(VLOOKUP(B37,'Query Daten'!A:R,16,0),"") -> ST | P37: =IFERROR(F37*N37,"") -> 3.56 | Q37: =G37 -> KG | R37: =IFERROR(VLOOKUP(B37,MLGN!A:J,8,0),"") -> 250 | S37: =IFERROR(VLOOKUP(B37,'Query Daten'!A:R,16,0),"") -> ST | T37: =IFERROR(F37*R37,"") -> 89 | U37: =G37 -> KG | V37: =_xlfn.XLOOKUP(B37,'Query Daten'!A:A,'Query Daten'!Q:Q,"",0) -> 76109090 | W37: =IFERROR(VLOOKUP(B37,'Language Articles'!A:K,11,0),"") -> Replaces a complete roof tile. Please order roof hook set separately. Especially for areas with high snow loads. System hook and sheet metal replacement tile in aluminum, screw seal EPDM, load support in plastic with stainless steel screw A2. | Y37: TRUE | Z37: =#REF!<>$Z$1 -> #REF! | AA37: =ROW(A37) -> 37 | AB37: =AA37/Z37 -> #REF! | AC37: =_xlfn.AGGREGATE(15,6,$AB$7:$AB$681,ROW(A29)) -> #NUM!
B38: 103005-006 | C38: =VLOOKUP(B38,'Language Articles'!A:B,2,FALSE) -> Alu-Tile BEZ f. Eternit Heidelberger | D38: =VLOOKUP(B38,'Language Portfolio'!A:B,2,0) -> Roof hooks | E38: =VLOOKUP(B38,'Language Portfolio'!A:K,11,0) -> Alu-Tile | F38: {=_xlfn.XLOOKUP(B38,'Query Daten'!A:A,'Query Daten'!D:E,"",0)} -> 0.495 | G38: KG | H38: {=_xlfn.XLOOKUP(B38,'Query Daten'!A:A,'Query Daten'!F:K,"",0)} -> 439 | I38: MM | J38: 322 | K38: MM | L38: 93 | M38: MM | N38: =IFERROR(VLOOKUP(B38,Basis_Preisliste!B:H,7,0),"") -> 10 | O38: =IFERROR(VLOOKUP(B38,'Query Daten'!A:R,16,0),"") -> ST | P38: =IFERROR(F38*N38,"") -> 4.95 | Q38: =G38 -> KG | R38: =IFERROR(VLOOKUP(B38,MLGN!A:J,8,0),"") -> 250 | S38: =IFERROR(VLOOKUP(B38,'Query Daten'!A:R,16,0),"") -> ST | T38: =IFERROR(F38*R38,"") -> 123.75 | U38: =G38 -> KG | V38: =_xlfn.XLOOKUP(B38,'Query Daten'!A:A,'Query Daten'!Q:Q,"",0) -> 76109090 | W38: =IFERROR(VLOOKUP(B38,'Language Articles'!A:K,11,0),"") -> Replaces a complete roof tile. Please order roof hook set separately. Especially for areas with high snow loads. System hook and sheet metal replacement tile in aluminum, screw seal EPDM, load support in plastic with stainless steel screw A2. | Y38: TRUE | Z38: =#REF!<>$Z$1 -> #REF! | AA38: =ROW(A38) -> 38 | AB38: =AA38/Z38 -> #REF! | AC38: =_xlfn.AGGREGATE(15,6,$AB$7:$AB$681,ROW(A30)) -> #NUM!
B39: 103005-007 | C39: =VLOOKUP(B39,'Language Articles'!A:B,2,FALSE) -> Alu-Tile BEZ f. Erlus Großfalzziegel | D39: =VLOOKUP(B39,'Language Portfolio'!A:B,2,0) -> Roof hooks | E39: =VLOOKUP(B39,'Language Portfolio'!A:K,11,0) -> Alu-Tile | F39: {=_xlfn.XLOOKUP(B39,'Query Daten'!A:A,'Query Daten'!D:E,"",0)} -> 0.422 | G39: KG | H39: {=_xlfn.XLOOKUP(B39,'Query Daten'!A:A,'Query Daten'!F:K,"",0)} -> 425 | I39: MM | J39: 253 | K39: MM | L39: 132 | M39: MM | N39: =IFERROR(VLOOKUP(B39,Basis_Preisliste!B:H,7,0),"") -> 10 | O39: =IFERROR(VLOOKUP(B39,'Query Daten'!A:R,16,0),"") -> ST | P39: =IFERROR(F39*N39,"") -> 4.22 | Q39: =G39 -> KG | R39: =IFERROR(VLOOKUP(B39,MLGN!A:J,8,0),"") -> 250 | S39: =IFERROR(VLOOKUP(B39,'Query Daten'!A:R,16,0),"") -> ST | T39: =IFERROR(F39*R39,"") -> 105.5 | U39: =G39 -> KG | V39: =_xlfn.XLOOKUP(B39,'Query Daten'!A:A,'Query Daten'!Q:Q,"",0) -> 76109090 | W39: =IFERROR(VLOOKUP(B39,'Language Articles'!A:K,11,0),"") -> Replaces a complete roof tile. Please order roof hook set separately. Especially for areas with high snow loads. System hook and sheet metal replacement tile in aluminum, screw seal EPDM, load support in plastic with stainless steel screw A2. | Y39: TRUE | Z39: =#REF!<>$Z$1 -> #REF! | AA39: =ROW(A39) -> 39 | AB39: =AA39/Z39 -> #REF! | AC39: =_xlfn.AGGREGATE(15,6,$AB$7:$AB$681,ROW(A31)) -> #NUM!
